Workbook
Name \I: #REF!
Name \S: [1]COMPOS1!#REF!
Name _: [2]PROJETO!#REF!
Name _\: #REF!
Name _\1: #REF!
Name _\11: #REF!
Name _\a: #REF!
Name _\b: #REF!
Name _\c: #REF!
Name _\F: #REF!
Name _\fagf: #REF!
Name _\I: #REF!
Name _\p: #REF!
Name _\R: #REF!
Name _\S: #REF!
Name _\w: #REF!
Name _\z: #REF!
Name _\ZACVDERVREW: #N/A
Name __\1: #REF!
Name __\11: #REF!
Name __\a: #REF!
Name __\b: #REF!
Name __\c: #REF!
Name __\F: #REF!
Name __\fagf: #REF!
Name __\I: #REF!
Name __\p: #REF!
Name __\R: #REF!
Name __\S: #REF!
Name __\w: #REF!
Name ___\1: #REF!
Name ___\11: #REF!
Name ___\a: #REF!
Name ___\b: #REF!
Name ___\c: #REF!
Name ___\fagf: #REF!
Name ___\I: #REF!
Name ___\p: #REF!
Name ___\S: #REF!
Name ___\w: #REF!
Name ____\I: #REF!
Name ____\S: #REF!
Name _________________________________CC709: Plan1
Name _________________________________CC709: Plan1
Name _________________________________CC709: Plan1
Name _________________________________CC709: Plan1
Name _________________________________CC709: Plan1
Name _________________________________CC709: Plan1
Name _________________________________CC709: [0]!Plan1
Name _________________________________CC709: [0]!Plan1
Name _________________________________CC709: Plan1
Name _____________________________PL1: #REF!
Name _____________________________PL1: #REF!
Name _____________________________PL1: #REF!
Name ____________________________CC709: #REF!
Name ____________________________CC709: #REF!
Name ____________________________CC709: #REF!
Name ____________________________CC709: #REF!
Name ____________________________CC709: [3]!Plan1
Name ____________________________CC709: #REF!

Sheet RESUMO_ONERADO
A1: DISCRIMINAÇÃO | D1: DATA BASE: JULHO/2025 - PE
A2: (sub total dos itens do Quadro de Quantidades)
A4: ITEM | C4: Valor em R$ | D4: %
A5: ='P.O. ONERADO'!A14 -> 1.0 | B5: =VLOOKUP(A5,'P.O. ONERADO'!A:K,3,FALSE) -> ADMINISTRAÇÃO LOCAL DA OBRA | C5: =VLOOKUP(A5,'P.O. ONERADO'!A:K,11,FALSE) -> 655352.71 | D5: =C5/$C$27 -> 0.066256188
A7: ='P.O. ONERADO'!A16 -> 2.0 | B7: =VLOOKUP(A7,'P.O. ONERADO'!A:K,3,FALSE) -> CANTEIRO DE OBRAS | C7: =VLOOKUP(A7,'P.O. ONERADO'!A:K,11,FALSE) -> 1223236 | D7: =C7/$C$27 -> 0.12366921
A9: ='P.O. ONERADO'!A18 -> 3.0 | B9: =VLOOKUP(A9,'P.O. ONERADO'!A:K,3,FALSE) -> MOBILIZAÇÃO E DESMOBILIZAÇÃO | C9: =VLOOKUP(A9,'P.O. ONERADO'!A:K,11,FALSE) -> 69945.65 | D9: =C9/$C$27 -> 0.0070715083
A11: ='P.O. ONERADO'!A20 -> 4.0 | B11: =VLOOKUP(A11,'P.O. ONERADO'!A:K,3,FALSE) -> TERRAPLENAGEM | C11: =VLOOKUP(A11,'P.O. ONERADO'!A:K,11,FALSE) -> 2602426.3 | D11: =C11/$C$27 -> 0.26310542
A13: 5.0 | B13: =VLOOKUP(A13,'P.O. ONERADO'!A:K,3,FALSE) -> DRENAGEM | C13: =VLOOKUP(A13,'P.O. ONERADO'!A:K,11,FALSE) -> 607426.93 | D13: =C13/$C$27 -> 0.061410889
A15: 6.0 | B15: =VLOOKUP(A15,'P.O. ONERADO'!A:K,3,FALSE) -> PAVIMENTAÇÃO | C15: =VLOOKUP(A15,'P.O. ONERADO'!A:K,11,FALSE) -> 624569.79 | D15: =C15/$C$27 -> 0.063144033
A17: 7.0 | B17: =VLOOKUP(A17,'P.O. ONERADO'!A:K,3,FALSE) -> ESTRUTURA DE CONTENÇÃO | C17: =VLOOKUP(A17,'P.O. ONERADO'!A:K,11,FALSE) -> 2285332.6 | D17: =C17/$C$27 -> 0.23104722
A19: 8.0 | B19: =VLOOKUP(A19,'P.O. ONERADO'!A:K,3,FALSE) -> SINALIZAÇÃO | C19: =VLOOKUP(A19,'P.O. ONERADO'!A:K,11,FALSE) -> 623062.61 | D19: =C19/$C$27 -> 0.062991657
A21: 9.0 | B21: =VLOOKUP(A21,'P.O. ONERADO'!A:K,3,FALSE) -> OBRAS COMPLEMENTARES | C21: =VLOOKUP(A21,'P.O. ONERADO'!A:K,11,FALSE) -> 561010.43 | D21: =C21/$C$27 -> 0.056718179
A23: 10.0 | B23: =VLOOKUP(A23,'P.O. ONERADO'!A:K,3,FALSE) -> ILUMINAÇÃO PÚBLICA | C23: =VLOOKUP(A23,'P.O. ONERADO'!A:K,11,FALSE) -> 373448.3 | D23: =C23/$C$27 -> 0.037755639
A25: 11.0 | B25: =VLOOKUP(A25,'P.O. ONERADO'!A:K,3,FALSE) -> SINALIZAÇÃO DE OBRA | C25: =VLOOKUP(A25,'P.O. ONERADO'!A:K,11,FALSE) -> 265381.24 | D25: =C25/$C$27 -> 0.026830055
B27: TOTAL DA OBRA | C27: =SUM(C5:C26) -> 9891192.6 | D27: =SUM(C5:C26)/C27 -> 1 | F27: 9904377.2 | G27: =F27-C27 -> 13184.6
A29: NOME DA EMPRESA: JBR ENGENHARIA LTDA
A30: ='P.O. ONERADO'!A5 -> OBRA: RAMO DE EMERGÊNCIA - ÁREA DE ESCAPE
A31: TRECHO: Km 60 ao 63 da Rodovia BR-232 | F31: =C27-9891183.79 -> 8.77
A33: RESUMO DE PREÇOS - ONERADO | D33: QD - 4.1
C40: 67056537
C41: =C40-C27 -> 57165345
C42: =C41/C27 -> 5.7794188

Sheet P.O. ONERADO
B2: PROJETO PARA IMPLANTAÇÃO DE RAMO DE EMERGÊNCIA (AREA DE ESCAPE) NA RODOVIA BR 232, ENTRE OS KM 60 E 63
I4: DATA BASE: | K4: 45839
A5: OBRA: RAMO DE EMERGÊNCIA - ÁREA DE ESCAPE | I5: TRIBUTAÇÃO: | K5: ONERADO
A6: RODOVIA: BR-232 | I6: BDI SERVIÇOS: | K6: 0.2123
A7: TRECHO: KM 60 AO 63 | I7: BDI DIFERENCIADO: | K7: 0.15
N8: BÁSICO E EXECUTIVO DE ENGENHARIA PARA REJUVENESCIMENTO DA PISTA EXISTENTE, DUPLICAÇÃO E PAVIMENTAÇÃO DA RODOVIA PE-095
A9: DEMONSTRATIVO DO ORÇAMENTO
A11: ITEM | B11: CÓDIGO | C11: DESCRIÇÃO | D11: ESPECIFICAÇÃO | E11: UND | F11: QUANT. | G11: PREÇOS $
G12: CUSTO UNITÁRIO (R$) | H12: BDI (%) | I12: PREÇO UNITÁRIO (R$) | J12: CUSTO TOTAL S/ BDI (R$) | K12: PREÇO TOTAL (R$)
A14: 1.0 | C14: ADMINISTRAÇÃO LOCAL DA OBRA | K14: =SUBTOTAL(9,K15) -> 655352.71
A15: 1.1 | B15: CPUADM01 | C15: Custo da Administração Local da Obra | D15: - | E15: un | F15: 1 | G15: 540586.25 | H15: =$K$6 -> 0.2123 | I15: =ROUND(((H15+1)*G15),2) -> 655352.71 | J15: =TRUNC((G15*F15),2) -> 540586.25 | K15: =TRUNC((I15*F15),2) -> 655352.71 | L15: =K15/$K$167 -> 0.066256188
A16: 2.0 | C16: CANTEIRO DE OBRAS | K16: =SUBTOTAL(9,K17:K17) -> 1223236
A17: 2.1 | B17: CPUCAN01 | C17: Custo de instalação do Canteiro de Obras | D17: - | E17: un | F17: 1 | G17: 1009020.9 | H17: =$K$6 -> 0.2123 | I17: =ROUND(((H17+1)*G17),2) -> 1223236 | J17: =TRUNC((G17*F17),2) -> 1009020.9 | K17: =TRUNC((I17*F17),2) -> 1223236 | L17: =K17/$K$167 -> 0.12366921
A18: 3.0 | C18: MOBILIZAÇÃO E DESMOBILIZAÇÃO | K18: =SUBTOTAL(9,K19) -> 69945.65
A19: 3.1 | B19: CPUMOB01 | C19: Custo da Mobilização e Desmobilização | D19: - | E19: un | F19: 1 | G19: 57696.65 | H19: =$K$6 -> 0.2123 | I19: =ROUND(((H19+1)*G19),2) -> 69945.65 | J19: =TRUNC((G19*F19),2) -> 57696.65 | K19: =TRUNC((I19*F19),2) -> 69945.65 | L19: =K19/$K$167 -> 0.0070715083
A20: 4.0 | C20: TERRAPLENAGEM | K20: =SUBTOTAL(9,K21:K35) -> 2602426.3
A21: 4.1 | B21: 5501710 | C21: Escavação, carga e transporte em material de 1ª categoria - DMT de 50 m | D21: DNIT 106/2009 | E21: m³ | F21: 1564.06 | G21: 3.72 | H21: =$K$6 -> 0.2123 | I21: =ROUND(((H21+1)*G21),2) -> 4.51 | J21: =TRUNC((G21*F21),2) -> 5818.3 | K21: =TRUNC((I21*F21),2) -> 7053.91
A22: 4.2 | B22: 5502109 | C22: Escavação, carga e transporte de material de 1ª categoria - DMT de 50 a 200 m - caminho de serviço em leito natural - com escavadeira e caminhão basculante de 14 m³ | D22: DNIT 106/2009 | E22: m³ | F22: 586.88 | G22: 6.31 | H22: =$K$6 -> 0.2123 | I22: =ROUND(((H22+1)*G22),2) -> 7.65 | J22: =TRUNC((G22*F22),2) -> 3703.21 | K22: =TRUNC((I22*F22),2) -> 4489.63
A23: 4.3 | B23: 5502110 | C23: Escavação, carga e transporte de material de 1ª categoria - DMT de 200 a 400 m - caminho de serviço em leito natural - com escavadeira e caminhão basculante de 14 m³ | D23: DNIT 106/2009 | E23: m³ | F23: 1214.67 | G23: 6.74 | H23: =$K$6 -> 0.2123 | I23: =ROUND(((H23+1)*G23),2) -> 8.17 | J23: =TRUNC((G23*F23),2) -> 8186.87 | K23: =TRUNC((I23*F23),2) -> 9923.85
A24: 4.4 | B24: CPUTER01 | C24: Escavação, carga e transporte de material de 1ª categoria na distância de 21.62 km - caminho de serviço pavimentado - com carregadeira e caminhão basculante de 14 m³ | D24: DNIT 107/2009 | E24: m³ | F24: 1608.48 | G24: 28.63 | H24: =$K$6 -> 0.2123 | I24: =ROUND(((H24+1)*G24),2) -> 34.71 | J24: =TRUNC((G24*F24),2) -> 46050.78 | K24: =TRUNC((I24*F24),2) -> 55830.34 | L24: 65.3
A25: 4.5 | B25: 5502585 | C25: Escavação, carga e transporte de material de 2ª categoria - DMT de 50 a 200 m - caminho de serviço em leito natural - com escavadeira e caminhão basculante de 14 m³ | D25: DNIT 106/2009 | E25: m³ | F25: 734.04 | G25: 8.89 | H25: =$K$6 -> 0.2123 | I25: =ROUND(((H25+1)*G25),2) -> 10.78 | J25: =TRUNC((G25*F25),2) -> 6525.61 | K25: =TRUNC((I25*F25),2) -> 7912.95
A26: 4.6 | B26: 5502586 | C26: Escavação, carga e transporte de material de 2ª categoria - DMT de 200 a 400 m - caminho de serviço em leito natural - com escavadeira e caminhão basculante de 14 m³ | D26: DNIT 106/2009 | E26: m³ | F26: 1206.38 | G26: 9.39 | H26: =$K$6 -> 0.2123 | I26: =ROUND(((H26+1)*G26),2) -> 11.38 | J26: =TRUNC((G26*F26),2) -> 11327.9 | K26: =TRUNC((I26*F26),2) -> 13728.6
A27: 4.7 | B27: CPUTER02 | C27: Escavação, carga e transporte de material de 2ª categoria na distância de 65.82 km - caminho de serviço pavimentado - com carregadeira e caminhão basculante de 14 m³ | D27: DNIT 106/2009 DNIT 107/2009 | E27: m³ | F27: 852.77 | G27: 76.6 | H27: =$K$6 -> 0.2123 | I27: =ROUND(((H27+1)*G27),2) -> 92.86 | J27: =TRUNC((G27*F27),2) -> 65322.18 | K27: =TRUNC((I27*F27),2) -> 79188.22 | L27: 65.82
A28: 4.8 | B28: 5505766 | C28: Desmonte de material de 3ª categoria a frio com argamassa expansiva a céu aberto | D28: DNIT 106/2009 | E28: m³ | F28: 2411.26 | G28: 389.49 | H28: =$K$6 -> 0.2123 | I28: =ROUND(((H28+1)*G28),2) -> 472.18 | J28: =TRUNC((G28*F28),2) -> 939161.65 | K28: =TRUNC((I28*F28),2) -> 1138548.7
A29: 4.9 | B29: CPUTER03 | C29: Carga e transporte de material proveniente do desmonte de rocha na distância de 65.64 km - com caminhão basculante de 12m³ | D29: DNIT 106/2009 | E29: m³ | F29: 2411.26 | G29: 156.56 | H29: =$K$6 -> 0.2123 | I29: =ROUND(((H29+1)*G29),2) -> 189.8 | J29: =TRUNC((G29*F29),2) -> 377506.86 | K29: =TRUNC((I29*F29),2) -> 457657.14 | L29: 65.3
A30: 4.10 | B30: 5503041 | C30: Compactação de aterros a 100% do Proctor intermediário | D30: DNIT 108/2009-ES | E30: m³ | F30: 210 | G30: 6.48 | H30: =$K$6 -> 0.2123 | I30: =ROUND(((H30+1)*G30),2) -> 7.86 | J30: =TRUNC((G30*F30),2) -> 1360.8 | K30: =TRUNC((I30*F30),2) -> 1650.6
A31: 4.11 | B31: 5502978 | C31: Compactação de aterros a 100% do Proctor normal | D31: DNIT 108/2009-ES | E31: m³ | F31: 4724.28 | G31: 5.6 | H31: =$K$6 -> 0.2123 | I31: =ROUND(((H31+1)*G31),2) -> 6.79 | J31: =TRUNC((G31*F31),2) -> 26455.96 | K31: =TRUNC((I31*F31),2) -> 32077.86
A32: 4.12 | B32: CPUTER04 | C32: Colchão de Areia para rebaixo em rocha | D32: EC-TER-01 | E32: m³ | F32: 986.8 | G32: 205.48 | H32: =$K$6 -> 0.2123 | I32: =ROUND(((H32+1)*G32),2) -> 249.1 | J32: =TRUNC((G32*F32),2) -> 202767.66 | K32: =TRUNC((I32*F32),2) -> 245811.88
A33: 4.13 | B33: 5501700 | C33: Desmatamento, destocamento e limpeza de área com árvores de diâmetro até 0,15 m | D33: DNIT 104/2009-ES | E33: m² | F33: 6710 | G33: 0.7 | H33: =$K$6 -> 0.2123 | I33: =ROUND(((H33+1)*G33),2) -> 0.85 | J33: =TRUNC((G33*F33),2) -> 4697 | K33: =TRUNC((I33*F33),2) -> 5703.5
A34: 4.14 | B34: CPUTER05 | C34: Carga e transporte de expurgo proveniente de limpeza da área de intervenção na distância de 65.58 km - com caminhão basculante de 12m³ | D34: DNIT 106/2009 | E34: m³ | F34: 1006.5 | G34: 73.46 | H34: =$K$6 -> 0.2123 | I34: =ROUND(((H34+1)*G34),2) -> 89.06 | J34: =TRUNC((G34*F34),2) -> 73937.49 | K34: =TRUNC((I34*F34),2) -> 89638.89
A35: 4.15 | B35: CPUAMB02 | C35: Pagamento do descarrego de materiais em aterro licenciado (Solo ou Mat. Granular) | D35: EC-OC-01 | E35: t | F35: 10006.85 | G35: 39.38 | H35: =$K$7 -> 0.15 | I35: =ROUND(((H35+1)*G35),2) -> 45.29 | J35: =TRUNC((G35*F35),2) -> 394069.75 | K35: =TRUNC((I35*F35),2) -> 453210.23
A36: 5.0 | C36: DRENAGEM | K36: =SUBTOTAL(9,K37:K68) -> 607426.93
A37: 5.1 | C37: DRENAGEM SUPERFICIAL | K37: =SUBTOTAL(9,K38:K46) -> 193123.69
A38: 5.1.1 | B38: 2003309 | C38: Valeta de proteção de cortes com revestimento de concreto - VPCC 120-30 - escavação mecânica - areia e brita comerciais | D38: DNIT 018/2023-ES | E38: m | F38: 231.93 | G38: 99.59 | H38: =$K$6 -> 0.2123 | I38: =ROUND(((H38+1)*G38),2) -> 120.73 | J38: =TRUNC((G38*F38),2) -> 23097.9 | K38: =TRUNC((I38*F38),2) -> 28000.9
A39: 5.1.2 | B39: 2003315 | C39: Valeta de proteção de aterros com revestimento de concreto - VPAC 120-30 - escavação mecânica - areia e brita comerciais | D39: DNIT 018/2023-ES | E39: m | F39: 801.52 | G39: 99.59 | H39: =$K$6 -> 0.2123 | I39: =ROUND(((H39+1)*G39),2) -> 120.73 | J39: =TRUNC((G39*F39),2) -> 79823.37 | K39: =TRUNC((I39*F39),2) -> 96767.5
A40: 5.1.3 | B40: 2003269 | C40: Sarjeta triangular de concreto - STC 73-15 - escavação mecânica - areia e brita comerciais | D40: DNIT 018/2023-ES | E40: m | F40: 214.9 | G40: 45.42 | H40: =$K$6 -> 0.2123 | I40: =ROUND(((H40+1)*G40),2) -> 55.06 | J40: =TRUNC((G40*F40),2) -> 9760.75 | K40: =TRUNC((I40*F40),2) -> 11832.39
A41: 5.1.4 | B41: 2003127 | C41: Entrada para descida d'água - EDA 07 A - areia e brita comerciais | D41: DNIT 018/2023-ES | E41: un | F41: 2 | G41: 845.11 | H41: =$K$6 -> 0.2123 | I41: =ROUND(((H41+1)*G41),2) -> 1024.53 | J41: =TRUNC((G41*F41),2) -> 1690.22 | K41: =TRUNC((I41*F41),2) -> 2049.06
A42: 5.1.5 | B42: 2003147 | C42: Entrada para descida d'água - EDA 07 B - areia e brita comerciais | D42: DNIT 021/2023-ES | E42: un | F42: 3 | G42: 1157.07 | H42: =$K$6 -> 0.2123 | I42: =ROUND(((H42+1)*G42),2) -> 1402.72 | J42: =TRUNC((G42*F42),2) -> 3471.21 | K42: =TRUNC((I42*F42),2) -> 4208.16
A43: 5.1.6 | B43: 2003393 | C43: Descida d'água de aterros tipo rápido - DAR 60-30 - areia e brita comerciais | D43: DNIT 021/2023-ES | E43: m | F43: 23.85 | G43: 371.19 | H43: =$K$6 -> 0.2123 | I43: =ROUND(((H43+1)*G43),2) -> 449.99 | J43: =TRUNC((G43*F43),2) -> 8852.88 | K43: =TRUNC((I43*F43),2) -> 10732.26
A44: 5.1.7 | B44: 2003173 | C44: Descida d'água de cortes em degraus - DCD 100-50 - areia e brita comerciais | D44: DNIT 021/2023-ES | E44: m | F44: 18.6 | G44: 892.77 | H44: =$K$6 -> 0.2123 | I44: =ROUND(((H44+1)*G44),2) -> 1082.31 | J44: =TRUNC((G44*F44),2) -> 16605.52 | K44: =TRUNC((I44*F44),2) -> 20130.96
A45: 5.1.8 | B45: 2003175 | C45: Dissipador de energia - DED 01 A - areia, brita e pedra de mão comerciais | D45: DNIT 022/2023-ES | E45: un | F45: 1 | G45: 690.92 | H45: =$K$6 -> 0.2123 | I45: =ROUND(((H45+1)*G45),2) -> 837.6 | J45: =TRUNC((G45*F45),2) -> 690.92 | K45: =TRUNC((I45*F45),2) -> 837.6
A46: 5.1.9 | B46: 2003925 | C46: Dreno subsuperficial - DSS 04 - tubo de concreto perfurado e brita comercial | D46: DNIT 015/2006-ES | E46: m | F46: 208.43 | G46: 73.47 | H46: =$K$6 -> 0.2123 | I46: =ROUND(((H46+1)*G46),2) -> 89.07 | J46: =TRUNC((G46*F46),2) -> 15313.35 | K46: =TRUNC((I46*F46),2) -> 18564.86
A47: 5.2 | C47: DRENAGEM PROFUNDA | K47: =SUBTOTAL(9,K48:K48) -> 88655.17
A48: 5.2.1 | B48: 2003591 | C48: Dreno longitudinal profundo para corte em rocha - DPR 02 - tubo PEAD e brita comercial | D48: DNIT 015/2006-ES | E48: m | F48: 524.68 | G48: 139.38 | H48: =$K$6 -> 0.2123 | I48: =ROUND(((H48+1)*G48),2) -> 168.97 | J48: =TRUNC((G48*F48),2) -> 73129.89 | K48: =TRUNC((I48*F48),2) -> 88655.17
A49: 5.3 | C49: OBRAS DE ARTE CORRENTES | K49: =SUBTOTAL(9,K50:K68) -> 325648.07
A50: 5.3.1 | B50: 1600436 | C50: Demolição manual de concreto simples | D50: DNIT 027/2004-ES | E50: m³ | F50: 1.47 | G50: 555.25 | H50: =$K$6 -> 0.2123 | I50: =ROUND(((H50+1)*G50),2) -> 673.13 | J50: =TRUNC((G50*F50),2) -> 816.21 | K50: =TRUNC((I50*F50),2) -> 989.5
A51: 5.3.2 | B51: 1600404 | C51: Remoção de tubos de concreto com diâmetro de 0,40 m a 1,00 m em valas e bueiros | D51: EC-DRE-01 | E51: m | F51: 5 | G51: 10.22 | H51: =$K$6 -> 0.2123 | I51: =ROUND(((H51+1)*G51),2) -> 12.39 | J51: =TRUNC((G51*F51),2) -> 51.1 | K51: =TRUNC((I51*F51),2) -> 61.95
A52: 5.3.3 | B52: CPUAMB03 | C52: Pagamento de depósito de material em aterro licenciado (Metralha) | D52: EC-OC-01 | E52: t | F52: 235.78 | G52: 21.66 | H52: =$K$7 -> 0.15 | I52: =ROUND(((H52+1)*G52),2) -> 24.91 | J52: =TRUNC((G52*F52),2) -> 5106.99 | K52: =TRUNC((I52*F52),2) -> 5873.27
A53: 5.3.4 | B53: 4915712 | C53: Limpeza de bueiro | D53: DNIT 028/2004-ES | E53: m³ | F53: 13.57 | G53: 22.27 | H53: =$K$6 -> 0.2123 | I53: =ROUND(((H53+1)*G53),2) -> 27 | J53: =TRUNC((G53*F53),2) -> 302.2 | K53: =TRUNC((I53*F53),2) -> 366.39
A54: 5.3.5 | B54: 4915711 | C54: Limpeza de descida d'água | D54: DNIT 028/2004-ES | E54: m³ | F54: 18 | G54: 1.48 | H54: =$K$6 -> 0.2123 | I54: =ROUND(((H54+1)*G54),2) -> 1.79 | J54: =TRUNC((G54*F54),2) -> 26.64 | K54: =TRUNC((I54*F54),2) -> 32.22
A55: 5.3.6 | B55: CPUOAC06 | C55: Corpo de BSTC D = 1,00 m PA2 - areia, brita e pedra de mão comerciais | D55: DNIT 023/2006-ES | E55: m | F55: 82 | G55: 885.9 | H55: =$K$6 -> 0.2123 | I55: =ROUND(((H55+1)*G55),2) -> 1073.98 | J55: =TRUNC((G55*F55),2) -> 72643.8 | K55: =TRUNC((I55*F55),2) -> 88066.36
A56: 5.3.7 | B56: CPUOAC01 | C56: Boca BNAA 03, Adaptávem em BSTC D = 1,00 m - esconsidade 0° - areia e brita comerciais - alas esconsas | D56: DNIT 023/2006-ES | E56: un | F56: 2 | G56: 4577.06 | H56: =$K$6 -> 0.2123 | I56: =ROUND(((H56+1)*G56),2) -> 5548.77 | J56: =TRUNC((G56*F56),2) -> 9154.12 | K56: =TRUNC((I56*F56),2) -> 11097.54
A57: 5.3.8 | B57: CPUOAC02 | C57: Caixa coletora de talvegue com grelha de concreto - CCT 300-100 A | D57: DNIT 026/2004-ES | E57: un | F57: 6 | G57: 6789.79 | H57: =$K$6 -> 0.2123 | I57: =ROUND(((H57+1)*G57),2) -> 8231.26 | J57: =TRUNC((G57*F57),2) -> 40738.74 | K57: =TRUNC((I57*F57),2) -> 49387.56
A58: 5.3.9 | B58: CPUOAC03 | C58: Caixa coletora de talvegue com grelha de concreto - CCT 350-100 A | D58: DNIT 026/2004-ES | E58: un | F58: 1 | G58: 7749.34 | H58: =$K$6 -> 0.2123 | I58: =ROUND(((H58+1)*G58),2) -> 9394.52 | J58: =TRUNC((G58*F58),2) -> 7749.34 | K58: =TRUNC((I58*F58),2) -> 9394.52
A59: 5.3.10 | B59: CPUOAC04 | C59: Caixa coletora de talvegue com grelha de concreto - CCT 400-100 A | D59: DNIT 026/2004-ES | E59: un | F59: 2 | G59: 8759.46 | H59: =$K$6 -> 0.2123 | I59: =ROUND(((H59+1)*G59),2) -> 10619.09 | J59: =TRUNC((G59*F59),2) -> 17518.92 | K59: =TRUNC((I59*F59),2) -> 21238.18 | L59: =2.5479+0.0924 -> 2.6403
A60: 5.3.11 | B60: CPUOAC05 | C60: Caixa separadora de água e óleo | D60: DNIT 030/2004-ES | E60: un | F60: 1 | G60: 10373.07 | H60: =$K$6 -> 0.2123 | I60: =ROUND(((H60+1)*G60),2) -> 12575.27 | J60: =TRUNC((G60*F60),2) -> 10373.07 | K60: =TRUNC((I60*F60),2) -> 12575.27 | L60: =15.7152+159.6985 -> 175.4137
A61: 5.3.12 | B61: 2003457 | C61: Dissipador de energia - DEB 300-366 - areia, brita e pedra de mão comerciais | D61: DNIT 022/2023-ES | E61: un | F61: 1 | G61: 1823.15 | H61: =$K$6 -> 0.2123 | I61: =ROUND(((H61+1)*G61),2) -> 2210.2 | J61: =TRUNC((G61*F61),2) -> 1823.15 | K61: =TRUNC((I61*F61),2) -> 2210.2 | L61: =2.3+23.1327 -> 25.4327
A62: 5.3.13 | B62: 2003419 | C62: Descida d'água de aterros em degraus - DAD 170-35 - areia e brita comerciais | D62: DNIT 021/2023-ES | E62: m | F62: 57.54 | G62: 1066.17 | H62: =$K$6 -> 0.2123 | I62: =ROUND(((H62+1)*G62),2) -> 1292.52 | J62: =TRUNC((G62*F62),2) -> 61347.42 | K62: =TRUNC((I62*F62),2) -> 74371.6
A63: 5.3.14 | B63: 4805757 | C63: Escavação de vala em material de 3ª categoria | D63: DNIT 030/2004-ES | E63: m³ | F63: 295.2 | G63: 6.87 | H63: =$K$6 -> 0.2123 | I63: =ROUND(((H63+1)*G63),2) -> 8.33 | J63: =TRUNC((G63*F63),2) -> 2028.02 | K63: =TRUNC((I63*F63),2) -> 2459.01
A64: 5.3.15 | B64: 4815671 | C64: Reaterro e compactação com soquete vibratório | D64: DNIT 030/2004-ES | E64: m³ | F64: 230.8 | G64: 18.47 | H64: =$K$6 -> 0.2123 | I64: =ROUND(((H64+1)*G64),2) -> 22.39 | J64: =TRUNC((G64*F64),2) -> 4262.87 | K64: =TRUNC((I64*F64),2) -> 5167.61
A65: 5.3.16 | B65: 2106292 | C65: Escoramento contínuo de valas com tábuas de 2,5 x 30 cm e longarinas de 6 x 16 cm - estroncas a cada metro não incluídas - profundidade de até 4 m - madeira com utilização de 3 vezes - confecção, instalação e retirad | D65: EC-DRE-02 | E65: m³ | F65: 68.88 | G65: 164.12 | H65: =$K$6 -> 0.2123 | I65: =ROUND(((H65+1)*G65),2) -> 198.96 | J65: =TRUNC((G65*F65),2) -> 11304.58 | K65: =TRUNC((I65*F65),2) -> 13704.36
A66: 5.3.17 | B66: 2106295 | C66: Estroncas para valas com D = 15 cm - madeira com utilização de 3 vezes | D66: EC-DRE-02 | E66: m | F66: 49.81 | G66: 18.68 | H66: =$K$6 -> 0.2123 | I66: =ROUND(((H66+1)*G66),2) -> 22.65 | J66: =TRUNC((G66*F66),2) -> 930.45 | K66: =TRUNC((I66*F66),2) -> 1128.19
A67: 5.3.18 | B67: 5914353 | C67: Carga, manobra e descarga de agregados ou solos em caminhão basculante de 6 m³ - carga com escavadeira de 1,56 m³ (exclusa) e descarga livre | D67: DNIT 106/2009 | E67: t | F67: 379.73 | G67: 1.62 | H67: =$K$6 -> 0.2123 | I67: =ROUND(((H67+1)*G67),2) -> 1.96 | J67: =TRUNC((G67*F67),2) -> 615.16 | K67: =TRUNC((I67*F67),2) -> 744.27
A68: 5.3.19 | B68: 5914344 | C68: Transporte com caminhão basculante de 6 m³ - rodovia pavimentada | D68: EC-OC-01 | E68: tkm | F68: 24796.37 | G68: 0.89 | H68: =$K$6 -> 0.2123 | I68: =ROUND(((H68+1)*G68),2) -> 1.08 | J68: =TRUNC((G68*F68),2) -> 22068.76 | K68: =TRUNC((I68*F68),2) -> 26780.07
A69: 6.0 | C69: PAVIMENTAÇÃO | K69: =SUBTOTAL(9,K70:K82) -> 624569.79
A70: 6.1 | C70: FAIXAS DE ENTRADA, TRANSIÇÃO E SERVIÇO | K70: =SUBTOTAL(9,K71:K78) -> 618187.75
A71: 6.1.1 | B71: 4011209 | C71: Regularização do subleito - 100% Proctor intermediário | D71: DNIT 137/2010-ES | E71: m² | F71: 2392.5 | G71: 1.8 | H71: =$K$6 -> 0.2123 | I71: =ROUND(((H71+1)*G71),2) -> 2.18 | J71: =TRUNC((G71*F71),2) -> 4306.5 | K71: =TRUNC((I71*F71),2) -> 5215.65
A72: 6.1.2 | B72: CPUPAV05 | C72: Execução de base ou sub-base de brita graduada com brita comercial - 100% Proctor modificado - Exclusive aquisição da BGS | D72: EC-PAV-01 | E72: m³ | F72: 358.88 | G72: 17.83 | H72: =$K$6 -> 0.2123 | I72: =ROUND(((H72+1)*G72),2) -> 21.62 | J72: =TRUNC((G72*F72),2) -> 6398.83 | K72: =TRUNC((I72*F72),2) -> 7758.98
A73: 6.1.3 | B73: CPUPAV07 | C73: Aquisição de brita graduada simples | D73: EC-PAV-01 | E73: m³ | F73: =F72 -> 358.88 | G73: 97.47 | H73: =$K$7 -> 0.15 | I73: =ROUND(((H73+1)*G73),2) -> 112.09 | J73: =TRUNC((G73*F73),2) -> 34980.03 | K73: =TRUNC((I73*F73),2) -> 40226.85
A74: 6.1.4 | B74: CPUPAV06 | C74: Sub-base de concreto adensado por vibração - areia e brita comerciais | D74: DNIT 065/2004-ES | E74: m³ | F74: 239.25 | G74: 491.63 | H74: =$K$6 -> 0.2123 | I74: =ROUND(((H74+1)*G74),2) -> 596 | J74: =TRUNC((G74*F74),2) -> 117622.47 | K74: =TRUNC((I74*F74),2) -> 142593
A75: 6.1.5 | B75: 407818 | C75: Armação em aço CA-25 - fornecimento, preparo e colocação | D75: DNIT 118/2009-ES | E75: kg | F75: 3309.6 | G75: 12.37 | H75: =$K$6 -> 0.2123 | I75: =ROUND(((H75+1)*G75),2) -> 15 | J75: =TRUNC((G75*F75),2) -> 40939.75 | K75: =TRUNC((I75*F75),2) -> 49644
A76: 6.1.6 | B76: CPUPAV11 | C76: Pavimento de concreto com equipamento de pequeno porte - areia e brita comerciais | D76: DNIT 047/2004-ES | E76: m³ | F76: 526.35 | G76: 58.95 | H76: =$K$6 -> 0.2123 | I76: =ROUND(((H76+1)*G76),2) -> 71.47 | J76: =TRUNC((G76*F76),2) -> 31028.33 | K76: =TRUNC((I76*F76),2) -> 37618.23
A77: 6.1.7 | B77: CPUEST04 | C77: Aquisição de concreto para bombeamaento fck = 35mpa - massa comercial | D77: DNIT 047/2004-ES | E77: m³ | F77: 526.35 | G77: 538.4 | H77: =$K$7 -> 0.15 | I77: =ROUND(((H77+1)*G77),2) -> 619.16 | J77: =TRUNC((G77*F77),2) -> 283386.84 | K77: =TRUNC((I77*F77),2) -> 325894.86 | L77: 343548.64 | M77: =L77-K77 -> 17653.78
A78: 6.1.8 | B78: 4011537 | C78: Serragem de juntas em pavimento de concreto, limpeza e enchimento com selante a frio | D78: DNIT 047/2004-ES | E78: m | F78: 373.33 | G78: 20.41 | H78: =$K$6 -> 0.2123 | I78: =ROUND(((H78+1)*G78),2) -> 24.74 | J78: =TRUNC((G78*F78),2) -> 7619.66 | K78: =TRUNC((I78*F78),2) -> 9236.18
A79: 6.2 | C79: AQUISIÇÃO DE MATERIAL BETUMINOSO | K79: =SUBTOTAL(9,K80:K80) -> 5358.42
A80: 6.2.1 | B80: CPUPAV01 | C80: Aquisição de material betuminoso - Emulsão Asfáltica RM-1C | D80: DNIT 065/2004-ES | E80: t | F80: =ROUND(0.00575*$F$74,2) -> 1.38 | G80: 3376.45 | H80: =$K$7 -> 0.15 | I80: =ROUND(((H80+1)*G80),2) -> 3882.92 | J80: =TRUNC((G80*F80),2) -> 4659.5 | K80: =TRUNC((I80*F80),2) -> 5358.42
A81: 6.3 | C81: TRANSPORTE DE MATERIAL BETUMINOSO | K81: =SUBTOTAL(9,K82:K82) -> 1023.62
A82: 6.3.1 | B82: CPUPAV02 | C82: Transporte de material betuminoso - Emulsão Asfáltica RM-1C | D82: DNIT 065/2004-ES | E82: t | F82: =F80 -> 1.38 | G82: 645.01 | H82: =$K$7 -> 0.15 | I82: =ROUND(((H82+1)*G82),2) -> 741.76 | J82: =TRUNC((G82*F82),2) -> 890.11 | K82: =TRUNC((I82*F82),2) -> 1023.62
A83: 7.0 | C83: ESTRUTURA DE CONTENÇÃO | K83: =SUBTOTAL(9,K84:K99) -> 2285332.6
A84: 7.1 | B84: 3108000 | C84: Fôrmas de compensado resinado 12 mm - uso geral - utilização de 2 vezes - confecção, instalação e retirada | D84: DNIT 120/2009-ES | E84: m² | F84: 2748.21 | G84: 104.25 | H84: =$K$6 -> 0.2123 | I84: =ROUND(((H84+1)*G84),2) -> 126.38 | J84: =TRUNC((G84*F84),2) -> 286500.89 | K84: =TRUNC((I84*F84),2) -> 347318.77
A85: 7.2 | B85: 0407819 | C85: Armação em aço CA-50 - fornecimento, preparo e colocação | D85: DNIT 118/2009-ES | E85: kg | F85: 33146 | G85: 12.85 | H85: =$K$6 -> 0.2123 | I85: =ROUND(((H85+1)*G85),2) -> 15.58 | J85: =TRUNC((G85*F85),2) -> 425926.1 | K85: =TRUNC((I85*F85),2) -> 516414.68
A86: 7.3 | B86: CPUEST01 | C86: Concreto para bombeamento fck = 30 MPa - massa comercial | D86: DNIT 117/2009-ES | E86: m³ | F86: 399.1 | G86: 523.44 | H86: =$K$7 -> 0.15 | I86: =ROUND(((H86+1)*G86),2) -> 601.96 | J86: =TRUNC((G86*F86),2) -> 208904.9 | K86: =TRUNC((I86*F86),2) -> 240242.23 | L86: 253256.88 | M86: =L86-K86 -> 13014.65
A87: 7.4 | B87: 1106088 | C87: Lançamento mecânico de concreto com bomba rebocável com capacidade de 30 m³/h - confecção em central dosadora de 30 m³/h | D87: DNIT 117/2009-ES | E87: m³ | F87: 399.1 | G87: 68.31 | H87: =$K$6 -> 0.2123 | I87: =ROUND(((H87+1)*G87),2) -> 82.81 | J87: =TRUNC((G87*F87),2) -> 27262.52 | K87: =TRUNC((I87*F87),2) -> 33049.47 | M87: =M86+M77 -> 30668.43
A88: 7.5 | B88: 1107888 | C88: Concreto fck = 15 MPa - confecção em betoneira e lançamento manual - areia e brita comerciais | D88: DNIT 117/2009-ES | E88: m³ | F88: 46.95 | G88: 451.74 | H88: =$K$6 -> 0.2123 | I88: =ROUND(((H88+1)*G88),2) -> 547.64 | J88: =TRUNC((G88*F88),2) -> 21209.19 | K88: =TRUNC((I88*F88),2) -> 25711.69 | L88: 25711.7
A89: 7.6 | B89: 1100657 | C89: Adensamento de concreto por vibrador de imersão | D89: DNIT 117/2009-ES | E89: m³ | F89: =46.95+399.1 -> 446.05 | G89: 3.49 | H89: =$K$6 -> 0.2123 | I89: =ROUND(((H89+1)*G89),2) -> 4.23 | J89: =TRUNC((G89*F89),2) -> 1556.71 | K89: =TRUNC((I89*F89),2) -> 1886.79
A90: 7.7 | C90: PREENCHIMENTO DA CAIXA DE CINASITA | K90: =SUBTOTAL(9,K91:K99) -> 1120708.9
A91: 7.7.1 | B91: CPUPAV05 | C91: Execução de base ou sub-base de brita graduada com brita comercial - 100% Proctor modificado - Exclusive aquisição da BGS | D91: EC-PAV-01 | E91: m³ | F91: 108.75 | G91: 17.83 | H91: =$K$6 -> 0.2123 | I91: =ROUND(((H91+1)*G91),2) -> 21.62 | J91: =TRUNC((G91*F91),2) -> 1939.01 | K91: =TRUNC((I91*F91),2) -> 2351.17
A92: 7.7.2 | B92: CPUPAV07 | C92: Aquisição de brita graduada simples | D92: EC-PAV-01 | E92: m³ | F92: =F91 -> 108.75 | G92: 97.47 | H92: =$K$7 -> 0.15 | I92: =ROUND(((H92+1)*G92),2) -> 112.09 | J92: =TRUNC((G92*F92),2) -> 10599.86 | K92: =TRUNC((I92*F92),2) -> 12189.78
A93: 7.7.3 | B93: 4011282 | C93: Base ou sub-base de macadame hidráulico com brita comercial - 100% Proctor modificado | D93: DNIT 152/2010-ES | E93: m³ | F93: 217.5 | G93: 168.85 | H93: =$K$6 -> 0.2123 | I93: =ROUND(((H93+1)*G93),2) -> 204.7 | J93: =TRUNC((G93*F93),2) -> 36724.87 | K93: =TRUNC((I93*F93),2) -> 44522.25
A94: 7.7.4 | B94: 4011352 | C94: Imprimação com emulsão asfáltica | D94: DNIT 144/2014-ES | E94: m² | F94: =ROUND(F93/0.2,2) -> 1087.5 | G94: 0.69 | H94: =$K$6 -> 0.2123 | I94: =ROUND(((H94+1)*G94),2) -> 0.84 | J94: =TRUNC((G94*F94),2) -> 750.37 | K94: =TRUNC((I94*F94),2) -> 913.5
A95: 7.7.5 | B95: CPUEST02 | C95: Aquisisção de cinasita (argila expandida) - Faixa granulometrica 2215 | D95: - | E95: m³ | F95: 955.84 | G95: 949.84 | H95: =$K$7 -> 0.15 | I95: =ROUND(((H95+1)*G95),2) -> 1092.32 | J95: =TRUNC((G95*F95),2) -> 907895.06 | K95: =TRUNC((I95*F95),2) -> 1044083.1
A96: 7.7.6 | B96: CPUEST04 | C96: Transporte de Cinasita do canteiro até a Obra | D96: - | E96: tkm | F96: =ROUND(F95*0.5*(16),2) -> 7646.72 | G96: 0.82 | H96: =$K$6 -> 0.2123 | I96: =ROUND(((H96+1)*G96),2) -> 0.99 | J96: =TRUNC((G96*F96),2) -> 6270.31 | K96: =TRUNC((I96*F96),2) -> 7570.25
A97: 7.7.7 | B97: CPUEST03 | C97: Espalhamento manual de cinasita (argila expandida) - Faixa granulométrica 2215 | D97: - | E97: m³ | F97: =F95 -> 955.84 | G97: 3.11 | H97: =$K$6 -> 0.2123 | I97: =ROUND(((H97+1)*G97),2) -> 3.77 | J97: =TRUNC((G97*F97),2) -> 2972.66 | K97: =TRUNC((I97*F97),2) -> 3603.51
A98: 7.7.8 | B98: CPUPAV03 | C98: Aquisição de emulsão EAI para imprimação | D98: DNIT 144/2014-ES | E98: t | F98: 1.41 | G98: 2731.7 | H98: =$K$7 -> 0.15 | I98: =ROUND(((H98+1)*G98),2) -> 3141.46 | J98: =TRUNC((G98*F98),2) -> 3851.69 | K98: =TRUNC((I98*F98),2) -> 4429.45
A99: 7.7.9 | B99: CPUPAV04 | C99: Transporte de emulsão EAI para imprimação | D99: DNIT 144/2014-ES | E99: t | F99: 1.41 | G99: 645.01 | H99: =$K$7 -> 0.15 | I99: =ROUND(((H99+1)*G99),2) -> 741.76 | J99: =TRUNC((G99*F99),2) -> 909.46 | K99: =TRUNC((I99*F99),2) -> 1045.88
A100: 8.0 | C100: SINALIZAÇÃO | K100: =SUBTOTAL(9,K101:K121) -> 623062.61
A101: 8.1 | C101: SINALIZAÇÃO HORIZONTAL | K101: =SUBTOTAL(9,K102:K104) -> 146396.93
A102: 8.1.1 | B102: 5213408 | C102: Pintura de faixa com termoplástico por aspersão - ESPESSURA DE 1,5 MM | D102: DNIT 100/2018-ES | E102: m² | F102: 25.54 | G102: 49.05 | H102: =$K$6 -> 0.2123 | I102: =ROUND(((H102+1)*G102),2) -> 59.46 | J102: =TRUNC((G102*F102),2) -> 1252.73 | K102: =TRUNC((I102*F102),2) -> 1518.6
A103: 8.1.2 | B103: 5213409 | C103: Pintura de setas e zebrados com termoplástico por extrusão - Espessura de 3,0mm | D103: DNIT 100/2018-ES | E103: m² | F103: 1153.03 | G103: 97.64 | H103: =$K$6 -> 0.2123 | I103: =ROUND(((H103+1)*G103),2) -> 118.37 | J103: =TRUNC((G103*F103),2) -> 112581.84 | K103: =TRUNC((I103*F103),2) -> 136484.16
A104: 8.1.3 | B104: 5219615 | C104: Tacha refletiva em plástico injetado - Monodirecional tipo III - Com um pino - Fornecimento e colocação | D104: DNIT 100/2018-ES | E104: un | F104: 197 | G104: 35.15 | H104: =$K$6 -> 0.2123 | I104: =ROUND(((H104+1)*G104),2) -> 42.61 | J104: =TRUNC((G104*F104),2) -> 6924.55 | K104: =TRUNC((I104*F104),2) -> 8394.17
...

Sheet CRONOGRAMA ONE
C5: ='P.O. ONERADO'!B2 -> PROJETO PARA IMPLANTAÇÃO DE RAMO DE EMERGÊNCIA (AREA DE ESCAPE) NA RODOVIA BR 232, ENTRE OS KM 60 E 63
C7: RODOVIA: BR-232
C8: ='P.O. ONERADO'!A7 -> TRECHO: KM 60 AO 63
C9: CRONOGRAMA FÍSICO FINANCEIRO
C12: ATIVIDADES | F12: VALOR TOTAL | G12: MÊS | Q12: TOTAL
G13: 1 | H13: 2 | I13: 3 | J13: 4 | K13: 5 | L13: 6 | M13: 7 | N13: 8 | O13: 9 | P13: 10
C14: 1.0 | D14: =VLOOKUP(C14,'P.O. ONERADO'!A:K,3,FALSE) -> ADMINISTRAÇÃO LOCAL DA OBRA | F14: =VLOOKUP(C14,'P.O. ONERADO'!A:K,11,FALSE) -> 655352.71 | G14: =SUM(G19,G22,G25,G28,G31,G37,G40,G43,G46,G34)/SUM($F$17:$F$46) -> 0.081738673 | H14: =SUM(H19,H22,H25,H28,H31,H37,H40,H43,H46,H34)/SUM($F$17:$F$46) -> 0.043638604 | I14: =SUM(I19,I22,I25,I28,I31,I37,I40,I43,I46,I34)/SUM($F$17:$F$46) -> 0.090356549 | J14: =SUM(J19,J22,J25,J28,J31,J37,J40,J43,J46,J34)/SUM($F$17:$F$46) -> 0.077202858 | K14: =SUM(K19,K22,K25,K28,K31,K37,K40,K43,K46,K34)/SUM($F$17:$F$46) -> 0.077202858 | L14: =SUM(L19,L22,L25,L28,L31,L37,L40,L43,L46,L34)/SUM($F$17:$F$46) -> 0.19646694 | M14: =SUM(M19,M22,M25,M28,M31,M37,M40,M43,M46,M34)/SUM($F$17:$F$46) -> 0.12119523 | N14: =SUM(N19,N22,N25,N28,N31,N37,N40,N43,N46,N34)/SUM($F$17:$F$46) -> 0.13060665 | ... P14: =SUM(P19,P22,P25,P28,P31,P37,P40,P43,P46,P34)/SUM($F$17:$F$46) -> 0.11917699 | Q14: =SUM(G16:P16) -> 655352.71 | R14: =SUM(G14:P14) -> 1
G16: =$F14*G14 -> 53567.661 | H16: =$F14*H14 -> 28598.677 | I16: =$F14*I14 -> 59215.41 | J16: =$F14*J14 -> 50595.102 | K16: =$F14*K14 -> 50595.102 | L16: =$F14*L14 -> 128755.14 | M16: =$F14*M14 -> 79425.621 | N16: =$F14*N14 -> 85593.419 | ... P16: =$F14*P14 -> 78102.964 | R16: =Q14=F14 -> TRUE
C17: 2.0 | D17: =VLOOKUP(C17,'P.O. ONERADO'!A:K,3,FALSE) -> CANTEIRO DE OBRAS | F17: =VLOOKUP(C17,'P.O. ONERADO'!A:K,11,FALSE) -> 1223236 | G17: 0.6 | H17: 0.2 | I17: 0.025 | J17: 0.025 | K17: 0.025 | L17: 0.025 | M17: 0.025 | N17: 0.025 | O17: 0.025 | P17: 0.025 | Q17: =SUM(G19:P19) -> 1223236 | R17: =SUM(G17:P17) -> 1
G19: =$F17*G17 -> 733941.6 | H19: =$F17*H17 -> 244647.2 | I19: =$F17*I17 -> 30580.9 | J19: =$F17*J17 -> 30580.9 | K19: =$F17*K17 -> 30580.9 | L19: =$F17*L17 -> 30580.9 | M19: =$F17*M17 -> 30580.9 | N19: =$F17*N17 -> 30580.9 | ... P19: =$F17*P17 -> 30580.9 | R19: =Q17=F17 -> TRUE
C20: 3.0 | D20: =VLOOKUP(C20,'P.O. ONERADO'!A:K,3,FALSE) -> MOBILIZAÇÃO E DESMOBILIZAÇÃO | F20: =VLOOKUP(C20,'P.O. ONERADO'!A:K,11,FALSE) -> 69945.65 | G20: 0.3 | H20: 0.3 | P20: 0.4 | Q20: =SUM(G22:P22) -> 69945.65 | R20: =SUM(G20:P20) -> 1
G22: =$F20*G20 -> 20983.695 | H22: =$F20*H20 -> 20983.695 | I22: =$F20*I20 -> 0 | J22: =$F20*J20 -> 0 | K22: =$F20*K20 -> 0 | L22: =$F20*L20 -> 0 | M22: =$F20*M20 -> 0 | N22: =$F20*N20 -> 0 | ... P22: =$F20*P20 -> 27978.26 | R22: =Q20=F20 -> TRUE
C23: 4.0 | D23: =VLOOKUP(C23,'P.O. ONERADO'!A:K,3,FALSE) -> TERRAPLENAGEM | F23: =VLOOKUP(C23,'P.O. ONERADO'!A:K,11,FALSE) -> 2602426.3 | I23: 0.25 | J23: 0.25 | K23: 0.25 | L23: 0.25 | Q23: =SUM(G25:P25) -> 2602426.3 | R23: =SUM(G23:P23) -> 1
G25: =$F23*G23 -> 0 | H25: =$F23*H23 -> 0 | I25: =$F23*I23 -> 650606.59 | J25: =$F23*J23 -> 650606.59 | K25: =$F23*K23 -> 650606.59 | L25: =$F23*L23 -> 650606.59 | M25: =$F23*M23 -> 0 | N25: =$F23*N23 -> 0 | ... P25: =$F23*P23 -> 0 | R25: =Q23=F23 -> TRUE
C26: 5.0 | D26: =VLOOKUP(C26,'P.O. ONERADO'!A:K,3,FALSE) -> DRENAGEM | F26: =VLOOKUP(C26,'P.O. ONERADO'!A:K,11,FALSE) -> 607426.93 | H26: 0.2 | I26: 0.2 | M26: 0.2 | N26: 0.2 | O26: 0.2 | Q26: =SUM(G28:P28) -> 607426.93 | R26: =SUM(G26:P26) -> 1
G28: =$F26*G26 -> 0 | H28: =$F26*H26 -> 121485.39 | I28: =$F26*I26 -> 121485.39 | M28: =$F26*M26 -> 121485.39 | N28: =$F26*N26 -> 121485.39 | O28: =$F26*O26 -> 121485.39 | R28: =Q26=F26 -> TRUE
C29: 6.0 | D29: =VLOOKUP(C29,'P.O. ONERADO'!A:K,3,FALSE) -> PAVIMENTAÇÃO | F29: =VLOOKUP(C29,'P.O. ONERADO'!A:K,11,FALSE) -> 624569.79 | L29: 0.3 | M29: 0.4 | N29: 0.3 | Q29: =SUM(G31:P31) -> 624569.79 | R29: =SUM(G29:P29) -> 1
G31: =$F29*G29 -> 0 | H31: =$F29*H29 -> 0 | I31: =$F29*I29 -> 0 | J31: =$F29*J29 -> 0 | L31: =$F29*L29 -> 187370.94 | M31: =$F29*M29 -> 249827.92 | N31: =$F29*N29 -> 187370.94 | R31: =Q29=F29 -> TRUE
C32: 7.0 | D32: =VLOOKUP(C32,'P.O. ONERADO'!A:K,3,FALSE) -> ESTRUTURA DE CONTENÇÃO | F32: =VLOOKUP(C32,'P.O. ONERADO'!A:K,11,FALSE) -> 2285332.6 | L32: 0.4 | M32: 0.3 | N32: 0.3 | Q32: =SUM(G34:P34) -> 2285332.6 | R32: =SUM(G32:P32) -> 1
G34: =$F32*G32 -> 0 | H34: =$F32*H32 -> 0 | I34: =$F32*I32 -> 0 | J34: =$F32*J32 -> 0 | K34: =$F32*K32 -> 0 | L34: =$F32*L32 -> 914133.02 | M34: =$F32*M32 -> 685599.77 | N34: =$F32*N32 -> 685599.77 | ... P34: =$F32*P32 -> 0 | R34: =Q32=F32 -> TRUE
C35: 8.0 | D35: =VLOOKUP(C35,'P.O. ONERADO'!A:K,3,FALSE) -> SINALIZAÇÃO | F35: =VLOOKUP(C35,'P.O. ONERADO'!A:K,11,FALSE) -> 623062.61 | P35: 1 | Q35: =SUM(G37:P37) -> 623062.61 | R35: =SUM(G35:P35) -> 1
G37: =$F35*G35 -> 0 | H37: =$F35*H35 -> 0 | I37: =$F35*I35 -> 0 | J37: =$F35*J35 -> 0 | K37: =$F35*K35 -> 0 | L37: =$F35*L35 -> 0 | M37: =$F35*M35 -> 0 | N37: =$F35*N35 -> 0 | ... P37: =$F35*P35 -> 623062.61 | R37: =Q35=F35 -> TRUE
C38: 9.0 | D38: =VLOOKUP(C38,'P.O. ONERADO'!A:K,3,FALSE) -> OBRAS COMPLEMENTARES | F38: =VLOOKUP(C38,'P.O. ONERADO'!A:K,11,FALSE) -> 561010.43 | O38: 0.5 | P38: 0.5 | Q38: =SUM(G40:P40) -> 561010.43 | R38: =SUM(G38:P38) -> 1
G40: =$F38*G38 -> 0 | H40: =$F38*H38 -> 0 | I40: =$F38*I38 -> 0 | J40: =$F38*J38 -> 0 | K40: =$F38*K38 -> 0 | L40: =$F38*L38 -> 0 | M40: =$F38*M38 -> 0 | N40: =$F38*N38 -> 0 | ... P40: =$F38*P38 -> 280505.22 | R40: =Q38=F38 -> TRUE
C41: 10.0 | D41: =VLOOKUP(C41,'P.O. ONERADO'!A:K,3,FALSE) -> ILUMINAÇÃO PÚBLICA | F41: =VLOOKUP(C41,'P.O. ONERADO'!A:K,11,FALSE) -> 373448.3 | N41: 0.4 | O41: 0.3 | P41: 0.3 | Q41: =SUM(G43:P43) -> 373448.3 | R41: =SUM(G41:P41) -> 1
G43: =$F41*G41 -> 0 | H43: =$F41*H41 -> 0 | I43: =$F41*I41 -> 0 | J43: =$F41*J41 -> 0 | K43: =$F41*K41 -> 0 | L43: =$F41*L41 -> 0 | M43: =$F41*M41 -> 0 | N43: =$F41*N41 -> 149379.32 | ... P43: =$F41*P41 -> 112034.49 | R43: =Q41=F41 -> TRUE
C44: 11.0 | D44: =VLOOKUP(C44,'P.O. ONERADO'!A:K,3,FALSE) -> SINALIZAÇÃO DE OBRA | F44: =VLOOKUP(C44,'P.O. ONERADO'!A:K,11,FALSE) -> 265381.24 | H44: 0.06 | I44: 0.12 | J44: 0.12 | K44: 0.12 | L44: 0.12 | M44: 0.12 | N44: 0.12 | O44: 0.12 | P44: 0.1 | Q44: =SUM(G46:P46) -> 265381.24 | R44: =SUM(G44:P44) -> 1
G46: =$F44*G44 -> 0 | H46: =$F44*H44 -> 15922.874 | I46: =$F44*I44 -> 31845.749 | J46: =$F44*J44 -> 31845.749 | K46: =$F44*K44 -> 31845.749 | L46: =$F44*L44 -> 31845.749 | M46: =$F44*M44 -> 31845.749 | N46: =$F44*N44 -> 31845.749 | ... P46: =$F44*P44 -> 26538.124 | R46: =Q44=F44 -> TRUE
C47: TOTAIS | E47: OBRA | F47: =SUM(F14:F46) -> 9891192.6 | Q47: =SUM(Q14:Q46) -> 9891192.6 | R47: =Q47=F47 -> TRUE | S47: =F47=RESUMO_ONERADO!C27 -> TRUE
E48: EM R$ | F48: MENSAL | G48: =SUM(G16,G19,G22,G25,G28,G31,G37,G40,G43,G46,G34) -> 808492.96 | H48: =SUM(H16,H19,H22,H25,H28,H31,H37,H40,H43,H46,H34) -> 431637.83 | I48: =SUM(I16,I19,I22,I25,I28,I31,I37,I40,I43,I46,I34) -> 893734.03 | J48: =SUM(J16,J19,J22,J25,J28,J31,J37,J40,J43,J46,J34) -> 763628.34 | K48: =SUM(K16,K19,K22,K25,K28,K31,K37,K40,K43,K46,K34) -> 763628.34 | L48: =SUM(L16,L19,L22,L25,L28,L31,L37,L40,L43,L46,L34) -> 1943292.3 | M48: =SUM(M16,M19,M22,M25,M28,M31,M37,M40,M43,M46,M34) -> 1198765.3 | N48: =SUM(N16,N19,N22,N25,N28,N31,N37,N40,N43,N46,N34) -> 1291855.5 | ... P48: =SUM(P16,P19,P22,P25,P28,P31,P37,P40,P43,P46,P34) -> 1178802.6
F49: ACUMULADO | G49: =G48 -> 808492.96 | H49: =G49+H48 -> 1240130.8 | I49: =H49+I48 -> 2133864.8 | J49: =I49+J48 -> 2897493.2 | K49: =J49+K48 -> 3661121.5 | L49: =K49+L48 -> 5604413.8 | M49: =L49+M48 -> 6803179.2 | N49: =M49+N48 -> 8095034.6 | O49: =N49+O48 -> 8712390 | P49: =O49+P48 -> 9891192.6
E50: EM % | F50: MENSAL | G50: =G48/$F$47 -> 0.081738673 | H50: =H48/$F$47 -> 0.043638604 | I50: =I48/$F$47 -> 0.090356549 | J50: =J48/$F$47 -> 0.077202858 | K50: =K48/$F$47 -> 0.077202858 | L50: =L48/$F$47 -> 0.19646694 | M50: =M48/$F$47 -> 0.12119523 | N50: =N48/$F$47 -> 0.13060665 | ... P50: =P48/$F$47 -> 0.11917699
F51: ACUMULADO | G51: =G50 -> 0.081738673 | H51: =G51+H50 -> 0.12537728 | I51: =H51+I50 -> 0.21573383 | J51: =I51+J50 -> 0.29293668 | K51: =J51+K50 -> 0.37013954 | L51: =K51+L50 -> 0.56660648 | M51: =L51+M50 -> 0.68780171 | N51: =M51+N50 -> 0.81840836 | O51: =N51+O50 -> 0.88082301 | P51: =O51+P50 -> 1
J54: =1/8 -> 0.125 | L54: =20/8 -> 2.5
K56: 650 | O56: -326.09 | Q56: 0.000131162
F61: TRUE
Q62: TRUE
G65: 1270565.7 | H65: 106030.23 | I65: 4111662.6 | J65: 4575963.5 | K65: 4572572.7 | L65: 5031324.7 | M65: 4985846.7 | N65: 5562067.1 | O65: 5562067.1 | P65: 5562067.1
G68: 0.02041 | H68: 0.0017 | I68: 0.06604 | J68: 0.0735 | K68: 0.07345 | L68: 0.08081 | M68: 0.08008 | N68: 0.08934 | O68: 0.08934 | P68: 0.08934

Sheet CURVA ABC
F2: SISTEMA DE ORÇAMENTO E CUSTOS CURVA ABC DE SERVIÇOS
M3: Data: | O3: 18/03/2026
O4: 1 / 5
M5: Pág:
A11: Item | D11: Descrição Completa | G11: Unid | H11: Quantidade | K11: Preço Unitário | L11: Custo Total | N11: % | P11: %Acum.
A13: Orçamento: Projeto
A14: CPUCAN01 | D14: INSTALAÇÃO DO CANTEIRO DE OBRA | G14: UN | H14: 1 | K14: 1223236 | L14: 1223236 | N14: 12.366921 | P14: 12.366921
A15: 5505766 | D15: DESMONTE DE MATERIAL DE 3ª CATEGORIA A FRIO COM ARGAMASSA EXPANSIVA A CÉU ABERTO | G15: M³ | H15: 2411.26 | K15: 472.18 | L15: 1138548.7 | N15: 11.510733 | P15: 23.877654
A16: CPUEST02 | D16: AQUISIÇÃO DE CINASITA (ARGILA EXPANDIDA) | G16: M³ | H16: 955.84 | K16: 1092.32 | L16: 1044083.1 | N16: 10.555685 | P16: 34.433338
A17: CPUADM01 | D17: ADMINISTRAÇÃO LOCAL DA OBRA | G17: UN | H17: 1 | K17: 655352.71 | L17: 655352.71 | N17: 6.6256186 | P17: 41.058957
A18: 0407819 | D18: ARMAÇÃO EM AÇO CA-50 - FORNECIMENTO, PREPARO E COLOCAÇÃO | G18: KG | H18: 34150 | K18: 15.58 | L18: 532057 | N18: 5.3790985 | P18: 46.438056
A19: CPUOBC01 | D19: DEFENSA SEMIMALEÁVEL TRIPLA ONDA H4BW3 - FORNECIMENTO E IMPLANTAÇÃO | G19: M | H19: 420 | K19: 1108.67 | L19: 465641.4 | N19: 4.7076365 | P19: 51.145692
A20: CPUTER03 | D20: CARGA E TRANSPORTE DE MATERIAL PROVENIENTE DO DESMONTE DE ROCHA NA DISTÂNCIA DE 65,64 KM - COM CAMINHÃO BASCULANTE DE 12 M³ | G20: M³ | H20: 2411.26 | K20: 189.8 | L20: 457657.15 | N20: 4.6269157 | P20: 55.772608
A21: CPUAMB02 | D21: PAGAMENTO DE DEPÓSITO DE MATERIAL EM ATERRO LICENCIADO (SOLO OU MAT. GRANULAR) | G21: T | H21: 10040.76 | K21: 45.29 | L21: 454746.02 | N21: 4.5974841 | P21: 60.370092
A22: 3108000 | D22: FÔRMAS DE COMPENSADO RESINADO 12 MM - USO GERAL - UTILIZAÇÃO DE 2 VEZES - CONFECÇÃO, INSTALAÇÃO E RETIRADA | G22: M² | H22: 2748.21 | K22: 126.38 | L22: 347318.78 | N22: 3.5113943 | P22: 63.881486
A23: CPUEST04 | D23: AQUISIÇÃO DE CONCRETO PARA BOMBEAMAENTO FCK = 35MPA - MASSA COMERCIAL | G23: M³ | H23: 526.35 | K23: 619.16 | L23: 325894.87 | N23: 3.2947984 | P23: 67.176285
A24: CPUILU14 | D24: POSTE DE SEGURANÇA PASSIVA PARA ILUMINAÇÃO PÚBLICA, COM DESEMPENHO COLAPSÍVEL, TIPO HE, CIRCULAR CÔNICO CONTÍNUO, CURVO SIMPLES, 10,0 M DE ALTURA UTIL, EM CONFORMIDADE COM A NORMA EN12767 E A NORMA NBR 15486/2016. FABRICADOS EM CHAPA DE AÇO CARBONO ESTRUTURAL DE PROPRIEDADES MECÂNICAS GARANTIDAS POR CERTIFICADO, SOLDADO LONGITUDINALMENTE ATRAVES DE PROCEDIMENTO DE SOLDAGEM CERTIFICADO, EM CONFORMIDADE COM A NORMA AWS D1.1. FIXADO AO SOLO POR ENGASTAMENTO NA FUNDAÇÃO INTELIGENTE ATLANTECH, FAB TECHNOMAST OU EQUIVALENTE TÉCNICO | G24: UN | H24: 19 | K24: 17056.87 | L24: 324080.53 | N24: 3.2764555 | P24: 70.45274
A25: 5213630 | D25: SEMIPÓRTICO METÁLICO COM VÃO DE 8,3 M, VENTO DE 35 M/S E ÁREA DE EXPOSIÇÃO DE ATÉ 12,45 M² - FORNECIMENTO E IMPLANTAÇÃO - AREIA E BRITA COMERCIAIS | G25: UN | H25: 4 | K25: 76255.54 | L25: 305022.16 | N25: 3.0837753 | P25: 73.536515
... A38: CPUMOB01 | D38: MOBILIZAÇÃO E DESMOBILIZAÇÃO DE EQUIPAMENTOS | G38: UN | H38: 1 | K38: 69945.65 | L38: 69945.65 | N38: 0.70715081 | P38: 89.265008
F40: SISTEMA DE ORÇAMENTO E CUSTOS CURVA ABC DE SERVIÇOS
M41: Data: | O41: 18/03/2026
O42: 2 / 5
M43: Pág:
A49: Item | D49: Descrição Completa | G49: Unid | H49: Quantidade | K49: Preço Unitário | L49: Custo Total | N49: % | P49: %Acum.
A50: 6106329 | D50: ESCAVAÇÃO MECÂNICA DE FUSTE DE TUBULÃO COM TRADO PARA ROCHA EM MATERIAL DE 3ª CATEGORIA | G50: M³ | H50: 54.4 | K50: 1200.7 | L50: 65318.08 | N50: 0.66036606 | P50: 89.925374
A51: CPUOBC02 | D51: ANCORAGEM DE DEFENSA METÁLICA SEMIMALEÁVEL TRIPLA ONDA H4BAW3 - FORNECIMENTO E IMPLANTAÇÃO | G51: M | H51: 36 | K51: 1760.19 | L51: 63366.84 | N51: 0.64063901 | P51: 90.566013
A52: CPUTER01 | D52: ESCAVAÇÃO, CARGA E TRANSPORTE DE MATERIAL DE 1ª CATEGORIA NA DISTÂNCIA DE 21,62 KM - CAMINHO DE SERVIÇO PAVIMENTADO - COM ESCAVADEIRA E CAMINHÃO BASCULANTE DE 14 M³ | G52: M³ | H52: 1608.48 | K52: 34.71 | L52: 55830.341 | N52: 0.56444498 | P52: 91.130458
A53: CPUPAV07 | D53: AQUISIÇÃO DE BRITA GRADUADA SIMPLES | G53: M³ | H53: 467.63 | K53: 112.09 | L53: 52416.647 | N53: 0.52993251 | P53: 91.66039
A54: 0407818 | D54: ARMAÇÃO EM AÇO CA-25 - FORNECIMENTO, PREPARO E COLOCAÇÃO | G54: KG | H54: 3309.6 | K54: 15 | L54: 49644 | N54: 0.50190104 | P54: 92.162291
A55: CPUOAC02 | D55: CAIXA COLETORA DE TALVEGUE COM GRELHA DE CONCRETO - CCT 300-100 A - AREIA E BRITA COMERCIAIS | G55: UN | H55: 6 | K55: 8231.26 | L55: 49387.56 | N55: 0.49930844 | P55: 92.6616
A56: 5213568 | D56: PLACA EM ALUMÍNIO COMPOSTO, ESPESSURA DE 3,0 MM, MODULADA, AÉREA - PELÍCULA RETRORREFLETIVA TIPO X + SI - FORNECIMENTO E IMPLANTAÇÃO | G56: M² | H56: 30 | K56: 1600.89 | L56: 48026.7 | N56: 0.48555014 | P56: 93.14715
A57: 4011282 | D57: BASE OU SUB-BASE DE MACADAME HIDRÁULICO COM BRITA COMERCIAL - 100% PROCTOR MODIFICADO | G57: M³ | H57: 217.5 | K57: 204.7 | L57: 44522.25 | N57: 0.45012013 | P57: 93.59727
A58: CPUPAV11 | D58: EXECUÇÃO PAVIMENTO DE CONCRETO COM EQUIPAMENTO DE PEQUENO PORTE - AREIA E BRITA COMERCIAIS | G58: M³ | H58: 526.35 | K58: 71.47 | L58: 37618.234 | N58: 0.38032051 | P58: 93.97759
A59: 1106088 | D59: LANÇAMENTO MECÂNICO DE CONCRETO COM BOMBA REBOCÁVEL COM CAPACIDADE DE 30 M³/H - CONFECÇÃO EM CENTRAL DOSADORA DE 30 M³/H | G59: M³ | H59: 399.1 | K59: 82.81 | L59: 33049.471 | N59: 0.33413029 | P59: 94.311721
A60: 5502978 | D60: COMPACTAÇÃO DE ATERROS A 100% DO PROCTOR NORMAL | G60: M³ | H60: 4724.28 | K60: 6.79 | L60: 32077.861 | N60: 0.32430731 | P60: 94.636028
A61: 5213347 | D61: DISPOSITIVO DE DIRECIONAMENTO OU BLOQUEIO TIPO TAPUME - UTILIZAÇÃO DE 150 CICLOS - FORNECIMENTO, 01 IMPLANTAÇÃO E 01 RETIRADA DIÁRIA | G61: M².DIA | H61: 3080 | K61: 9.33 | L61: 28736.4 | N61: 0.29052512 | P61: 94.926553
... A75: 2003269 | D75: SARJETA TRIANGULAR DE CONCRETO - STC 73-15 - ESCAVAÇÃO MECÂNICA - AREIA E BRITA COMERCIAIS | G75: M | H75: 214.9 | K75: 55.06 | L75: 11832.394 | N75: 0.11962555 | P75: 97.576147
F77: SISTEMA DE ORÇAMENTO E CUSTOS CURVA ABC DE SERVIÇOS
M78: Data: | O78: 18/03/2026
O79: 3 / 5
M80: Pág:
A86: Item | D86: Descrição Completa | G86: Unid | H86: Quantidade | K86: Preço Unitário | L86: Custo Total | N86: % | P86: %Acum.
A87: CPUOAC01 | D87: BOCA BNAA 03, ADAPTÁVEM EM BSTC D = 1,00 M - ESCONSIDADE 0° - AREIA E BRITA COMERCIAIS - ALAS ESCONSAS | G87: UN | H87: 2 | K87: 5548.77 | L87: 11097.54 | N87: 0.11219618 | P87: 97.688343
A88: 2003393 | D88: DESCIDA D'ÁGUA DE ATERROS TIPO RÁPIDO - DAR 60-30 - AREIA E BRITA COMERCIAIS | G88: M | H88: 23.85 | K88: 449.99 | L88: 10732.262 | N88: 0.10850321 | P88: 97.796846
A89: CPUPAV05 | D89: EXECUÇÃO DE BASE OU SUB-BASE DE BRITA GRADUADA COMERCIAL - 100% PROCTOR MODIFICADO - EXCLUSIVE AQUISIÇÃO DA BGS | G89: M³ | H89: 467.63 | K89: 21.62 | L89: 10110.161 | N89: 0.10221377 | P89: 97.89906
A90: 5502110 | D90: ESCAVAÇÃO, CARGA E TRANSPORTE DE MATERIAL DE 1ª CATEGORIA - DMT DE 200 A 400 M - CAMINHO DE SERVIÇO EM LEITO NATURAL - COM ESCAVADEIRA E CAMINHÃO BASCULANTE DE 14 M³ | G90: M³ | H90: 1214.67 | K90: 8.17 | L90: 9923.8539 | N90: 0.1003302 | P90: 97.99939
A91: 5213848 | D91: LUZ DE ADVERTÊNCIA E BATERIA PARA DISPOSITIVOS DE SINALIZAÇÃO - UTILIZAÇÃO DE 200 CICLOS - FORNECIMENTO, 01 IMPLANTAÇÃO E 01 RETIRADA DIÁRIA | G91: UN.DIA | H91: 7316 | K91: 1.35 | L91: 9876.6 | N91: 0.099852467 | P91: 98.099243
A92: CPUOBC03 | D92: MÓDULO DE TRANSIÇÃO DE DEFENSA METÁLICA TRIPLA ONDA (H4BW4) PARA BARREIRA RÍGIDA - FORNECIMENTO E IMPLANTAÇÃO | G92: UN | H92: 1 | K92: 9684.91 | L92: 9684.91 | N92: 0.09791448 | P92: 98.197157
A93: 5212560 | D93: PLACA DE ADVERTÊNCIA PARA SINALIZAÇÃO DE OBRAS MONTADA EM SUPORTE METÁLICO MÓVEL, LADO 1,00 M - UTILIZAÇÃO DE 600 CICLOS - FORNECIMENTO, 01 IMPLANTAÇÃO E 01 RETIRADA DIÁRIA | G93: UN.DIA | H93: 1970 | K93: 4.91 | L93: 9672.7 | N93: 0.097791037 | P93: 98.294948
A94: CPUOAC03 | D94: CAIXA COLETORA DE TALVEGUE COM GRELHA DE CONCRETO - CCT 350-100 A - AREIA E BRITA COMERCIAIS | G94: UN | H94: 1 | K94: 9394.49 | L94: 9394.49 | N94: 0.094978333 | P94: 98.389926
A95: 4011537 | D95: SERRAGEM DE JUNTAS EM PAVIMENTO DE CONCRETO, LIMPEZA E ENCHIMENTO COM SELANTE A FRIO | G95: M | H95: 373.33 | K95: 24.74 | L95: 9236.1842 | N95: 0.09337786 | P95: 98.483304
A96: 5219615 | D96: TACHA REFLETIVA EM PLÁSTICO INJETADO - MONODIRECIONAL TIPO III - COM UM PINO - FORNECIMENTO E COLOCAÇÃO | G96: UN | H96: 197 | K96: 42.61 | L96: 8394.17 | N96: 0.084865093 | P96: 98.568169
A97: 5502585 | D97: ESCAVAÇÃO, CARGA E TRANSPORTE DE MATERIAL DE 2ª CATEGORIA - DMT DE 50 A 200 M - CAMINHO DE SERVIÇO EM LEITO NATURAL - COM ESCAVADEIRA E CAMINHÃO BASCULANTE DE 14 M³ | G97: M³ | H97: 734.04 | K97: 10.78 | L97: 7912.9512 | N97: 0.079999969 | P97: 98.648169
A98: CPUEST04 | D98: TRANSPORTE DE CINASITA - DO CANTEIRO PARA OBRA | G98: TkM | H98: 7646.72 | K98: 0.99 | L98: 7570.2528 | N98: 0.076535287 | P98: 98.724705
... A112: 4413993 | D112: REVESTIMENTO VEGETAL POR SEMEADURA A LANÇO MANUAL DE GRAMÍNEAS E LEGUMINOSAS | G112: M² | H112: 5986.1 | K112: 0.72 | L112: 4309.992 | N112: 0.043574037 | P112: 99.467401
F114: SISTEMA DE ORÇAMENTO E CUSTOS CURVA ABC DE SERVIÇOS
M115: Data: | O115: 18/03/2026
O116: 4 / 5
M117: Pág:
A123: Item | D123: Descrição Completa | G123: Unid | H123: Quantidade | K123: Preço Unitário | L123: Custo Total | N123: % | P123: %Acum.
A124: 2003147 | D124: ENTRADA PARA DESCIDA D'ÁGUA - EDA 07 B - AREIA E BRITA COMERCIAIS | G124: un | H124: 3 | K124: 1402.72 | L124: 4208.16 | N124: 0.042544515 | P124: 99.509945
A125: CPUSIO01 | D125: PLACA PARA SINALIZAÇÃO DE OBRAS MONTADA EM CAVALETE METÁLICO - 1,25 X 0,40 M - UTILIZAÇÃO DE 600 CICLOS - FORNECIMENTO, 01 IMPLANTAÇÃO E 01 RETIRADA DIÁRIA | G125: UN.DIA | H125: 2248 | K125: 1.73 | L125: 3889.04 | N125: 0.03931821 | P125: 99.549263
A126: CPUEST03 | D126: ESPALHAMENTO MANUAL DE CINASITA (ARGILA EXPANDIDA) - FAIXA GRANULOMETRICA 2215 | G126: M³ | H126: 955.84 | K126: 3.77 | L126: 3603.5168 | N126: 0.03643157 | P126: 99.585695
A127: CPUILU01 | D127: POSTE DE CONCRETO SEÇÃO DUPLO T - 600/9, COM ENGASTAMENTO DIRETO NO SOLO DE 1,50M - FORNECIMENTO E INSTALAÇÃO | G127: UN | H127: 1 | K127: 2877.47 | L127: 2877.47 | N127: 0.029091234 | P127: 99.614786
A128: CPUILU22 | D128: DISPOSITIVO DR ELETRÔNICO DE ALTA SENSIBILIDADE, IP68, PARA POSTES DE ILUMINAÇÃO PÚBLICA BLOQ AMP DE 20MA 220V - 5A, FAB. BOTTOM UP, OU EQUIVALENTE TÉCNICO - FORNECIMENTO E INSTALAÇÃO | G128: UN | H128: 19 | K128: 146.87 | L128: 2790.53 | N128: 0.02821227 | P128: 99.642998
A129: 4805757 | D129: ESCAVAÇÃO MECÂNICA DE VALA EM MATERIAL DE 1ª CATEGORIA | G129: M³ | H129: 295.2 | K129: 8.33 | L129: 2459.016 | N129: 0.024860662 | P129: 99.667859
A130: 2003457 | D130: DISSIPADOR DE ENERGIA - DEB 300-366 - AREIA, BRITA E PEDRA DE MÃO COMERCIAIS | G130: UN | H130: 1 | K130: 2210.2 | L130: 2210.2 | N130: 0.022345131 | P130: 99.690204
A131: CPUSIO08 | D131: SINALIZAÇÃO DE TRÂNSITO - NOTURNA | G131: M | H131: 450 | K131: 4.9 | L131: 2205 | N131: 0.022292559 | P131: 99.712497
A132: 2003127 | D132: ENTRADA PARA DESCIDA D'ÁGUA - EDA 07 A - AREIA E BRITA COMERCIAIS | G132: un | H132: 2 | K132: 1024.53 | L132: 2049.06 | N132: 0.020716005 | P132: 99.733213
A133: 1100657 | D133: ADENSAMENTO DE CONCRETO POR VIBRADOR DE IMERSÃO | G133: M³ | H133: 468.66 | K133: 4.23 | L133: 1982.4318 | N133: 0.020042394 | P133: 99.753255
A134: 5503041 | D134: COMPACTAÇÃO DE ATERROS A 100% DO PROCTOR INTERMEDIÁRIO | G134: M³ | H134: 210 | K134: 7.86 | L134: 1650.6 | N134: 0.016687573 | P134: 99.769943
A135: 5213408 | D135: PINTURA DE FAIXA COM TERMOPLÁSTICO POR ASPERSÃO - ESPESSURA DE 1,5 MM | G135: M² | H135: 25.54 | K135: 59.46 | L135: 1518.6084 | N135: 0.015353137 | P135: 99.785296
... A149: 2003175 | D149: DISSIPADOR DE ENERGIA - DED 01 A - AREIA, BRITA E PEDRA DE MÃO COMERCIAIS | G149: un | H149: 1 | K149: 837.6 | L149: 837.6 | N149: 0.0084681395 | P149: 99.930364
F151: SISTEMA DE ORÇAMENTO E CUSTOS CURVA ABC DE SERVIÇOS
M152: Data: | O152: 18/03/2026
O153: 5 / 5
M154: Pág:
A160: Item | D160: Descrição Completa | G160: Unid | H160: Quantidade | K160: Preço Unitário | L160: Custo Total | N160: % | P160: %Acum.
A161: CPUOBC07 | D161: DELINEADOR PARA BARREIRA DE CONCRETO COM PELÍCULA REFLEXIVA TIPO III - FORNECIMENTO E INSTALAÇÃO | G161: UN | H161: 29 | K161: 25.85 | L161: 749.65 | N161: 0.0075789646 | P161: 99.937943
A162: 5914353 | D162: CARGA, MANOBRA E DESCARGA DE AGREGADOS OU SOLOS EM CAMINHÃO BASCULANTE DE 6 M³ - CARGA COM ESCAVADEIRA DE 1,56 M³ (EXCLUSA) E DESCARGA LIVRE | G162: T | H162: 379.73 | K162: 1.96 | L162: 744.2708 | N162: 0.0075245809 | P162: 99.945468
A163: CPUILU27 | D163: CAIXA DE PASSAGEM ELÉTRICA RETANGULAR, EM ALVENARIA, FUNDO COM BRITA, DIMENSÕES INTERNAS: 0,30 X 0,30 X 0,30 M | G163: UN | H163: 4 | K163: 183.87 | L163: 735.48 | N163: 0.0074357058 | P163: 99.952904
A164: 6106325 | D164: ESCAVAÇÃO MECÂNICA DE FUSTE DE TUBULÃO COM TRADO PARA SOLOS EM MATERIAL DE 1ª CATEGORIA | G164: M³ | H164: 7.2 | K164: 99.86 | L164: 718.992 | N164: 0.0072690121 | P164: 99.960173
A165: CPUILU26 | D165: HASTE DE ATERRAMENTO, DIÂMETRO 5/8", COM 3 METROS - FORNECIMENTO E INSTALAÇÃO | G165: UN | H165: 4 | K165: 130.32 | L165: 521.28 | N165: 0.005270143 | P165: 99.965443
A166: CPUILU07 | D166: CAIXA DE DIMENSÕES 40X30X20 CM, EM AÇO CARBONO SAE 1008/1010, ESPESSURA 0,75MM, PINTURA ELETROSTATICA EM PÓ, NA COR CINZA, COM PLACA DE MONTAGEM ESPESSURA DE 120MM, IP 66, PORTA COM FECHADURA YALE - FORNECIMENTO E INSTALAÇÃO | G166: UN | H166: 1 | K166: 497.12 | L166: 497.12 | N166: 0.0050258853 | P166: 99.970469
A167: CPUILU03 | D167: CAIXA DE MEDIÇÃO EM POLICARBONATO - VISOR COM LENTE, TRIFÁSICA PARA INSTALAÇÃO EM POSTE DE CONCRETO DUPLO T, COM FITA BANDIT - FORNECIMENTO E INSTALAÇÃO | G167: UN | H167: 1 | K167: 451.8 | L167: 451.8 | N167: 0.0045676999 | P167: 99.975036
A168: CPUILU11 | D168: CONTACTOR 3RT1025 - FORNECIMENTO E INSTALAÇÃO | G168: UN | H168: 1 | K168: 391.29 | L168: 391.29 | N168: 0.0039559435 | P168: 99.978992
A169: 4915712 | D169: LIMPEZA DE BUEIRO | G169: M³ | H169: 13.57 | K169: 27 | L169: 366.39 | N169: 0.0037042044 | P169: 99.982696
A170: CPUSIN02 | D170: PLACA DELINEADOR EM AÇO - 0,30 X 0,90 M - PELÍCULA RETRORREFLETIVA TIPO X + SI - FORNECIMENTO E IMPLANTAÇÃO | G170: UN | H170: 1 | K170: 341.59 | L170: 341.59 | N170: 0.0034534763 | P170: 99.98615
A171: CPUOBC05 | D171: DELINEADOR PARA DEFENSA METÁLICA COM PELÍCULA REFLEXIVA TIPO III - FORNECIMENTO E INSTALAÇÃO | G171: UN | H171: 25 | K171: 10.45 | L171: 261.25 | N171: 0.0026412386 | P171: 99.988791
A172: CPUILU10 | D172: DISPOSITIVO DR, 4 POLOS, SENSIBILIDADE 30, CORRENTE NOMINAL 40A, TIPO AC - FORNECIMENTO E INSTALAÇÃO | G172: UN | H172: 1 | K172: 237.4 | L172: 237.4 | N172: 0.002400115 | P172: 99.991191
... A183: CPUILU06 | D183: FIVELA PARA FITA INOX DE 19 MM - FORNECIMENTO E INSTALAÇÃO | G183: UN | H183: 4 | K183: 0.75 | L183: 3 | N183: 3.0330012e-05 | P183: 100

Sheet ADM-Resumo
A1: RODOVIA: BR-232 TRECHO: Km 60 ao 63 OBRA: Área de Escape | H1: =A1 -> RODOVIA: BR-232 TRECHO: Km 60 ao 63 OBRA: Área de Escape
E4: Data-base: | F4: 45839 | L4: Data-base: | M4: =F4 -> 45839
A7: RESUMO DAS PARCELAS DA ADMINISTRAÇÃO LOCAL | H7: RESUMO DAS PARCELAS DA ADMINISTRAÇÃO LOCAL
A8: OBRA DE INTERVENÇÃO PONTUAL RESTRITA | H8: OBRA DE INTERVENÇÃO PONTUAL RESTRITA
A9: (SEM desoneração da mão de obra) | H9: (COM desoneração da mão de obra)
A11: Item | B11: Discriminação | C11: Unidade | D11: Quant. | E11: Custo unitário (R$) | F11: Custo total (R$) | H11: Item | I11: Discriminação | J11: Unidade | K11: Quant. | L11: Custo unitário (R$) | M11: Custo total (R$)
A12: 1.0 | B12: Parcela Fixa Principal | H12: 1. | I12: Parcela Fixa Principal
A13: 1.1 | B13: Mão de Obra | C13: mês | D13: 8 | E13: ='ADM-Fixa'!G37 -> 23650.43 | F13: =E13*D13 -> 189203.44 | H13: 1.1 | I13: Mão de Obra | J13: mês | K13: =D13 -> 8 | L13: ='ADM-Fixa'!R37 -> 21502.29 | M13: =L13*K13 -> 172018.32
A14: 1.2 | B14: Veículos | C14: mês | D14: 8 | E14: ='ADM-Fixa'!J53 -> 9843.4336 | F14: =E14*D14 -> 78747.469 | H14: 1.2 | I14: Veículos | J14: mês | K14: =D14 -> 8 | L14: ='ADM-Fixa'!U53 -> 9270.9276 | M14: =L14*K14 -> 74167.421
A15: Subtotal do Item 1 | F15: =SUM(F13:F14) -> 267950.91 | H15: Subtotal do Item 1 | M15: =SUM(M13:M14) -> 246185.74
A16: 2. | B16: Parcela Vinculada | H16: 2. | I16: Parcela Vinculada
A17: 2.1 | B17: Equipe de topografia | C17: mês | D17: 8 | E17: ='ADM-Vinculada'!J23 -> 20803.12 | F17: =E17*D17 -> 166424.96 | H17: 2.2 | I17: Equipe de topografia | J17: mês | K17: =D17 -> 8 | L17: 21902.949 | M17: =L17*K17 -> 175223.59
A18: 2.2 | B18: Equipe de Segurança do Trabalho | C18: mês | D18: 9 | E18: ='ADM-Vinculada'!J31 -> 7365.8624 | F18: =E18*D18 -> 66292.762 | H18: 2.2 | I18: Equipe de topografia | J18: mês | K18: =D18 -> 9 | L18: 0 | M18: =L18*K18 -> 0
A19: Subtotal do Item 2 | F19: =SUM(F17:F18) -> 232717.72 | H19: Subtotal do Item 2 | M19: =SUM(M17:M17) -> 175223.59
A20: 3. | B20: Parcela Variável | H20: 3. | I20: Parcela Variável
A21: 3.1 | B21: Equipes de frente de serviço | C21: eq x mês | D21: 0 | E21: ='ADM-Variavel$'!G14 -> 0 | F21: =E21*D21 -> 0 | H21: 3.1 | I21: Equipes de frente de serviço | J21: eq x mês | K21: =D21 -> 0 | L21: ='ADM-Variavel$'!R14 -> 0 | M21: =L21*K21 -> 0
A22: 3.2 | B22: Laboratório de solos | C22: eq x mês | D22: ='ADM-Variavel'!G9 -> 0.080973975 | E22: ='ADM-Variavel$'!G22 -> 19369.96 | F22: =E22*D22 -> 1568.4626 | H22: 3.2 | I22: Laboratório de solos | J22: eq x mês | K22: =D22 -> 0.080973975 | L22: ='ADM-Variavel$'!R22 -> 17779.956 | M22: =L22*K22 -> 1439.7137
A23: 3.3 | B23: Laboratório de concreto | C23: eq x mês | D23: ='ADM-Variavel'!G10 -> 0.13187 | E23: ='ADM-Variavel$'!G29 -> 19369.96 | F23: =E23*D23 -> 2554.3166 | H23: 3.4 | I23: Laboratório de concreto | J23: eq x mês | K23: =D23 -> 0.13187 | L23: ='ADM-Variavel$'!R29 -> 17779.956 | M23: =L23*K23 -> 2344.6428
A24: 3.4 | B24: Manejo florestal | C24: eq x mês | D24: ='ADM-Variavel'!G49 -> 0.02399 | E24: ='ADM-Variavel$'!G35 -> 1905.5374 | F24: =E24*D24 -> 45.713843 | H24: 3.5 | I24: Laboratório de concreto | J24: eq x mês | K24: =D24 -> 0.02399 | L24: ='ADM-Variavel$'!R35 -> 1741.5051 | M24: =L24*K24 -> 41.778707
A25: Subtotal do Item 3 | F25: =SUM(F21:F24) -> 4168.493 | H25: Subtotal do Item 3 | M25: =SUM(M21:M24) -> 3826.1353
A26: 4. | B26: Manutenção dos Canteiros de Obras e Acampamentos | H26: 4. | I26: Manutenção dos Canteiros de Obras e Acampamentos
A27: 4.1 | B27: Equipe de manutenção | C27: mês | D27: 8 | E27: ='MANUTENÇÃO DO CANTEIRO E ACAMP.'!G19 -> 1250.8656 | F27: =E27*D27 -> 10006.925 | H27: 4.1 | I27: Equipe de manutenção | J27: mês | K27: =D27 -> 8 | L27: ='MANUTENÇÃO DO CANTEIRO E ACAMP.'!O19 -> 1156.1364 | M27: =L27*K27 -> 9249.0914
A28: Subtotal do Item 4 | F28: =F27 -> 10006.925 | H28: Subtotal do Item 4 | M28: =M27 -> 9249.0914
A30: Subtotal | F30: =F25+F15+F28+F19 -> 514844.05 | H30: Subtotal | M30: =M25+M19+M15+M28 -> 434484.55
A32: 5. | B32: Despesas Diversas | H32: 5. | I32: Despesas Diversas
A33: 5.1 | B33: Despesas Diversas | C33: % | D33: 0.05 | F33: =F30*D33 -> 25742.202 | H33: 5.1 | I33: Despesas Diversas | J33: % | K33: 0.05 | M33: =M30*K33 -> 21724.228
A35: Custo total da Administração Local | F35: =F33+F30 -> 540586.25 | H35: Custo total da Administração Local | M35: =M33+M30 -> 456208.78
A37: OBS: As parcelas de custo incluem mão de obra e veículos | H37: OBS: As parcelas de custo incluem mão de obra e veículos
F41: 7724833.6 | M41: 7157014.9 | Q41: 7157014.9
F42: =F35=F41 -> FALSE | M42: =M35=M41 -> FALSE
P43: =M41=Q41 -> TRUE

Sheet ADM-Fixa
A2: ='ADM-Resumo'!A1 -> RODOVIA: BR-232 TRECHO: Km 60 ao 63 OBRA: Área de Escape | L2: =A2 -> RODOVIA: BR-232 TRECHO: Km 60 ao 63 OBRA: Área de Escape
A6: ADMINISTRAÇÃO LOCAL | L6: ADMINISTRAÇÃO LOCAL
A7: PARCELA FIXA - DIMENSIONAMENTO | L7: PARCELA FIXA - DIMENSIONAMENTO
A8: ONERADO | L8: DESONERADO
A10: Quantidades das equipes da parcela fixa e complementar | D10: Homens | I10: Data-base: | J10: ='ADM-Resumo'!F4 -> 45839 | L10: Quantidades das equipes da parcela fixa e complementar | O10: Homens | T10: Data-base: | U10: =J10 -> 45839
A11: Total das equipes de parcela fixa e complementar | D11: =E37 -> 2.5 | L11: Total das equipes de parcela fixa e complementar | O11: =P37 -> 2.5
A13: MÃO DE OBRA | L13: =A13 -> MÃO DE OBRA
A14: Código | B14: Discriminação | C14: Código SICRO | D14: Unidade | E14: Quantidade | F14: Custo Unit (Onerado) (R$) | G14: Custo Total (Onerado) (R$) | L14: Código | M14: Discriminação | N14: Código SICRO | O14: Unidade | P14: Quantidade | Q14: Custo Unit (Desonerado) (R$) | R14: Custo Total (Desonerado) (R$)
A15: 1. | B15: Mão de obra (principal fixa) | L15: =A15 -> 1. | M15: Mão de obra (principal fixa)
A16: 1.1. | B16: Gerência Técnica | L16: =A16 -> 1.1. | M16: =B16 -> Gerência Técnica
A17: 1.1.1. | B17: Geral | L17: =A17 -> 1.1.1. | M17: =B17 -> Geral
A18: 1.1.1.1 | B18: Engenheiro Chefe | C18: P9955 | D18: mês | E18: 0 | F18: =VLOOKUP(C18,'[33]SICRO M.O.(ONERADO)'!A:F,4,0) -> 34476.996 | G18: =F18*E18 -> 0 | L18: =A18 -> 1.1.1.1 | M18: =B18 -> Engenheiro Chefe | N18: P9955 | O18: mês | P18: =E18 -> 0 | Q18: =VLOOKUP(N18,'[33]SICRO M.O.(DESONERADO)'!A:F,4,0) -> 31045.221 | R18: =Q18*P18 -> 0
A19: 1.1.1.2 | B19: Engenheiro supervisor | C19: P9819 | D19: mês | E19: 0.25 | F19: =VLOOKUP(C19,'[33]SICRO M.O.(ONERADO)'!A:F,4,0) -> 27139.329 | G19: =F19*E19 -> 6784.8323 | L19: =A19 -> 1.1.1.2 | M19: =B19 -> Engenheiro supervisor | N19: P9819 | O19: mês | P19: =E19 -> 0.25 | Q19: =VLOOKUP(N19,'[33]SICRO M.O.(DESONERADO)'!A:F,4,0) -> 24456.766 | R19: =Q19*P19 -> 6114.1916
A20: 1.1.1.3 | B20: Encarregado geral | C20: P9840 | D20: mês | E20: 1 | F20: =VLOOKUP(C20,'[33]SICRO M.O.(ONERADO)'!A:F,4,0) -> 11171.625 | G20: =F20*E20 -> 11171.625 | L20: =A20 -> 1.1.1.3 | M20: =B20 -> Encarregado geral | N20: P9840 | O20: mês | P20: =E20 -> 1 | Q20: =VLOOKUP(N20,'[33]SICRO M.O.(DESONERADO)'!A:F,4,0) -> 10114.399 | R20: =Q20*P20 -> 10114.399
A21: 1.1.1.4 | B21: Técnico de meio ambiente | C21: P9897 | D21: mês | F21: =VLOOKUP(C21,'[33]SICRO M.O.(ONERADO)'!A:F,4,0) -> 7622.1497 | G21: =F21*E21 -> 0 | L21: =A21 -> 1.1.1.4 | M21: =B21 -> Técnico de meio ambiente | N21: P9897 | O21: mês | P21: =E21 -> 0 | Q21: =VLOOKUP(N21,'[33]SICRO M.O.(DESONERADO)'!A:F,4,0) -> 6966.0204 | R21: =Q21*P21 -> 0
A22: 1.1.1.5 | B22: Motorista | C22: P9948 | D22: mês | F22: =VLOOKUP(C22,'[33]SICRO M.O.(ONERADO)'!A:F,4,0) -> 5896.6377 | G22: =F22*E22 -> 0 | L22: =A22 -> 1.1.1.5 | M22: =B22 -> Motorista | N22: P9948 | O22: mês | P22: =E22 -> 0 | Q22: =VLOOKUP(N22,'[33]SICRO M.O.(DESONERADO)'!A:F,4,0) -> 5419.0563 | R22: =Q22*P22 -> 0
A23: 1.1.1.6 | B23: Secretária | C23: P9878 | D23: mês | F23: =VLOOKUP(C23,'[33]SICRO M.O.(ONERADO)'!A:F,4,0) -> 6719.5959 | G23: =F23*E23 -> 0 | L23: =A23 -> 1.1.1.6 | M23: =B23 -> Secretária | N23: P9878 | O23: mês | P23: =E23 -> 0 | Q23: =VLOOKUP(N23,'[33]SICRO M.O.(DESONERADO)'!A:F,4,0) -> 6154.9947 | R23: =Q23*P23 -> 0
A24: 1.1.2. | B24: Auxiliar | L24: =A24 -> 1.1.2. | M24: =B24 -> Auxiliar
A25: 1.1.2.1 | B25: Engenheiro auxiliar | C25: P9946 | D25: mês | E25: 0 | F25: =VLOOKUP(C25,'[33]SICRO M.O.(ONERADO)'!A:F,4,0) -> 24878.431 | G25: =F25*E25 -> 0 | L25: =A25 -> 1.1.2.1 | M25: =B25 -> Engenheiro auxiliar | N25: P9946 | O25: mês | P25: =E25 -> 0 | Q25: =VLOOKUP(N25,'[33]SICRO M.O.(DESONERADO)'!A:F,4,0) -> 22426.716 | R25: =Q25*P25 -> 0
A26: 1.1.2.2 | B26: Auxiliar técnico | C26: P9903 | D26: mês | E26: 0.75 | F26: =VLOOKUP(C26,'[33]SICRO M.O.(ONERADO)'!A:F,4,0) -> 4763.972 | G26: =F26*E26 -> 3572.979 | L26: =A26 -> 1.1.2.2 | M26: =B26 -> Auxiliar técnico | N26: P9903 | O26: mês | P26: =E26 -> 0.75 | Q26: =VLOOKUP(N26,'[33]SICRO M.O.(DESONERADO)'!A:F,4,0) -> 4406.6316 | R26: =Q26*P26 -> 3304.9737
A27: 1.2 | B27: Gerência Administrativa | L27: =A27 -> 1.2 | M27: =B27 -> Gerência Administrativa
A28: 1.2.1 | B28: Geral | L28: =A28 -> 1.2.1 | M28: =B28 -> Geral
A29: 1.2.1.1 | B29: Chefe do setor administrativo | C29: P9883 | D29: mês | F29: =VLOOKUP(C29,'[33]SICRO M.O.(ONERADO)'!A:F,4,0) -> 7357.4391 | G29: =F29*E29 -> 0 | L29: =A29 -> 1.2.1.1 | M29: =B29 -> Chefe do setor administrativo | N29: P9883 | O29: mês | P29: =E29 -> 0 | Q29: =VLOOKUP(N29,'[33]SICRO M.O.(DESONERADO)'!A:F,4,0) -> 6681.3799 | R29: =Q29*P29 -> 0
A30: 1.2.1.2 | B30: Encarregado administrativo | C30: P9809 | D30: mês | E30: 0 | F30: =VLOOKUP(C30,'[33]SICRO M.O.(ONERADO)'!A:F,4,0) -> 7357.4401 | G30: =F30*E30 -> 0 | L30: =A30 -> 1.2.1.2 | M30: =B30 -> Encarregado administrativo | N30: P9809 | O30: mês | P30: =E30 -> 0 | Q30: =VLOOKUP(N30,'[33]SICRO M.O.(DESONERADO)'!A:F,4,0) -> 6681.3808 | R30: =Q30*P30 -> 0
A31: 1.2.1.3 | B31: Porteiro | C31: P9896 | D31: mês | F31: =VLOOKUP(C31,'[33]SICRO M.O.(ONERADO)'!A:F,4,0) -> 4232.8134 | G31: =F31*E31 -> 0 | L31: =A31 -> 1.2.1.3 | M31: =B31 -> Porteiro | N31: P9896 | O31: mês | P31: =E31 -> 0 | Q31: =VLOOKUP(N31,'[33]SICRO M.O.(DESONERADO)'!A:F,4,0) -> 3924.5317 | R31: =Q31*P31 -> 0
A32: 1.2.1.4 | B32: Vigia | C32: P9827 | D32: mês | F32: =VLOOKUP(C32,'[33]SICRO M.O.(ONERADO)'!A:F,4,0) -> 4843.939 | G32: =F32*E32 -> 0 | L32: =A32 -> 1.2.1.4 | M32: =B32 -> Vigia | N32: P9827 | O32: mês | P32: =E32 -> 0 | Q32: =VLOOKUP(N32,'[33]SICRO M.O.(DESONERADO)'!A:F,4,0) -> 4472.5481 | R32: =Q32*P32 -> 0
A33: 1.2.1.5 | B33: Motorista | C33: P9948 | D33: mês | F33: =VLOOKUP(C33,'[33]SICRO M.O.(ONERADO)'!A:F,4,0) -> 5896.6377 | G33: =F33*E33 -> 0 | L33: =A33 -> 1.2.1.5 | M33: =B33 -> Motorista | N33: P9948 | O33: mês | P33: =E33 -> 0 | Q33: =VLOOKUP(N33,'[33]SICRO M.O.(DESONERADO)'!A:F,4,0) -> 5419.0563 | R33: =Q33*P33 -> 0
A34: 1.2.2 | B34: Auxiliar | L34: =A34 -> 1.2.2 | M34: =B34 -> Auxiliar
A35: 1.2.2.1 | B35: Auxiliar administrativo | C35: P9806 | D35: mês | F35: =VLOOKUP(C35,'[33]SICRO M.O.(ONERADO)'!A:F,4,0) -> 5029.8543 | G35: =F35*E35 -> 0 | L35: =A35 -> 1.2.2.1 | M35: =B35 -> Auxiliar administrativo | N35: P9806 | O35: mês | P35: =E35 -> 0 | Q35: =VLOOKUP(N35,'[33]SICRO M.O.(DESONERADO)'!A:F,4,0) -> 4633.8159 | R35: =Q35*P35 -> 0
A36: 1.2.2.2 | B36: Faxineiro | C36: P9842 | D36: mês | E36: 0.5 | F36: =VLOOKUP(C36,'[33]SICRO M.O.(ONERADO)'!A:F,4,0) -> 4241.9864 | G36: =F36*E36 -> 2120.9932 | L36: =A36 -> 1.2.2.2 | M36: =B36 -> Faxineiro | N36: P9842 | O36: mês | P36: =E36 -> 0.5 | Q36: =VLOOKUP(N36,'[33]SICRO M.O.(DESONERADO)'!A:F,4,0) -> 3937.4508 | R36: =Q36*P36 -> 1968.7254
A37: 1A.Total da mão de obra da parcela principal fixa | E37: =SUM(E16:E36) -> 2.5 | G37: =SUM(G18:G36) -> 23650.43 | L37: =A37 -> 1A.Total da mão de obra da parcela principal fixa | P37: =SUM(P16:P36) -> 2.5 | R37: =SUM(R16:R36) -> 21502.29
A38: OBS: Ajustes segundo o Memorando-Circular n° 491/2018/DIREX/DNIT | L38: =A38 -> OBS: Ajustes segundo o Memorando-Circular n° 491/2018/DIREX/DNIT
A39: Dimensionada conforme Tabela 14 do volume 07 do Manual de Custos do DNIT - Administração Local
A41: VEÍCULOS | L41: =A41 -> VEÍCULOS
A42: Código | B42: Discriminação | C42: Código SICRO | D42: Unidade | E42: Quantidade | F42: Utilização (h) | H42: Custo horário (R$) | J42: Custo Total (One) | L42: Código | M42: Discriminação | N42: Código SICRO | O42: Unidade | P42: Quantidade | Q42: Utilização (h) | S42: Custo horário (R$) | U42: Custo Total (Des)
F43: Produtiva | G43: Improdutiva | H43: Produtivo | I43: Improdutivo | Q43: Produtiva | R43: Improdutiva | S43: Produtivo | T43: Improdutivo
A44: 2. | B44: Veículos (principal fixa) | L44: =A44 -> 2. | M44: =B44 -> Veículos (principal fixa)
A45: 2.1. | B45: Gerência Técnica | L45: =A45 -> 2.1. | M45: =B45 -> Gerência Técnica
A46: 2.1.1. | B46: Geral | L46: =A46 -> 2.1.1. | M46: =B46 -> Geral
A47: 2.1.1.1. | B47: Veículo leve - 53 kW | C47: E9512 | D47: mês | E47: 1 | F47: 44 | G47: 176 | H47: =VLOOKUP(C47,'[33]EQUIP.(ONERADO)'!A:K,10,0) -> 68.7564 | I47: =VLOOKUP(C47,'[33]EQUIP.(ONERADO)'!A:L,11,0) -> 38.7395 | J47: =$E47*(H47*$F47+I47*$G47) -> 9843.4336 | L47: =A47 -> 2.1.1.1. | M47: =B47 -> Veículo leve - 53 kW | N47: E9512 | O47: mês | P47: =E47 -> 1 | Q47: 44 | R47: 176 | S47: =VLOOKUP(C47,'[33]EQUIP.(DESONERADO)'!A:K,10,0) -> 66.1541 | T47: =VLOOKUP(C47,'[33]EQUIP.(DESONERADO)'!A:L,11,0) -> 36.1372 | U47: =$P47*(S47*$Q47+T47*$R47) -> 9270.9276
A48: 2.1.1.2. | B48: Miniônibus com capacidade para 30 passageiros (sem motorista) | C48: E9239 | D48: mês | F48: 44 | G48: 176 | H48: =VLOOKUP(C48,'[33]EQUIP.(ONERADO)'!A:K,10,0) -> 199.3275 | I48: =VLOOKUP(C48,'[33]EQUIP.(ONERADO)'!A:L,11,0) -> 45.7971 | J48: =$E48*(H48*$F48+I48*$G48) -> 0 | L48: =A48 -> 2.1.1.2. | M48: Ônibus com capacidade para 80 passageiros - 175 kW | N48: E9560 | O48: mês | P48: =E48 -> 0 | Q48: 44 | R48: 176 | S48: =VLOOKUP(C48,'[33]EQUIP.(DESONERADO)'!A:K,10,0) -> 199.3275 | T48: =VLOOKUP(C48,'[33]EQUIP.(DESONERADO)'!A:L,11,0) -> 45.7971 | U48: =$P48*(S48*$Q48+T48*$R48) -> 0
A49: 2.1.2. | B49: Auxiliar | L49: =A49 -> 2.1.2. | M49: =B49 -> Auxiliar
A50: 2.1.2.1. | B50: Veículo leve - 53 kW | C50: E9093 | D50: mês | H50: =VLOOKUP(C50,'[33]EQUIP.(ONERADO)'!A:K,10,0) -> 36.7983 | I50: =VLOOKUP(C50,'[33]EQUIP.(ONERADO)'!A:L,11,0) -> 6.7814 | L50: =A50 -> 2.1.2.1. | M50: =B50 -> Veículo leve - 53 kW | N50: E9093 | O50: mês | P50: =E50 -> 0 | S50: =VLOOKUP(C50,'[33]EQUIP.(DESONERADO)'!A:K,10,0) -> 36.7983 | T50: =VLOOKUP(C50,'[33]EQUIP.(DESONERADO)'!A:L,11,0) -> 6.7814 | U50: =$P50*(S50*$Q50+T50*$R50) -> 0
A51: 2.2. | B51: Gerência Administrativa | L51: =A51 -> 2.2. | M51: =B51 -> Gerência Administrativa
A52: 2.2.1. | B52: Veículo leve - 53 kW | C52: E9093 | D52: mês | F52: 44 | G52: 176 | H52: =VLOOKUP(C52,'[33]EQUIP.(ONERADO)'!A:K,10,0) -> 36.7983 | I52: =VLOOKUP(C52,'[33]EQUIP.(ONERADO)'!A:L,11,0) -> 6.7814 | J52: =$E52*(H52*$F52+I52*$G52) -> 0 | L52: =A52 -> 2.2.1. | M52: =B52 -> Veículo leve - 53 kW | N52: E9093 | O52: mês | P52: =E52 -> 0 | Q52: 44 | R52: 176 | S52: =VLOOKUP(C52,'[33]EQUIP.(DESONERADO)'!A:K,10,0) -> 36.7983 | T52: =VLOOKUP(C52,'[33]EQUIP.(DESONERADO)'!A:L,11,0) -> 6.7814 | U52: =$P52*(S52*$Q52+T52*$R52) -> 0
A53: 2. Total da parcela principal fixa | E53: =SUM(E47:E52) -> 1 | J53: =SUM(J45:J52) -> 9843.4336 | L53: =A53 -> 2. Total da parcela principal fixa | P53: =SUM(P47:P52) -> 1 | U53: =SUM(U45:U52) -> 9270.9276

Sheet ADM-Vinculada
A1: RODOVIA PE-095 TRECHO: ENTR. VPE-140 (ESTRADA DE MALHADA DE PEDRA) - ENTR. BR-104 (CARUARU) | L1: =A1 -> RODOVIA PE-095 TRECHO: ENTR. VPE-140 (ESTRADA DE MALHADA DE PEDRA) - ENTR. BR-104 (CARUARU)
A5: ADMINISTRAÇÃO LOCAL | L5: ADMINISTRAÇÃO LOCAL
A6: PARCELA VINCULADA - DIMENSIONAMENTO | L6: PARCELA VINCULADA - DIMENSIONAMENTO
A7: ONERADO | L7: DESONERADO
I8: Data-base: | J8: 45839 | T8: Data-base: | U8: =J8 -> 45839
A9: Quantidades das equipes da parcela vinculada | D9: Homens | L9: Quantidades das equipes da parcela vinculada | O9: Homens
A10: Total das equipes de parcela vinculada | D10: =E23+E31 -> 4 | L10: Total das equipes de parcela vinculada | O10: =D10 -> 4
A13: 03- Equipe de TOPOGRAFIA proposta para as obras de infraestrutura de transportes | L13: =A13 -> 03- Equipe de TOPOGRAFIA proposta para as obras de infraestrutura de transportes
A14: Código | B14: Discriminação | C14: Código SICRO | D14: Unidade | E14: Quantidade | I14: Custo Unit (Onerado) (R$) | J14: Custo Total (Onerado) (R$) | L14: Código | M14: Discriminação | N14: Código SICRO | O14: Unidade | P14: Quantidade | T14: Custo Unit (R$) | U14: Custo Total (R$)
A15: 3.1 | B15: Mão de obra | L15: =A15 -> 3.1 | M15: =B15 -> Mão de obra
A16: 3.1.1 | B16: Topógrafo | C16: P9949 | D16: mês | E16: 1 | I16: 8914.4106 | J16: =I16*E16 -> 8914.4106 | L16: =A16 -> 3.1.1 | M16: =B16 -> Topógrafo | N16: =C16 -> P9949 | O16: mês | P16: =E16 -> 1 | T16: 8128.5793 | U16: =T16*P16 -> 8128.5793
A17: 3.1.2 | B17: Auxiliar de topografia | C17: P9950 | D17: mês | E17: 2 | I17: 5944.3549 | J17: =I17*E17 -> 11888.71 | L17: =A17 -> 3.1.2 | M17: =B17 -> Auxiliar de topografia | N17: =C17 -> P9950 | O17: mês | P17: 2 | T17: 5480.8588 | U17: =T17*P17 -> 10961.718
A18: 3.2 | B18: Veículos | L18: =A18 -> 3.2 | M18: =B18 -> Veículos
B19: Discriminação | C19: Cód igo SICRO | D19: Unidade | E19: Quantidade | F19: Utilização (h) | H19: Custo horário (R$) | J19: Custo Total | M19: Discriminação | N19: Cód igo SICRO | O19: Unidade | P19: Quantidade | Q19: Utilização (h) | S19: Custo horário (R$) | U19: Custo Total
F20: Produtiva | G20: Improdutiva | H20: Produtivo | I20: Improdutivo | Q20: Produtiva | R20: Improdutiva | S20: Produtivo | T20: Improdutivo
A21: 3.2.1 | B21: Veículo tipo van furgão | C21: E9125 | D21: mês | F21: 44 | G21: 176 | H21: =VLOOKUP(C21,'[33]EQUIP.(ONERADO)'!A:K,10,0) -> 86.4606 | I21: 49.0389 | J21: =$E21*($H21*$F21+$I21*$G21) -> 0 | L21: =A21 -> 3.2.1 | M21: =B21 -> Veículo tipo van furgão | N21: =C21 -> E9125 | O21: mês | P21: =E21 -> 0 | Q21: 44 | R21: 176 | S21: 83.8583 | T21: 46.4366 | U21: =$P21*($S21*$Q21+$T21*$R21) -> 0
A23: Total da Equipe de Produção de TOPOGRAFIA | E23: =SUM(E15:E17) -> 3 | J23: =(SUM(J15:J17))+J21 -> 20803.12 | L23: Total da Equipe de Produção de TOPOGRAFIA | P23: =SUM(P15:P17) -> 3 | U23: =(SUM(U15:U17))+U21 -> 19090.297
A25: 04- Mão de obra da equipe de MEDICINA E SEGURANÇA DO TRABLALHO, | L25: =A25 -> 04- Mão de obra da equipe de MEDICINA E SEGURANÇA DO TRABLALHO,
A26: Código | B26: Discriminação | C26: Código SICRO | D26: Unidade | E26: Quantidade | I26: Custo Unitário (R$) | J26: Custo Totral (R$) | L26: Código | M26: Discriminação | N26: Código SICRO | O26: Unidade | P26: Quantidade | T26: Custo Unitário (R$) | U26: Custo Totral (R$)
A27: 4.1 | B27: Técnico de segurança do trabalho | C27: P9876 | D27: mês | E27: 1 | I27: 7365.8624 | J27: =I27*E27 -> 7365.8624 | L27: =A27 -> 4.1 | M27: =B27 -> Técnico de segurança do trabalho | N27: =C27 -> P9876 | O27: mês | P27: =E27 -> 1 | T27: 6721.9353 | U27: =T27*P27 -> 6721.9353
A28: 4.2 | B28: Engenheiro de segurança do trabalho | C28: P9864 | D28: mês | I28: 24959.615 | J28: =I28*E28 -> 0 | L28: =A28 -> 4.2 | M28: =B28 -> Engenheiro de segurança do trabalho | N28: =C28 -> P9864 | O28: mês | P28: =E28 -> 0 | T28: 22517.449 | U28: =T28*P28 -> 0
A29: 4.3 | B29: Médico do trabalho | C29: P9851 | D29: mês | E29: 0 | I29: 18676.234 | J29: =I29*E29 -> 0 | L29: =A29 -> 4.3 | M29: =B29 -> Médico do trabalho | N29: =C29 -> P9851 | O29: mês | P29: =E29 -> 0 | T29: 16850.327 | U29: =T29*P29 -> 0
A30: 4.4 | B30: Médico de câmara hiperbárica | C30: P9951 | D30: mês | E30: 0 | I30: 21265.91 | J30: =I30*E30 -> 0 | L30: =A30 -> 4.4 | M30: =B30 -> Médico de câmara hiperbárica | N30: =C30 -> P9951 | O30: mês | P30: =E30 -> 0 | T30: 19331.536 | U30: =T30*P30 -> 0
A31: Total da mão de obra da equipe de MEDICINA e SEGURANÇA DO TRABALHO | E31: =SUM(E27:E30) -> 1 | J31: =SUM(J27:J30) -> 7365.8624 | L31: Total da mão de obra da equipe de MEDICINA e SEGURANÇA DO TRABALHO | P31: =SUM(P27:P30) -> 1 | U31: =SUM(U27:U30) -> 6721.9353

Sheet ADM-Variavel$
A1: ='ADM-Resumo'!A1:F3 -> RODOVIA: BR-232 TRECHO: Km 60 ao 63 OBRA: Área de Escape | L1: =A1 -> RODOVIA: BR-232 TRECHO: Km 60 ao 63 OBRA: Área de Escape
I4: Data-base: | J4: ='ADM-Resumo'!F4 -> 45839 | T4: Data-base: | U4: =J4 -> 45839
A5: ADMINISTRAÇÃO LOCAL | L5: ADMINISTRAÇÃO LOCAL
A6: PARCELA VARIÁVEL - EQUIPES PADRÃO | L6: PARCELA VARIÁVEL - EQUIPES PADRÃO
A7: DEMONSTRATIVO ONERADO | L7: DEMONSTRATIVO DESONERADO
A10: Mão de obra de acompanhamento de frentes de serviço | L10: Mão de obra de acompanhamento de frentes de serviço
A11: Código | B11: Discriminação | C11: Código SICRO | D11: Unidade | E11: Quantidade | F11: Custo Unitário (R$) | G11: Custo Totral (R$) | L11: Código | M11: Discriminação | N11: Código SICRO | O11: Unidade | P11: Quantidade | Q11: Custo Unitário (R$) | R11: Custo Totral (R$)
A12: 1.1. | B12: Encarregado de turma | C12: P9875 | D12: mês | F12: =VLOOKUP(C12,'[33]SICRO M.O.(ONERADO)'!$A:$F,4,0) -> 5961.6777 | G12: =$F12*$E12 -> 0 | L12: 1.1. | M12: Encarregado de turma | N12: P9875 | O12: mês | P12: =E12 -> 0 | Q12: =VLOOKUP(N12,'[33]SICRO M.O.(DESONERADO)'!$A:$F,4,0) -> 5473.3439 | R12: =$Q12*$P12 -> 0
A13: 1.2. | B13: Apontador | C13: P9804 | D13: mês | F13: =VLOOKUP(C13,'[33]SICRO M.O.(ONERADO)'!$A:$F,4,0) -> 5024.237 | G13: =$F13*$E13 -> 0 | L13: 1.2. | M13: Apontador | N13: P9804 | O13: mês | P13: =E13 -> 0 | Q13: =VLOOKUP(N13,'[33]SICRO M.O.(DESONERADO)'!$A:$F,4,0) -> 4631.3708 | R13: =$Q13*$P13 -> 0
A14: Total da mão de obra da equipe de acompanhamento de frentes de serviço | E14: =SUM(E12:E13) -> 0 | G14: =SUM(G12:G13) -> 0 | L14: Total da mão de obra da equipe de acompanhamento de frentes de serviço | P14: =SUM(P12:P13) -> 0 | R14: =SUM(R12:R13) -> 0
A15: *Conforme Tabela 23 do Volume 07 - Administração Local do Manual de Custos do DNTI - 2ª Edição
A17: Mão de obra da equipe de laboratório de solos | L17: Mão de obra da equipe de laboratório de solos
A18: 1. | B18: Mão de obra | L18: 1. | M18: Mão de obra
A19: 1.1. | B19: Laboratorista | C19: P9858 | D19: mês | E19: 1 | F19: =VLOOKUP(C19,'[33]SICRO M.O.(ONERADO)'!$A:$F,4,0) -> 7520.1358 | G19: =F19*E19 -> 7520.1358 | L19: 1.1. | M19: Laboratorista | N19: P9858 | O19: mês | P19: =E19 -> 1 | Q19: =VLOOKUP(N19,'[33]SICRO M.O.(DESONERADO)'!$A:$F,4,0) -> 6864.0398 | R19: =$Q19*$P19 -> 6864.0398
A20: 1.2. | B20: Auxiliar de laboratório | C20: P9833 | D20: mês | E20: 2 | F20: =VLOOKUP(C20,'[33]SICRO M.O.(ONERADO)'!$A:$F,4,0) -> 5924.9119 | G20: =F20*E20 -> 11849.824 | L20: 1.2. | M20: Auxiliar de laboratório | N20: P9833 | O20: mês | P20: =E20 -> 2 | Q20: =VLOOKUP(N20,'[33]SICRO M.O.(DESONERADO)'!$A:$F,4,0) -> 5457.9582 | R20: =$Q20*$P20 -> 10915.916
A22: Total da mão de obra da equipe de laboratório de solos | E22: =SUM(E19:E20) -> 3 | G22: =(SUM(G19:G20)) -> 19369.96 | L22: Total da mão de obra da equipe de laboratório de solos | P22: =SUM(P19:P20) -> 3 | R22: =(SUM(R19:R20)) -> 17779.956
A24: Mão de obra da equipe de laboratório de concreto | L24: Mão de obra da equipe de laboratório de concreto
A25: 1. | B25: Mão de obra | L25: 1. | M25: Mão de obra
A26: 1.1. | B26: Laboratorista | C26: P9858 | D26: mês | E26: 1 | F26: =F19 -> 7520.1358 | G26: =F26*E26 -> 7520.1358 | L26: 1.1. | M26: Laboratorista | N26: P9858 | O26: mês | P26: =E26 -> 1 | Q26: =Q19 -> 6864.0398 | R26: =$Q26*$P26 -> 6864.0398
A27: 1.2. | B27: Auxiliar de laboratório | C27: P9833 | D27: mês | E27: 2 | F27: =F20 -> 5924.9119 | G27: =F27*E27 -> 11849.824 | L27: 1.2. | M27: Auxiliar de laboratório | N27: P9833 | O27: mês | P27: =E27 -> 2 | Q27: =Q20 -> 5457.9582 | R27: =$Q27*$P27 -> 10915.916
A29: Total da mão de obra da equipe de laboratório de concreto | E29: =SUM(E26:E27) -> 3 | G29: =(SUM(G26:G27)) -> 19369.96 | L29: Total da mão de obra da equipe de laboratório de concreto | P29: =SUM(P26:P27) -> 3 | R29: =(SUM(R26:R27)) -> 17779.956
A31: Mão de obra da equipe de manejo florestal | L31: Mão de obra da equipe de manejo florestal
A32: 1. | B32: Mão de obra | L32: 1. | M32: Mão de obra
A33: 1.1. | B33: Técnico Florestal | C33: P9947 | D33: mês | E33: 0.25 | F33: =VLOOKUP(C33,'[33]SICRO M.O.(ONERADO)'!$A:$F,4,0) -> 7622.1497 | G33: =F33*E33 -> 1905.5374 | L33: 1.1. | M33: Técnico Florestal | N33: P9947 | O33: mês | P33: =E33 -> 0.25 | Q33: =VLOOKUP(N33,'[33]SICRO M.O.(DESONERADO)'!$A:$F,4,0) -> 6966.0204 | R33: =$Q33*$P33 -> 1741.5051
A35: Total da mão de obra da equipe de Manejo Florestal | E35: =SUM(E33:E33) -> 0.25 | G35: =(SUM(G33:G33)) -> 1905.5374 | L35: Total da mão de obra da equipe de Manejo Florestal | P35: =SUM(P33:P33) -> 0.25 | R35: =(SUM(R33:R33)) -> 1741.5051

Sheet ADM-Variavel
A1: ='ADM-Resumo'!A1:F3 -> RODOVIA: BR-232 TRECHO: Km 60 ao 63 OBRA: Área de Escape
F4: Data-base: | G4: ='ADM-Resumo'!F4 -> 45839
A5: ADMINISTRAÇÃO LOCAL
A6: PARCELA VARIÁVEL - DIMENSIONAMENTO
A8: Quantidades das equipes da parcela variável | D8: Homens | E8: Equipes | F8: HxM | G8: Equipes
A9: Total da equipe de laboratório de solos | D9: ='ADM-Variavel$'!E22 -> 3 | E9: =ROUNDUP(G9,0) -> 1 | F9: =D9*E9 -> 3 | G9: =G31 -> 0.080973975
A10: Total da equipe de laboratório de concreto | D10: ='ADM-Variavel$'!E29 -> 3 | E10: =ROUNDUP(G10,0) -> 1 | F10: =D10*E10 -> 3 | G10: =G43 -> 0.13187
A11: Total das equipes | F11: =SUM(F9:F10) -> 6 | G11: =SUM(G9:G10) -> 0.21284398
A12: Média de HxM mensal | F12: =ROUNDUP(F11/23,0) -> 1
A14: Demonstrativo
A17: Equipes de controle tecnológico
A18: Item da Planilha | B18: Código SICRO | C18: Discriminação | D18: Unidade | E18: Quantidade | F18: QE | G18: EL
A19: Laboratório de solos para terraplenagem
A21: 1.1 | B21: 5502978 | C21: Compactação de aterros a 100% do Proctor normal | D21: m³ | E21: 4724.28 | F21: 165000 | G21: =E21/F21 -> 0.028632
A22: 1.2 | B22: 5503041 | C22: Compactação de aterros a 100% do Proctor intermediário | D22: m³ | E22: 210 | F22: 24300 | G22: =E22/F22 -> 0.0086419753
A23: Total das equipes de laboratório de solos para terraplenagem | G23: =SUM(G21:G22) -> 0.037273975
B25: Código SICRO | C25: Discriminação | D25: Unidade | E25: Quantidade | F25: QE | G25: EL
A26: Laboratório de solos para pavimentação
A27: 1.2 | B27: CPUPAV05 | C27: Base ou sub-base de brita graduada com brita comercial - 100% Proctor modificado | D27: M³ | E27: 467.63 | F27: 10700 | G27: =ROUND(E27/F27,5) -> 0.0437
A28: 1.2 | B28: 4011282 | C28: Base ou sub-base de macadame hidráulico com brita comercial - 100% Proctor modificado | D28: M³ | E28: 217.5 | F28: 25600 | G28: =ROUND(E28/F28,5) -> 0.0085
A30: Total das equipes de laboratório de solos para pavimentação | G30: =SUM(G27:G27) -> 0.0437
A31: TOTAL DAS EQUIPES DE LABORATÓRIO DE SOLOS | G31: =G30+G23 -> 0.080973975
B33: Código SICRO | C33: Discriminação
A35: Laboratório concreto para obras de arte correntes
A36: Equipes de Laboratório de Concreto para OAC | D36: Unidade | E36: Quantidade | F36: ELU | G36: ELC
A37: 3.1 | B37: 0804039 | C37: Corpo de BSTC D = 1,00 m PA2 - areia, brita e pedra de mão comerciais | D37: M | E37: 82 | F37: 0.00037 | G37: =ROUND(E37*F37,5) -> 0.03034
A38: 3.2 | B38: CPUOAC01 | C38: Boca BNAA 03, Adaptávem em BSTC D = 1,00 m - esconsidade 0° - areia e brita comerciais - alas esconsas | D38: UN | E38: 2 | F38: 0.00273 | G38: =ROUND(E38*F38,5) -> 0.00546
A39: Equipes de Laboratório de Concreto para pavimento de concreto | D39: Unidade | E39: Quantidade | F39: QE | G39: EL
A40: 3.3 | B40: 4011218 | C40: Sub-base de concreto adensado por vibração - areia e brita comerciais | D40: M³ | E40: 239.25 | F40: 7900 | G40: =ROUND(E40/F40,5) -> 0.03028
A41: 3.4 | B41: CPUPAV11 | C41: Pavimento de concreto com equipamento de pequeno porte - areia e brita comerciais | D41: M³ | E41: 526.35 | F41: 8000 | G41: =ROUND(E41/F41,5) -> 0.06579
A43: TOTAL DAS EQUIPES DE LABORATÓRIO CONCRETO | G43: =SUM(G37:G42) -> 0.13187
B45: Código SICRO | C45: Discriminação | D45: Unidade | E45: Quantidade | F45: Prod. Horária | G45: Tf
A46: Manejo florestal
A47: 3.6 | B47: 5501700 | C47: Desmatamento, destocamento e limpeza de área com árvores de diâmetro até 0,15m | D47: un | E47: 6710 | F47: 1532.91 | G47: =ROUND(E47/(F47*182.49),5) -> 0.02399
A49: TOTAL DAS EQUIPES DE MANEJO FLORESTAL | G49: =SUM(G47:G47) -> 0.02399

Sheet MANUTENÇÃO DO CANTEIRO E ACAMP.
A1: ='ADM-Variavel$'!A1:J3 -> RODOVIA: BR-232 TRECHO: Km 60 ao 63 OBRA: Área de Escape | I1: =A1 -> RODOVIA: BR-232 TRECHO: Km 60 ao 63 OBRA: Área de Escape
F4: Data-base: | G4: ='ADM-Resumo'!F4 -> 45839 | N4: Data-base: | O4: =G4 -> 45839
A6: ADMINISTRAÇÃO LOCAL | I6: ADMINISTRAÇÃO LOCAL
A7: Manutenção do Canteiro de Obras e Acampamentos | I7: Manutenção do Canteiro de Obras e Acampamentos
A8: ONERADO | I8: DESONERADO
A10: Equipe de Manutenção do Canteiro de Obras e Acampamentos | I10: Equipe de Manutenção do Canteiro de Obras e Acampamentos
A11: Código | B11: Discriminação | C11: Código SICRO | D11: Unidade | E11: Quantidade | F11: Custo Unitário (R$) | G11: Custo Totral (R$) | I11: Código | J11: Discriminação | K11: Código SICRO | L11: Unidade | M11: Quantidade | N11: Custo Unitário (R$) | O11: Custo Totral (R$)
A12: 1. | B12: Manutenção do Canteiro de Obras e Acampamentos | I12: =A12 -> 1. | J12: Manutenção do Canteiro de Obras e Acampamentos
A13: 1.1. | B13: Mão de obra | I13: =A13 -> 1.1. | J13: Mão de obra
A14: 1.1.1. | B14: Pedreiro - mensalista | C14: P9952 | D14: mês | E14: =0.1*G21 -> 0.082603139 | F14: =VLOOKUP(C14,'[33]SICRO M.O.(ONERADO)'!$A:$F,4,0) -> 5095.9624 | G14: =F14*$E14 -> 420.94249 | I14: =A14 -> 1.1.1. | J14: Pedreiro - mensalista | K14: =C14 -> P9952 | L14: mês | M14: =E14 -> 0.082603139 | N14: =VLOOKUP(K14,'[33]SICRO M.O.(DESONERADO)'!$A:$F,4,0) -> 4708.0184 | O14: =N14*$M14 -> 388.8971
A15: 1.1.2. | B15: Servente - mensalista | C15: P9954 | D15: mês | E15: =ROUND((22/220),2)*$G$21 -> 0.082603139 | F15: =VLOOKUP(C15,'[33]SICRO M.O.(ONERADO)'!$A:$F,4,0) -> 4112.1828 | G15: =F15*$E15 -> 339.67921 | I15: =A15 -> 1.1.2. | J15: Servente - mensalista | K15: =C15 -> P9954 | L15: mês | M15: =E15 -> 0.082603139 | N15: =VLOOKUP(K15,'[33]SICRO M.O.(DESONERADO)'!$A:$F,4,0) -> 3825.5891 | O15: =N15*$M15 -> 316.00567
A16: 1.1.3. | B16: Eletricista - mensalista | C16: P9953 | D16: mês | E16: =ROUND((22/220),2)*$G$21 -> 0.082603139 | F16: =VLOOKUP(C16,'[33]SICRO M.O.(ONERADO)'!$A:$F,4,0) -> 5934.9302 | G16: =F16*$E16 -> 490.24387 | I16: =A16 -> 1.1.3. | J16: Eletricista - mensalista | K16: =C16 -> P9953 | L16: mês | M16: =E16 -> 0.082603139 | N16: =VLOOKUP(K16,'[33]SICRO M.O.(DESONERADO)'!$A:$F,4,0) -> 5462.6696 | O16: =N16*$M16 -> 451.23366
A17: Total da Equipe para Manutenção do Canteiro de Obras e Acampamentos | G17: =SUM(G14:G16) -> 1250.8656 | I17: =A17 -> Total da Equipe para Manutenção do Canteiro de Obras e Acampamentos | O17: =SUM(O14:O16) -> 1156.1364
A18: *Conforme Tabela 49 do Vol 07 - Administração Loca do Manual de Custos - 2ª Edição | I18: =A18 -> *Conforme Tabela 49 do Vol 07 - Administração Loca do Manual de Custos - 2ª Edição
A19: Total da Manutenção do Canteiro de Obras e Acampamentos | G19: =G17 -> 1250.8656 | I19: =A19 -> Total da Manutenção do Canteiro de Obras e Acampamentos | O19: =O17 -> 1156.1364
B21: CAC = | C21: ( ACP ) | D21: = | E21: =C25 -> 252.08 | F21: = | G21: =C24 -> 0.82603139 | J21: CAC = | K21: ( ACP ) | L21: = | M21: =K25 -> 252.08 | N21: = | O21: =K24 -> 0.82603139
C22: ( ACR ) | E22: =C26 -> 305.17 | K22: ( ACR ) | M22: =K26 -> 305.17
A24: CAC = | B24: Representa o Coeficiente de Proporcionalidade de Áreas Cobertas; | C24: =C25/C26 -> 0.82603139 | I24: CAC = | J24: Representa o Coeficiente de Proporcionalidade de Áreas Cobertas; | K24: =C24 -> 0.82603139
A25: ACP = | B25: Representa a Área das Instalações Cobertas Previstas em Projeto (m²); | C25: 252.08 | I25: ACP = | J25: Representa a Área das Instalações Cobertas Previstas em Projeto (m²); | K25: =C25 -> 252.08
A26: ACR = | B26: Representa a Área das Instalações Cobertas Referenciais (m²). | C26: 305.17 | D26: *Conforme Tabela 46 do Vol 07 - Administração Local do Manual de Custos - 2ª Edição | I26: ACR = | J26: Representa a Área das Instalações Cobertas Referenciais (m²). | K26: =C26 -> 305.17

Sheet RELAÇÃO MÃO DE OBRA ORDINÁRIA
A1: RODOVIA: | B1: BR-232
A2: TRECHO: | B2: Km 60 ao 63
A3: OBRA | B3: Área de Escape
A5: DADOS DA OBRA
A7: RELAÇÃO DA MÃO DE OBRA DA ADMINISTRAÇÃO LOCAL
A8: MÃO DE OBRA FIXA : | F8: 4
A9: MÃO DE OBRA VINCULADA : | F9: 4
A10: MÃO DE OBRA VARIÁVEL : | F10: 7
A12: RELAÇÃO DA MÃO DE OBRA DA ADMINISTRAÇÃO LOCAL
A14: ITEM | B14: CÓDIGO | C14: DISCRIMINAÇÃO | D14: UNIDADE | E14: QUANTIDADE | F14: HORAS/MÊS | G14: HOMENS/MÊS
A16: 1 | B16: P9824 | C16: SERVENTE | D16: H | E16: 11141.43 | F16: 182.49 | G16: =E16/F16 -> 61.052277
A17: 2 | B17: P9801 | C17: AJUDANTE | D17: H | E17: 7356.0793 | F17: 182.49 | G17: =E17/F17 -> 40.309493
A18: 3 | B18: P9805 | C18: ARMADOR | D18: H | E18: 3834.3041 | F18: 182.49 | G18: =E18/F18 -> 21.011037
A19: 4 | B19: P9808 | C19: CARPINTEIRO | D19: H | E19: 3267.9356 | F19: 182.49 | G19: =E19/F19 -> 17.907477
A20: 5 | B20: P9821 | C20: PEDREIRO | D20: H | E20: 489.02531 | F20: 182.49 | G20: =E20/F20 -> 2.6797376
A21: 6 | B21: P9810 | C21: ELETRICISTA | D21: H | E21: 238.9433 | F21: 182.49 | G21: =E21/F21 -> 1.3093501
A22: 7 | B22: P9830 | C22: MONTADOR | D22: H | E22: 124.882 | F22: 182.49 | G22: =E22/F22 -> 0.68432241
A23: 8 | B23: P9822 | C23: PINTOR | D23: H | E23: 46.175606 | F23: 182.49 | G23: =E23/F23 -> 0.25303088
A24: 9 | B24: P9852 | C24: BLASTER | D24: H | E24: 23.812993 | F24: 182.49 | G24: =E24/F24 -> 0.1304893
A25: 10 | B25: P9853 | C25: PRÉ-MARCADOR | D25: H | E25: 29.443575 | F25: 182.49 | G25: =E25/F25 -> 0.1613435
A26: 11 | B26: P9823 | C26: SERRALHEIRO | D26: H | E26: 18.359339 | F26: 182.49 | G26: =E26/F26 -> 0.10060463
A27: 12 | B27: P9825 | C27: SOLDADOR | D27: H | E27: 2.134785 | F27: 182.49 | G27: =E27/F27 -> 0.011698093
... A32: 17 | B32: P9846 | C32: OPERADOR DE EQUIPAMENTO ESPECIAL | D32: H | E32: 58.68 | F32: 182.49 | G32: =E32/F32 -> 0.32155187
A34: TOTAL | E34: =SUM(E16:E33) -> 32235.414 | G34: =SUM(G16:G33) -> 176.64208
A35: PRAZO DA OBRA | D35: meses | E35: 10
A36: HOMENS/MÊS MÉDIO | G36: =ROUNDUP(G34/E35,0) -> 18
A38: CARACTERIZAÇÃO DA OBRA
A40: OBSERVAÇÃO : | C40: Consoante às recomendações constantes do Item 9.4 - Quantidade de Funcionários nos Canteiros presente no Volume 07 - Canteiros de Obras do Manual de Custos, deve-se aplicar o coeficiente de 1,33 sobre a mão de obra ordinária e a parcela variável da administração local para determinação da quantidade máxima de funcionários/mês envolvidos no ápice do empreendimento.
D45: COEFICIENTE: | G45: 1.33
A47: 1. Número de Funcionários da Mão de Obra Ordinária no Mês de Pico - (NMO) = | F47: =ROUND(G36*$G$45,0) -> 24
A49: 2. Número de Funcionários da Parcela Variável no Mês de Pico - (NPV) = | F49: =ROUND(F10*$G$45,0) -> 9
A51: 4. Número de Funcionários das Parcelas Fixa e Vinculada - (NPF-V) = | F51: =ROUND((F8+F9),0) -> 8
A53: 5. Número de Funcionários Alojados no Canteiro - (NFA) = | F53: =F51+((G36+F10)/2) -> 20.5
A55: 6. Número Máximo de Funcionários - (NMAX) = | F55: =F47+F49+F51 -> 41

Sheet CANTEIRO CONTEINER
A1: ESTUDOS E PROJETOS PARA IMPLANTAÇÃO DE RAMO DE EMERGÊNCIA (ÁREA DE ESCAPE) NA RODOVIA BR-232, ENTRE OS KM 60 E 63
A2: RODOVIA: BR-232 SUB-TRECHO: Km 60 ao 63 OBRA: Área de Escape
A4: DIMENSIONAMENTO DO CANTEIRO DE OBRAS PRINCIPAL
A5: Data-base: Julho/2025
A6: 1) CANTEIRO PRINCIPAL
A9: Planejamento das unidades do canteiro em containers
A10: Instalação | B10: Tipo de container | C10: Áreas de referência Conteiner (und) | D10: Quantidade
A11: Escritório e seção técnica | B11: M0059 | C11: 29.74 | D11: 1
A12: Alojamentos | B12: M0059 | C12: 14.79 | D12: 1
A13: Residências | B13: M0059 | C13: 14.79
A14: Refeitório e cozinha | B14: M0058 | C14: 29.57 | D14: 1
B15: M0057 | C15: 29.57 | D15: 1
A16: Banheiros e vestiário | B16: M0041 | C16: 14.79 | D16: 1
A17: Guarita | B17: M0071 | C17: 7.44 | D17: 1
A18: Ambulatório | B18: M0059 | C18: 29.74 | D18: 1
A19: Almoxarifado | B19: M0042 | C19: 29.74 | D19: 1
A20: Depósito de cimento | B20: M0042 | C20: 29.57 | D20: 1
A21: Oficina | B21: M0042 | C21: 14.79 | D21: 1
B22: M0060 | C22: 11.15 | D22: 0
B23: M0065 | C23: 11.15 | D23: 0
A24: Laboratório | B24: M0042 | C24: 11.17 | D24: 2
A26: Canteiro tipo para obras de intervenções pontuais
A27: Conforme Tabela 30 do Volume 06 do Manual de Custos do DNIT - Canterio de Obras - 2ª edição
A30: ÁREAS COBERTAS DO CANTEIRO
A31: Descrição | E31: Tipo de Container | F31: Unidade | G31: Quantidade | H31: Área total | I31: Custo unitário | J31: Custo total
A32: =A11&" (Área = "&C11&" m²) - "&INDEX([34]MATERIAIS!B:B,MATCH($E32,[34]MATERIAIS!A:A,0)) -> Escritório e seção técnica (Área = 29,74 m²) - Contêiner com revestimento térmico, janela e banheiro - L = 2,44 m e C = 6,09 m (1 TEU) | E32: =B11 -> M0059 | F32: und | G32: =D11 -> 1 | H32: =(IF(C11="Não Considerado",0,C11))*G32 -> 29.74 | I32: =INDEX([34]MATERIAIS!D:D,MATCH($E32,[34]MATERIAIS!A:A,0)) -> 64066.727 | J32: =I32*G32 -> 64066.727
A33: =A12&" (Área = "&C12&" m²) - "&INDEX([34]MATERIAIS!B:B,MATCH($E33,[34]MATERIAIS!A:A,0)) -> Alojamentos (Área = 14,79 m²) - Contêiner com revestimento térmico, janela e banheiro - L = 2,44 m e C = 6,09 m (1 TEU) | E33: =B12 -> M0059 | F33: und | G33: =D12 -> 1 | H33: =(IF(C12="Não Considerado",0,C12))*G33 -> 14.79 | I33: =INDEX([34]MATERIAIS!D:D,MATCH($E33,[34]MATERIAIS!A:A,0)) -> 64066.727 | J33: =I33*G33 -> 64066.727
A34: =A13&" (Área = "&C13&" m²) - "&INDEX([34]MATERIAIS!B:B,MATCH($E34,[34]MATERIAIS!A:A,0)) -> Residências (Área = 14,79 m²) - Contêiner com revestimento térmico, janela e banheiro - L = 2,44 m e C = 6,09 m (1 TEU) | E34: =B13 -> M0059 | F34: und | G34: =D13 -> 0 | H34: =(IF(C13="Não Considerado",0,C13))*G34 -> 0 | I34: =INDEX([34]MATERIAIS!D:D,MATCH($E34,[34]MATERIAIS!A:A,0)) -> 64066.727 | J34: =I34*G34 -> 0
A35: =A14&" (Área = "&C14&" m²) - "&INDEX([34]MATERIAIS!B:B,MATCH($E35,[34]MATERIAIS!A:A,0)) -> Refeitório e cozinha (Área = 29,57 m²) - Contêiner com janela e 2 banheiros - L = 4,88 m e C = 6,09 m (1 TEU duplo) | E35: =B14 -> M0058 | F35: und | G35: =D14 -> 1 | H35: =(IF(C14="Não Considerado",0,C14))*G35 -> 29.57 | I35: =INDEX([34]MATERIAIS!D:D,MATCH($E35,[34]MATERIAIS!A:A,0)) -> 156419.25 | J35: =I35*G35 -> 156419.25
A36: =A14&" (Área = "&C15&" m²) - "&INDEX([34]MATERIAIS!B:B,MATCH($E36,[34]MATERIAIS!A:A,0)) -> Refeitório e cozinha (Área = 29,57 m²) - Contêiner com janela - L = 4,88 m e C = 6,09 m (1 TEU duplo) | E36: =B15 -> M0057 | F36: und | G36: =D15 -> 1 | H36: =(IF(C15="Não Considerado",0,C15))*G36 -> 29.57 | I36: =INDEX([34]MATERIAIS!D:D,MATCH($E36,[34]MATERIAIS!A:A,0)) -> 151404.25 | J36: =I36*G36 -> 151404.25
A37: =A16&" (Área = "&C16&" m²) - "&INDEX([34]MATERIAIS!B:B,MATCH($E37,[34]MATERIAIS!A:A,0)) -> Banheiros e vestiário (Área = 14,79 m²) - Contêiner com 2 banheiros - L = 2,44 m e C = 6,09 m (1 TEU) | E37: =B16 -> M0041 | F37: und | G37: =D16 -> 1 | H37: =(IF(C16="Não Considerado",0,C16))*G37 -> 14.79 | I37: =INDEX([34]MATERIAIS!D:D,MATCH($E37,[34]MATERIAIS!A:A,0)) -> 103786.12 | J37: =I37*G37 -> 103786.12
A38: =A17&" (Área = "&C17&" m²) - "&INDEX([34]MATERIAIS!B:B,MATCH($E38,[34]MATERIAIS!A:A,0)) -> Guarita (Área = 7,44 m²) - Contêiner com 3 janelas para guarita - L = 2,44 m e C = 3,05 m (1/2 TEU) | E38: =B17 -> M0071 | F38: und | G38: =D17 -> 1 | H38: =(IF(C17="Não Considerado",0,C17))*G38 -> 7.44 | I38: =INDEX([34]MATERIAIS!D:D,MATCH($E38,[34]MATERIAIS!A:A,0)) -> 51647.659 | J38: =I38*G38 -> 51647.659
A39: =A18&" (Área = "&C18&" m²) - "&INDEX([34]MATERIAIS!B:B,MATCH($E39,[34]MATERIAIS!A:A,0)) -> Ambulatório (Área = 29,74 m²) - Contêiner com revestimento térmico, janela e banheiro - L = 2,44 m e C = 6,09 m (1 TEU) | E39: =B18 -> M0059 | F39: und | G39: =D18 -> 1 | H39: =(IF(C18="Não Considerado",0,C18))*G39 -> 29.74 | I39: =INDEX([34]MATERIAIS!D:D,MATCH($E39,[34]MATERIAIS!A:A,0)) -> 64066.727 | J39: =I39*G39 -> 64066.727
A40: =A19&" (Área = "&C19&" m²) - "&INDEX([34]MATERIAIS!B:B,MATCH($E40,[34]MATERIAIS!A:A,0)) -> Almoxarifado (Área = 29,74 m²) - Contêiner com janela - L = 2,44 m e C = 6,09 m (1 TEU) | E40: =B19 -> M0042 | F40: und | G40: =D19 -> 1 | H40: =(IF(C19="Não Considerado",0,C19))*G40 -> 29.74 | I40: =INDEX([34]MATERIAIS!D:D,MATCH($E40,[34]MATERIAIS!A:A,0)) -> 44107.027 | J40: =I40*G40 -> 44107.027
A41: =A20&" (Área = "&C20&" m²) - "&INDEX([34]MATERIAIS!B:B,MATCH($E41,[34]MATERIAIS!A:A,0)) -> Depósito de cimento (Área = 29,57 m²) - Contêiner com janela - L = 2,44 m e C = 6,09 m (1 TEU) | E41: =B20 -> M0042 | F41: und | G41: =D20 -> 1 | H41: =(IF(C20="Não Considerado",0,C20))*G41 -> 29.57 | I41: =INDEX([34]MATERIAIS!D:D,MATCH($E41,[34]MATERIAIS!A:A,0)) -> 44107.027 | J41: =I41*G41 -> 44107.027
A42: =A21&" (Área = "&C19&" m²) - "&INDEX([34]MATERIAIS!B:B,MATCH($E42,[34]MATERIAIS!A:A,0)) -> Oficina (Área = 29,74 m²) - Contêiner com janela - L = 2,44 m e C = 6,09 m (1 TEU) | E42: =B21 -> M0042 | F42: und | G42: =D21 -> 1 | H42: =(IF(C21="Não Considerado",0,C21))*G42 -> 14.79 | I42: =INDEX([34]MATERIAIS!D:D,MATCH($E42,[34]MATERIAIS!A:A,0)) -> 44107.027 | J42: =I42*G42 -> 44107.027
A43: =A21&" (Área = "&C20&" m²) - "&INDEX([34]MATERIAIS!B:B,MATCH($E43,[34]MATERIAIS!A:A,0)) -> Oficina (Área = 29,57 m²) - Contêiner com janela - L = 2,44 m e C = 4,58 m (3/4 TEU) | E43: =B22 -> M0060 | F43: und | G43: =D22 -> 0 | H43: =(IF(C22="Não Considerado",0,C22))*G43 -> 0 | I43: =INDEX([34]MATERIAIS!D:D,MATCH($E43,[34]MATERIAIS!A:A,0)) -> 65170.624 | J43: =I43*G43 -> 0
A44: =A21&" (Área = "&C21&" m²) - "&INDEX([34]MATERIAIS!B:B,MATCH($E44,[34]MATERIAIS!A:A,0)) -> Oficina (Área = 14,79 m²) - Contêiner com janela e banheiro - L = 2,44 m e 4,58 m (3/4 TEU) | E44: =B23 -> M0065 | F44: und | G44: =D23 -> 0 | H44: =(IF(C23="Não Considerado",0,C23))*G44 -> 0 | I44: =INDEX([34]MATERIAIS!D:D,MATCH($E44,[34]MATERIAIS!A:A,0)) -> 83224.624 | J44: =I44*G44 -> 0
A45: =A24&" (Área = "&C24&" m²) - "&INDEX([34]MATERIAIS!B:B,MATCH($E45,[34]MATERIAIS!A:A,0)) -> Laboratório (Área = 11,17 m²) - Contêiner com janela - L = 2,44 m e C = 6,09 m (1 TEU) | E45: =B24 -> M0042 | F45: und | G45: =D24 -> 2 | H45: =(IF(C24="Não Considerado",0,C24))*G45 -> 22.34 | I45: =INDEX([34]MATERIAIS!D:D,MATCH($E45,[34]MATERIAIS!A:A,0)) -> 44107.027 | J45: =I45*G45 -> 88214.053
E46: TOTAIS | G46: =SUM(G32:G45) -> 12 | H46: =SUM(H32:H45) -> 252.08 | J46: =SUM(J32:J45) -> 875992.59
A47: OBS: Ajustes segundo o Memorando-Circular n° 491/2018/DIREX/DNIT
A49: Fator de Mobiliário e Aparelhagem (k2)
A51: k2 = | B51: 1.13
A63: Dimensionamento das áreas descobertas
A65: Área descoberta do canteiro principal
A66: Área coberta (m²) | B66: Relação Área coberta/Área total | C66: Área total (m²)
A67: =H46 -> 252.08 | B67: 0.234 | C67: =A67/B67 -> 1077.265
A75: DADOS DA OBRA
A76: DESCRIÇÃO | C76: QUANTIDADE
A77: PRAZO DA OBRA (MÊS) | C77: 10
A78: VIDA ÚTIL CONTEINERS (MÊS) | C78: 120
A79: CMCC (ONERADO) = | C79: 1777.58
A80: CMCC (DESONERADO)= | C80: 1669.89
A81: FEAT | C81: 0.01
A83: CIP (ONERADO) = | B83: =(C77/C78)*((B51*G46*J46))+C67*C81*C79 -> 1009020.9 | C83: (Custo do Canteiro de Intervenções Pontuais - Onerado)
A84: CIP (DESONERADO) = | B84: =(C77/C78)*((B51*G46*J46))+C67*C81*C80 -> 1007860.8 | C84: (Custo do Canteiro de Intervenções Pontuais - Desonerado)

Sheet MAPA COTAÇAO
A2: OBJETO: PROJETOS PARA IMPLANTAÇÃO DE RAMO DE EMERGÊNCIA (ÁREA DE ESCAPE) NA RODOVIA BR-232, ENTRE OS KM 60 E 63
A3: SUB-TRECHO: Km 60 ao 63
A4: OBRA: Área de Escape
L5: Data-Base : JULHO/2025 | W5: 2
A6: MAPA DE COTAÇÃO, REAJUSTAMENTO E ESTUDO DO BINÔMIO AQUISIÇÃO + TRANSPORTE | W6: 2
A7: ITEM | B7: DESCRIÇÃO | C7: UN | D7: REAJUST | E7: TRANSPORTE | F7: FORNECEDOR | H7: AREASIL | I7: AREAL MULATA | J7: M. A. da Silva | W7: 4
A8: COT-001 | B8: AREIA MÉDIA LAVADA | C8: M³ | D8: INDICE DATA-BASE | E8: CÓD. SICRO | F8: CNPJ | H8: 01.335.938/0001-25 | I8: 35.598.168/0001-25 | J8: 12.908.219/0001-72 | W8: 3
F9: CONTATO | H9: (81)3577-1580 | I9: (81) 99456-6346 | J9: (81) 991497721 | W9: 2
D10: DRE | E10: 5914389 | F10: DATA DA COTAÇÃO | H10: 45965 | I10: 45989 | J10: 45666 | W10: 2
F11: DENSIDADE | W11: 4
D12: 484.688 | E12: CUSTO | F12: INDICE COTAÇÃO | H12: 492.689 | I12: 492.689 | J12: 492.689 | W12: 2
E13: LN | F13: COEFICIENTE REAJ. | H13: =$D12/H12 -> 0.98376055 | I13: =$D12/I12 -> 0.98376055 | J13: =$D12/J12 -> 0.98376055 | W13: 0
E14: 1.24 | F14: PREÇO | H14: 90 | I14: =530/12 -> 44.166667 | J14: 60 | W14: 0
F15: PREÇO REAJUSTADO | H15: =H14*H13 -> 88.538449 | I15: =I14*I13 -> 43.449424 | J15: =J14*J13 -> 59.025633
E16: RP | F16: TRANSPORTE (FORN- CANT) | G16: TIPO | H16: FOB | I16: FOB | J16: FOB
E17: 0.99 | G17: D. LN | H17: 1.1 | I17: 2.8 | J17: 4.62
G18: D. RP
E19: P | G19: D. P | H19: =118-1.1 -> 116.9 | I19: =110-2.8 -> 107.2 | J19: 104
E20: 0.82 | G20: TOTAL | H20: =IF(H16="CIF",0,((H17*$E14)+(H18*$E17)+(H19*$E20)*1.5)) -> 145.151 | I20: =IF(I16="CIF",0,((I17*$E14)+(I18*$E17)+(I19*$E20)*1.5)) -> 135.328 | J20: =IF(J16="CIF",0,((J17*$E14)+(J18*$E17)+(J19*$E20)*1.5)) -> 133.6488
F21: BINOMIO | H21: =H20+H15 -> 233.68945 | I21: =I20+I15 -> 178.77742 | J21: =J20+J15 -> 192.67443
A23: ITEM | B23: DESCRIÇÃO | C23: UN | D23: REAJUST | E23: TRANSPORTE | F23: FORNECEDOR | H23: AREASIL | I23: AREAL MULATA | J23: M. A. da Silva
A24: COT-002 | B24: AREIA GROSSA LAVADA | C24: M³ | D24: INDICE DATA-BASE | E24: CÓD. SICRO | F24: CNPJ | H24: 01.335.938/0001-25 | I24: 35.598.168/0001-25 | J24: 12.908.219/0001-72
F25: CONTATO | H25: (81)3577-1580 | I25: (81) 99456-6346 | J25: (81) 991497721
D26: TER | E26: 5914389 | F26: DATA DA COTAÇÃO | H26: 04.11.2025 * | I26: 45989 | J26: 45666
F27: DENSIDADE
D28: 501.1 | E28: CUSTO | F28: INDICE COTAÇÃO | H28: 503.834 | I28: 503.834 | J28: 503.834
E29: LN | F29: COEFICIENTE REAJ. | H29: =$D28/H28 -> 0.99457361 | I29: =$D28/I28 -> 0.99457361 | J29: =$D28/J28 -> 0.99457361
E30: 1.24 | F30: PREÇO | H30: 90 | I30: =530/12 -> 44.166667 | J30: 60
F31: PREÇO REAJUSTADO | H31: =H30*H29 -> 89.511625 | I31: =I30*I29 -> 43.927001 | J31: =J30*J29 -> 59.674417
E32: RP | F32: TRANSPORTE (FORN- CANT) | G32: TIPO | H32: FOB | I32: FOB | J32: FOB
E33: 0.99 | G33: D. LN | H33: 1.1 | I33: 2.8 | J33: 4.62
G34: D. RP
E35: P | G35: D. P | H35: =118-1.1 -> 116.9 | I35: =110-2.8 -> 107.2 | J35: 104
E36: 0.82 | G36: TOTAL | H36: =IF(H32="CIF",0,((H33*$E30)+(H34*$E33)+(H35*$E36)*1.5)) -> 145.151 | I36: =IF(I32="CIF",0,((I33*$E30)+(I34*$E33)+(I35*$E36)*1.5)) -> 135.328 | J36: =IF(J32="CIF",0,((J33*$E30)+(J34*$E33)+(J35*$E36)*1.5)) -> 133.6488
F37: BINOMIO | H37: =H36+H31 -> 234.66262 | I37: =I36+I31 -> 179.255 | J37: =J36+J31 -> 193.32322
A39: ITEM | B39: DESCRIÇÃO | C39: UN | D39: REAJUST | E39: TRANSPORTE | F39: FORNECEDOR | H39: MINECAL | I39: ITAMATAMIRIM | J39: ITAMATAMIRIM | K39: MINÉRIOS BOM JARDIM | L39: PEDR. VITÓRIA | M39: PEDR. VITÓRIA | N39: ok
A40: COT-003 | B40: PÓ DE PEDRA | C40: M³ | D40: INDICE DATA-BASE | E40: CÓD. SICRO | F40: CNPJ | H40: 21.045.647/0001-00 | I40: 06.250.109/0001-63 | J40: 06.250.109/0001-63 | L40: 05.402.013/0001-00 | M40: 05.402.013/0001-00
F41: CONTATO | H41: (81) 9.9483-5914/9.9483-5514 | I41: (81)99793-3636 | J41: (81)99793-3636 | K41: (81) 99800 4377 | L41: (81) 99168-6803 | M41: (81) 99168-6803
D42: PAV | E42: 5914389 | F42: DATA DA COTAÇÃO | H42: 45992 | I42: 45986 | J42: 45986 | K42: 45992 | L42: 46031 | M42: 46031
F43: DENSIDADE | H43: 1.5 | I43: 1.5 | J43: 1.5 | L43: 1.5 | M43: 1.5
D44: 587.477 | E44: CUSTO | F44: INDICE COTAÇÃO | H44: 590.669 | I44: 590.669 | J44: 590.669 | K44: 590.669 | L44: 590.669 | M44: 590.669
E45: LN | F45: COEFICIENTE REAJ. | H45: =$D44/H44 -> 0.99459596 | I45: =$D44/I44 -> 0.99459596 | J45: =$D44/J44 -> 0.99459596 | K45: =$D44/K44 -> 0.99459596 | L45: =$D44/L44 -> 0.99459596 | M45: =$D44/M44 -> 0.99459596
E46: 1.24 | F46: PREÇO | H46: 130 | I46: 118.19 | J46: 75 | K46: 65 | L46: 70 | M46: 100
F47: PREÇO REAJUSTADO | H47: =H46*H45 -> 129.29747 | I47: =I46*I45 -> 117.5513 | J47: =J46*J45 -> 74.594697 | K47: =K46*K45 -> 64.648737 | L47: =L46*L45 -> 69.621717 | M47: =M46*M45 -> 99.459596
E48: RP | F48: TRANSPORTE (FORN- CANT) | G48: TIPO | H48: CIF | I48: CIF | J48: FOB | K48: FOB | L48: FOB | M48: CIF
E49: 0.99 | G49: D. LN | K49: 0.45 | L49: 1.7
G50: D. RP
E51: P | G51: D. P | J51: 41.4 | K51: 96.2 | L51: 38.3
E52: 0.82 | G52: TOTAL | H52: =IF(H48="CIF",0,((H49*$E46)+(H50*$E49)+(H51*$E52)*1.5)) -> 0 | J52: =IF(J48="CIF",0,((J49*$E46)+(J50*$E49)+(J51*$E52)*1.5)) -> 50.922 | K52: =IF(K48="CIF",0,((K49*$E46)+(K50*$E49)+(K51*$E52)*1.5)) -> 118.884 | L52: =IF(L48="CIF",0,((L49*$E46)+(L50*$E49)+(L51*$E52)*1.5)) -> 49.217 | M52: =IF(M48="CIF",0,((M49*$E46)+(M50*$E49)+(M51*$E52)*1.5)) -> 0
F53: BINOMIO | H53: =H52+H47 -> 129.29747 | I53: =I52+I47 -> 117.5513 | J53: =J52+J47 -> 125.5167 | K53: =K52+K47 -> 183.53274 | L53: =L52+L47 -> 118.83872 | M53: =M52+M47 -> 99.459596
A55: ITEM | B55: DESCRIÇÃO | C55: UN | D55: REAJUST | E55: TRANSPORTE | F55: FORNECEDOR | H55: MINECAL | I55: ITAMATAMIRIM | J55: ITAMATAMIRIM | K55: PEDR. VITÓRIA | L55: PEDR. VITÓRIA | N55: ok
A56: COT-004 | B56: BRITA 0 | C56: M³ | D56: INDICE DATA-BASE | E56: CÓD. SICRO | F56: CNPJ | H56: 21.045.647/0001-00 | I56: 06.250.109/0001-63 | J56: 06.250.109/0001-63 | K56: 05.402.013/0001-00 | L56: 05.402.013/0001-00
F57: CONTATO | H57: (81) 9.9483-5914/9.9483-5514 | I57: (81)99793-3636 | J57: (81)99793-3636 | K57: (81) 99168-6803 | L57: (81) 99168-6803
D58: PAV | E58: 5914389 | F58: DATA DA COTAÇÃO | H58: 45992 | I58: 45986 | J58: 45986 | K58: 46031 | L58: 46031
F59: DENSIDADE | H59: 1.4 | I59: 1.4 | J59: 1.4 | K59: 1.35 | L59: 1.35
D60: 587.477 | E60: CUSTO | F60: INDICE COTAÇÃO | H60: 590.669 | I60: 590.669 | J60: 590.669 | K60: 590.669 | L60: 590.669
E61: LN | F61: COEFICIENTE REAJ. | H61: =$D60/H60 -> 0.99459596 | I61: =$D60/I60 -> 0.99459596 | J61: =$D60/J60 -> 0.99459596 | K61: =$D60/K60 -> 0.99459596 | L61: =$D60/L60 -> 0.99459596
E62: 1.24 | F62: PREÇO | H62: 150 | I62: 131 | J62: 83 | K62: 81 | L62: 111
F63: PREÇO REAJUSTADO | H63: =H62*H61 -> 149.18939 | I63: =I62*I61 -> 130.29207 | J63: =J62*J61 -> 82.551465 | K63: =K62*K61 -> 80.562273 | L63: =L62*L61 -> 110.40015
E64: RP | F64: TRANSPORTE (FORN- CANT) | G64: TIPO | H64: CIF | I64: CIF | J64: FOB | K64: FOB | L64: CIF
E65: 0.99 | G65: D. LN | K65: 1.7
G66: D. RP
E67: P | G67: D. P | J67: 41.4 | K67: 38.3
E68: 0.82 | G68: TOTAL | H68: =IF(H64="CIF",0,((H65*$E62)+(H66*$E65)+(H67*$E68)*1.5)) -> 0 | J68: =IF(J64="CIF",0,((J65*$E62)+(J66*$E65)+(J67*$E68)*1.5)) -> 50.922 | K68: =IF(K64="CIF",0,((K65*$E62)+(K66*$E65)+(K67*$E68)*1.5)) -> 49.217 | L68: =IF(L64="CIF",0,((L65*$E62)+(L66*$E65)+(L67*$E68)*1.5)) -> 0 | M68: =IF(M64="CIF",0,((M65*$E62)+(M66*$E65)+(M67*$E68)*1.5)) -> 0
F69: BINOMIO | H69: =H68+H63 -> 149.18939 | I69: =I68+I63 -> 130.29207 | J69: =J68+J63 -> 133.47346 | K69: =K68+K63 -> 129.77927 | L69: =L68+L63 -> 110.40015 | M69: =M68+M63 -> 0
A71: ITEM | B71: DESCRIÇÃO | C71: UN | D71: REAJUST | E71: TRANSPORTE | F71: FORNECEDOR | H71: MINECAL | I71: ITAMATAMIRIM | J71: ITAMATAMIRIM | K71: MINÉRIOS BOM JARDIM | L71: PEDR. VITÓRIA | M71: PEDR. VITÓRIA | N71: ok
A72: COT-005 | B72: BRITA 1 | C72: M³ | D72: INDICE DATA-BASE | E72: CÓD. SICRO | F72: CNPJ | H72: 21.045.647/0001-00 | I72: 06.250.109/0001-63 | J72: 06.250.109/0001-63 | L72: 05.402.013/0001-00 | M72: 05.402.013/0001-00
F73: CONTATO | H73: (81) 9.9483-5914/9.9483-5514 | I73: (81)99793-3636 | J73: (81)99793-3636 | K73: (81) 99800 4377 | L73: (81) 99168-6803 | M73: (81) 99168-6803
D74: PAV | E74: 5914389 | F74: DATA DA COTAÇÃO | H74: 45992 | I74: 45986 | J74: 45986 | K74: 45992 | L74: 46031 | M74: 46031
F75: DENSIDADE | H75: 1.4 | I75: 1.45 | J75: 1.45 | L75: 1.4 | M75: 1.4
D76: 587.477 | E76: CUSTO | F76: INDICE COTAÇÃO | H76: 590.669 | I76: 590.669 | J76: 590.669 | K76: 590.669 | L76: 590.669 | M76: 590.669
E77: LN | F77: COEFICIENTE REAJ. | H77: =$D76/H76 -> 0.99459596 | I77: =$D76/I76 -> 0.99459596 | J77: =$D76/J76 -> 0.99459596 | K77: =$D76/K76 -> 0.99459596 | L77: =$D76/L76 -> 0.99459596 | M77: =$D76/M76 -> 0.99459596
E78: 1.24 | F78: PREÇO | H78: 150 | I78: 131 | J78: 83 | K78: 90 | L78: 84 | M78: 114
F79: PREÇO REAJUSTADO | H79: =H78*H77 -> 149.18939 | I79: =I78*I77 -> 130.29207 | J79: =J78*J77 -> 82.551465 | K79: =K78*K77 -> 89.513636 | L79: =L78*L77 -> 83.54606 | M79: =M78*M77 -> 113.38394
E80: RP | F80: TRANSPORTE (FORN- CANT) | G80: TIPO | H80: CIF | I80: CIF | J80: FOB | K80: FOB | L80: FOB | M80: CIF
E81: 0.99 | G81: D. LN | K81: 0.45 | L81: 1.7
G82: D. RP
E83: P | G83: D. P | J83: 41.4 | K83: 96.2 | L83: 38.3
E84: 0.82 | G84: TOTAL | H84: =IF(H80="CIF",0,((H81*$E78)+(H82*$E81)+(H83*$E84)*1.5)) -> 0 | J84: =IF(J80="CIF",0,((J81*$E78)+(J82*$E81)+(J83*$E84)*1.5)) -> 50.922 | K84: =IF(K80="CIF",0,((K81*$E78)+(K82*$E81)+(K83*$E84)*1.5)) -> 118.884 | L84: =IF(L80="CIF",0,((L81*$E78)+(L82*$E81)+(L83*$E84)*1.5)) -> 49.217 | M84: =IF(M80="CIF",0,((M81*$E78)+(M82*$E81)+(M83*$E84)*1.5)) -> 0
F85: BINOMIO | H85: =H84+H79 -> 149.18939 | I85: =I84+I79 -> 130.29207 | J85: =J84+J79 -> 133.47346 | K85: =K84+K79 -> 208.39764 | L85: =L84+L79 -> 132.76306 | M85: =M84+M79 -> 113.38394
A87: ITEM | B87: DESCRIÇÃO | C87: UN | D87: REAJUST | E87: TRANSPORTE | F87: FORNECEDOR | H87: MINECAL | I87: ITAMATAMIRIM | J87: ITAMATAMIRIM | K87: MINÉRIOS BOM JARDIM | L87: PEDR. VITÓRIA | M87: PEDR. VITÓRIA | N87: ok
A88: COT-006 | B88: BRITA 2 | C88: M³ | D88: INDICE DATA-BASE | E88: CÓD. SICRO | F88: CNPJ | H88: 21.045.647/0001-00 | I88: 06.250.109/0001-63 | J88: 06.250.109/0001-63 | L88: 05.402.013/0001-00 | M88: 05.402.013/0001-00
F89: CONTATO | H89: (81) 9.9483-5914/9.9483-5514 | I89: (81)99793-3636 | J89: (81)99793-3636 | K89: (81) 99800 4377 | L89: (81) 99168-6803 | M89: (81) 99168-6803
D90: DRE | E90: 5914389 | F90: DATA DA COTAÇÃO | H90: 45992 | I90: 45986 | J90: 45986 | K90: 45992 | L90: 46031 | M90: 46031
F91: DENSIDADE | H91: 1.4 | I91: 1.4 | J91: 1.4 | L91: 1.4 | M91: 1.4
D92: 484.688 | E92: CUSTO | F92: INDICE COTAÇÃO | H92: 492.689 | I92: 492.689 | J92: 492.689 | K92: 492.689 | L92: 492.689 | M92: 492.689
E93: LN | F93: COEFICIENTE REAJ. | H93: =$D92/H92 -> 0.98376055 | I93: =$D92/I92 -> 0.98376055 | J93: =$D92/J92 -> 0.98376055 | K93: =$D92/K92 -> 0.98376055 | L93: =$D92/L92 -> 0.98376055 | M93: =$D92/M92 -> 0.98376055
E94: 1.24 | F94: PREÇO | H94: 150 | I94: 131 | J94: 83 | K94: 100 | L94: 77 | M94: 107
F95: PREÇO REAJUSTADO | H95: =H94*H93 -> 147.56408 | I95: =I94*I93 -> 128.87263 | J95: =J94*J93 -> 81.652125 | K95: =K94*K93 -> 98.376055 | L95: =L94*L93 -> 75.749562 | M95: =M94*M93 -> 105.26238
E96: RP | F96: TRANSPORTE (FORN- CANT) | G96: TIPO | H96: CIF | I96: CIF | J96: FOB | K96: FOB | L96: FOB | M96: CIF
E97: 0.99 | G97: D. LN | K97: 0.45 | L97: 1.7
G98: D. RP
E99: P | G99: D. P | J99: 41.4 | K99: 96.2 | L99: 38.3
E100: 0.82 | G100: TOTAL | H100: =IF(H96="CIF",0,((H97*$E94)+(H98*$E97)+(H99*$E100)*1.5)) -> 0 | J100: =IF(J96="CIF",0,((J97*$E94)+(J98*$E97)+(J99*$E100)*1.5)) -> 50.922 | K100: =IF(K96="CIF",0,((K97*$E94)+(K98*$E97)+(K99*$E100)*1.5)) -> 118.884 | L100: =IF(L96="CIF",0,((L97*$E94)+(L98*$E97)+(L99*$E100)*1.5)) -> 49.217 | M100: =IF(M96="CIF",0,((M97*$E94)+(M98*$E97)+(M99*$E100)*1.5)) -> 0
F101: BINOMIO | H101: =H100+H95 -> 147.56408 | I101: =I100+I95 -> 128.87263 | J101: =J100+J95 -> 132.57413 | K101: =K100+K95 -> 217.26005 | L101: =L100+L95 -> 124.96656 | M101: =M100+M95 -> 105.26238
A103: ITEM | B103: DESCRIÇÃO | C103: UN | D103: REAJUST | E103: TRANSPORTE | F103: FORNECEDOR | H103: MINECAL | I103: ITAMATAMIRIM | J103: ITAMATAMIRIM | K103: PEDR. VITÓRIA | L103: PEDR. VITÓRIA | N103: ok
A104: COT-007 | B104: PEDRA DE MÃO OU RACHÃO | C104: M³ | D104: INDICE DATA-BASE | E104: CÓD. SICRO | F104: CNPJ | H104: 21.045.647/0001-00 | I104: 06.250.109/0001-63 | J104: 06.250.109/0001-63 | K104: 05.402.013/0001-00 | L104: 05.402.013/0001-00
F105: CONTATO | H105: (81) 9.9483-5914/9.9483-5514 | I105: (81)99793-3636 | J105: (81)99793-3636 | K105: (81) 99168-6803 | L105: (81) 99168-6803
D106: DRE | E106: 5914389 | F106: DATA DA COTAÇÃO | H106: 45992 | I106: 45986 | J106: 45986 | K106: 46031 | L106: 46031
F107: DENSIDADE | H107: 1.5 | I107: 1.513 | J107: 1.513 | K107: 1.5 | L107: 1.5
...

Sheet ROTAS
A1: MAPAS E ROTAS DE FORNECEDORES
A2: PROJETO PARA IMPLANTAÇÃO DE RAMO DE EMERGÊNCIA (AREA DE ESCAPE) NA RODOVIA BR 232, ENTRE OS KM 60 E 63
A3: DISTRIBUIDORAS DE MATERIAIS BETUMINOSOS
A4: EMAM - CE | K4: 1
A5: 838 Km | K5: 2
K6: 3
K7: 4
K8: 5
K9: 6
K10: 7
K11: 8
K12: 9
K13: 10
K14: 11
K15: 12
K16: 13
K17: 14
... K28: 25
A29: BETUNEL - CE | K29: 26
A30: 826 Km | K30: 27
K31: 28
K32: 29
K33: 30
K34: 31
K35: 32
K36: 33
K37: 34
K38: 35
K39: 36
K40: 37
K41: 38
K42: 39
... K54: 51
A55: ESTRATURA ASFALTOS - CE | K55: 1
A56: 832,00 Km | K56: 2
K57: 3
K58: 4
K59: 5
K60: 6
K61: 7
K62: 8
K63: 9
K64: 10
K65: 11
K66: 12
K67: 13
K68: 14
... K79: 25
A80: BETUNEL - BA | K80: 26
A81: 789,00 Km | K81: 27
K82: 28
K83: 29
K84: 30
K85: 31
K86: 32
K87: 33
K88: 34
K89: 35
K90: 36
K91: 37
K92: 38
K93: 39
... K105: 51
A106: BRASQUIMICA - BA | K106: 1
A107: 789 km | K107: 2
K108: 3
K109: 4
K110: 5
K111: 6
K112: 7
K113: 8
K114: 9
K115: 10
K116: 11
K117: 12
K118: 13
K119: 14
... K129: 24
A130: EMAM - BA | K130: 25
A131: 785 km | K131: 26
K132: 27
K133: 28
K134: 29
K135: 30
K136: 31
K137: 32
K138: 33
K139: 34
K140: 35
K141: 36
K142: 37
K143: 38
... K156: 51
A157: ESTRATURA - MG | K157: 1
A158: 2.028 km | K158: 2
K159: 3
K160: 4
K161: 5
K162: 6
K163: 7
...

Sheet MAT BET
A3: DEPARTAMENTO DE ESTRADAS DE RODAGENS - PE
A6: CUSTO DE AQUISIÇÃO E TRANSPORTE DE MATERIAL BETUMINOSO
A7: Portaria DNIT nº 1977 publicada no D.O.U. em 25 de outubro de 2017
A8: ICMS ajustado conforme Lei nº 18.305/2023 | G8: Ref. de Preços: ANP - JULHO/2025
A10: (BETUNEL) MARACANAÚ - CE | C10: EAI (R$/t ) UF | D10: RM - 1C (R$/t) UF | F10: DMT PAVIMENTADO (km) | G10: DMT LEITO NATURAL (KM) | H10: Y (R$/t)
C11: =2.09243409781438*1000 -> 2092.4341 | D11: =2.58630216716047*1000 -> 2586.3022 | F11: =MIN(C57:C60) -> 826 | H11: =TRUNC(($G$48+($G$49*$F$11)+($G$50*$G$11)),4) -> 512.7822
A12: ICMS: 20,50% | B12: =0.205+0.03+0.0065 -> 0.2415 | C12: =TRUNC(C11/(1-($B$12-((0.0065+0.03)*0.205)))-C11,4) -> 639.2655 | D12: =TRUNC(D11/(1-($B$12-((0.0065+0.03)*0.205)))-D11,4) -> 790.1485 | H12: =TRUNC(H11/(1-20.5%)-H11,4) -> 132.2268
A13: PIS: 0,65%
A14: COFINS: 3,00%
A15: Preço com Encargos | C15: =C12+C11 -> 2731.6996 | D15: =D12+D11 -> 3376.4507 | H15: =H12+H11 -> 645.009
A17: Custo Total Binômio | C17: =C15+$H$17 -> 3376.7086 | D17: =D15+$H$17 -> 4021.4597 | H17: =H15 -> 645.009
A19: (EMAM) CANDEIAS - BA | C19: EAI (R$/t ) Regional | D19: RM - 1C (R$/t) REGIONAL | F19: DMT PAVIMENTADO (km) | G19: DMT LEITO NATURAL (KM) | H19: Y (R$/t)
C20: =2.18249432032353*1000 -> 2182.4943 | D20: =2.8177221913302*1000 -> 2817.7222 | F20: =MIN(E57:E60) -> 785 | H20: =TRUNC(($G$48+($G$49*$F$20)+($G$50*$G$20)),4) -> 490.2363
A21: ICMS: 20,50% | B21: =0.205+0.03+0.0065 -> 0.2415 | C21: =TRUNC(C20/(1-($B$21-((0.0065+0.03)*0.205)))-C20,4) -> 666.78 | D21: =TRUNC(D20/(1-($B$21-((0.0065+0.03)*0.205)))-D20,4) -> 860.8503 | H21: =TRUNC(H20/(1-20.5%)-H20,4) -> 126.4131
A22: PIS: 0,65%
A23: COFINS: 3,00%
A24: Preço com Encargos | C24: =C21+C20 -> 2849.2743 | D24: =D21+D20 -> 3678.5725 | H24: =H21+H20 -> 616.6494
A26: Custo Total Binômio | C26: =C24+$H$26 -> 3465.9237 | D26: =D24+$H$26 -> 4295.2219 | F26: =F24+F25 -> 0 | H26: =H24 -> 616.6494
A28: (TRAÇADO) BETIM/MG | C28: EAI (R$/t ) UF | D28: RM - 1C (R$/t) UF | F28: DMT PAVIMENTADO (km) | G28: DMT LEITO NATURAL (KM) | H28: Y (R$/t)
C29: =2.14081448696535*1000 -> 2140.8145 | D29: =2.93612851542435*1000 -> 2936.1285 | F29: =MIN(G57:G60) -> 2020 | H29: =TRUNC(($G$48+($G$49*$F$29)+($G$50*$G$29)),4) -> 1169.3628
A30: ICMS: 20,50% | B30: =0.205+0.03+0.0065 -> 0.2415 | C30: =TRUNC(C29/(1-($B$30-((0.0065+0.03)*0.205)))-C29,4) -> 654.0463 | D30: =TRUNC(D29/(1-($B$30-((0.0065+0.03)*0.205)))-D29,4) -> 897.025 | H30: =TRUNC(H29/(1-20.5%)-H29,4) -> 301.5338
A31: PIS: 0,65%
A32: COFINS: 3,00%
A33: Preço com Encargos | C33: =C30+C29 -> 2794.8608 | D33: =D30+D29 -> 3833.1535 | H33: =H30+H29 -> 1470.8966
A35: Custo Total Binômio | C35: =C33+$H$35 -> 4265.7574 | D35: =D33+$H$35 -> 5304.0501 | F35: =F33+F34 -> 0 | H35: =H33 -> 1470.8966
A37: CONFORME OFÍCIO-CIRCULAR Nº 3784/2025/ACE - DPP/DPP/DNIT SEDE DE 13 DE JUNHO DE 2025
A44: FÓRMULA DE TRANSPORTE DE MATERIAL BETUMINOSO
A45: Atualização das Fórmulas de Transportes Material Betuminoso
A47: Índice | B47: Io (julho/2014) | C47: Ii (JULHO/2025) | D47: R (Índice Atualiz.) | F47: Reaj. de jul/14 a jul/25
A48: Pavimentação | B48: 270.237 | C48: 587.477 | D48: =TRUNC((C48-B48)/B48,4) -> 1.1739 | E48: 1ª Parcela Fixa | F48: 26.94 | G48: =TRUNC(F48*(1+D48),4) -> 58.5648
A49: Índices de Atualização de Reajustamento | E49: 2ª Parcela Pav | F49: 0.253 | G49: =TRUNC(F49*(1+D48),4) -> 0.5499
A50: R = (Ii - Io)/Io | E50: 3ª Parcela LN | F50: 0.299 | G50: =TRUNC(F50*(1+D48),4) -> 0.6499
A51: DE JULHO/2014 a JANEIRO/2025: ÍNDICE DE PAVIMENTAÇÃO
A52: Io = Índice de preço do mês de origem do orçamento (Jul/2014) | E52: Fórmula = | F52: YF = | G52: =IF(G48<>0,"("&TEXT(G48,"#0,000")&"+("&TEXT(G49,"#0,000")&"*Dpav)+("&TEXT(G50,"#0,000")&"*Dñpav))","") -> (58,565+(0,550*Dpav)+(0,650*Dñpav))
A53: Ii = Índice de preço referente ao mês da licitação (Jul/2025)
A55: REFINARIAS E DISTRIBUIDORAS ADOTADAS - DISTÂNCIAS
A56: MARACANAU - CE | D56: CANDEIAS -BA | F56: BETIM-MG
A57: EMAM PACATATUBA | C57: 838 | D57: BRASQUIMICA | E57: 789 | F57: ESTRATURA | G57: 2028
A58: BETUNEL | C58: 826 | D58: BETUNEL | E58: 789 | F58: GRECA ASFALTOS | G58: 2022
A59: STRATURA | C59: 832 | D59: EMAM | E59: 785 | F59: TRAÇADO DISTRIBUIDORA | G59: 2020
A60: GRECA ASFALTOS | C60: 830

Sheet Rel-EQ
A6: RELAÇÃO DE EQUIPAMENTOS - PRODUÇÃO
A8: ITEM | B8: CÓDIGO | C8: DISCRIMINAÇÃO | D8: UNIDADE | E8: QUANTIDADE TOTAL | F8: PESO(kg) | G8: TRANPORTADOR | H8: FU | I8: K | J8: QUANT | K8: PORTE DO EQUIPAMENTO
A10: 1 | B10: E9671 | C10: =UPPER(INDEX('EQUIP SICRO ONE'!B:B,MATCH($B10,'EQUIP SICRO ONE'!A:A,0))) -> COMPRESSOR DE AR PORTÁTIL DE 363,87 L/S (771 PCM) - 158,13 KW | D10: H | E10: 1059.1682 | F10: =VLOOKUP(B10,'PARAMETRO EQUIP 07-25'!A:E,3,FALSE) -> 3180 | G10: =VLOOKUP(B10,'PARAMETRO EQUIP 07-25'!A:E,5,FALSE) -> - | H10: =VLOOKUP(B10,'PARAMETRO EQUIP 07-25'!A:E,4,FALSE) -> - | I10: =IF(OR(G10=B10,G10=0,G10="-"),1,2) -> 1 | J10: 3 | K10: =IF(G10=B10,"AUTOPROPELIDO",IF(G10="-","PEQUENO PORTE","GRANDE PORTE")) -> PEQUENO PORTE
A11: 2 | B11: E9527 | C11: =UPPER(INDEX('EQUIP SICRO ONE'!B:B,MATCH($B11,'EQUIP SICRO ONE'!A:A,0))) -> MARTELETE PERFURADOR/ROMPEDOR A AR COMPRIMIDO DE 25 KG PARA ROCHA COM CAPACIDADE DE 2.040 GPM | D11: H | E11: 4308.1119 | F11: =VLOOKUP(B11,'PARAMETRO EQUIP 07-25'!A:E,3,FALSE) -> 25 | G11: =VLOOKUP(B11,'PARAMETRO EQUIP 07-25'!A:E,5,FALSE) -> - | H11: =VLOOKUP(B11,'PARAMETRO EQUIP 07-25'!A:E,4,FALSE) -> - | I11: =IF(OR(G11=B11,G11=0,G11="-"),1,2) -> 1 | J11: 4 | K11: =IF(G11=B11,"AUTOPROPELIDO",IF(G11="-","PEQUENO PORTE","GRANDE PORTE")) -> PEQUENO PORTE
A12: 3 | B12: E9654 | C12: =UPPER(INDEX('EQUIP SICRO ONE'!B:B,MATCH($B12,'EQUIP SICRO ONE'!A:A,0))) -> GUINDASTE MÓVEL SOBRE ESTEIRAS COM TRADO COM BITS ESCAVAÇÃO EM ROCHA - 186 KW | D12: H | E12: 58.08 | F12: =VLOOKUP(B12,'PARAMETRO EQUIP 07-25'!A:E,3,FALSE) -> 38700 | G12: =VLOOKUP(B12,'PARAMETRO EQUIP 07-25'!A:E,5,FALSE) -> E9018 | H12: =VLOOKUP(B12,'PARAMETRO EQUIP 07-25'!A:E,4,FALSE) -> 1 | I12: =IF(OR(G12=B12,G12=0,G12="-"),1,2) -> 2 | J12: 1 | K12: =IF(G12=B12,"AUTOPROPELIDO",IF(G12="-","PEQUENO PORTE","GRANDE PORTE")) -> GRANDE PORTE
A13: 4 | B13: E9667 | C13: =UPPER(INDEX('EQUIP SICRO ONE'!B:B,MATCH($B13,'EQUIP SICRO ONE'!A:A,0))) -> CAMINHÃO BASCULANTE COM CAPACIDADE DE 14 M³ - 210 KW | D13: H | E13: 151.26855 | F13: =VLOOKUP(B13,'PARAMETRO EQUIP 07-25'!A:E,3,FALSE) -> 11579 | G13: =VLOOKUP(B13,'PARAMETRO EQUIP 07-25'!A:E,5,FALSE) -> E9667 | H13: =VLOOKUP(B13,'PARAMETRO EQUIP 07-25'!A:E,4,FALSE) -> 1 | I13: =IF(OR(G13=B13,G13=0,G13="-"),1,2) -> 1 | J13: 1 | K13: =IF(G13=B13,"AUTOPROPELIDO",IF(G13="-","PEQUENO PORTE","GRANDE PORTE")) -> AUTOPROPELIDO
A14: 5 | B14: E9672 | C14: =UPPER(INDEX('EQUIP SICRO ONE'!B:B,MATCH($B14,'EQUIP SICRO ONE'!A:A,0))) -> CAMINHÃO BASCULANTE PARA ROCHA COM CAPACIDADE DE 12 M³ - 210 KW | D14: H | E14: 102.63846 | F14: =VLOOKUP(B14,'PARAMETRO EQUIP 07-25'!A:E,3,FALSE) -> 13263 | G14: =VLOOKUP(B14,'PARAMETRO EQUIP 07-25'!A:E,5,FALSE) -> E9672 | H14: =VLOOKUP(B14,'PARAMETRO EQUIP 07-25'!A:E,4,FALSE) -> 1 | I14: =IF(OR(G14=B14,G14=0,G14="-"),1,2) -> 1 | J14: 2 | K14: =IF(G14=B14,"AUTOPROPELIDO",IF(G14="-","PEQUENO PORTE","GRANDE PORTE")) -> AUTOPROPELIDO
A15: 6 | B15: E9645 | C15: =UPPER(INDEX('EQUIP SICRO ONE'!B:B,MATCH($B15,'EQUIP SICRO ONE'!A:A,0))) -> CAMINHÃO DEMARCADOR DE FAIXAS COM SISTEMA DE PINTURA A QUENTE - 5 KW/30,10 KW/136 KW | D15: H | E15: 29.443575 | F15: =VLOOKUP(B15,'PARAMETRO EQUIP 07-25'!A:E,3,FALSE) -> 14341 | G15: =VLOOKUP(B15,'PARAMETRO EQUIP 07-25'!A:E,5,FALSE) -> E9645 | H15: =VLOOKUP(B15,'PARAMETRO EQUIP 07-25'!A:E,4,FALSE) -> 1 | I15: =IF(OR(G15=B15,G15=0,G15="-"),1,2) -> 1 | J15: 1 | K15: =IF(G15=B15,"AUTOPROPELIDO",IF(G15="-","PEQUENO PORTE","GRANDE PORTE")) -> AUTOPROPELIDO
A16: 7 | B16: E9686 | C16: =UPPER(INDEX('EQUIP SICRO ONE'!B:B,MATCH($B16,'EQUIP SICRO ONE'!A:A,0))) -> CAMINHÃO GUINDAUTO COM CAPACIDADE DE ELEVAÇÃO DE 6,2 T E CARROCERIA DE 7 T - 136 KW | D16: H | E16: 48.481124 | F16: =VLOOKUP(B16,'PARAMETRO EQUIP 07-25'!A:E,3,FALSE) -> 9000 | G16: =VLOOKUP(B16,'PARAMETRO EQUIP 07-25'!A:E,5,FALSE) -> E9686 | H16: =VLOOKUP(B16,'PARAMETRO EQUIP 07-25'!A:E,4,FALSE) -> 1 | I16: =IF(OR(G16=B16,G16=0,G16="-"),1,2) -> 1 | J16: 1 | K16: =IF(G16=B16,"AUTOPROPELIDO",IF(G16="-","PEQUENO PORTE","GRANDE PORTE")) -> AUTOPROPELIDO
A17: 8 | B17: E9515 | C17: =UPPER(INDEX('EQUIP SICRO ONE'!B:B,MATCH($B17,'EQUIP SICRO ONE'!A:A,0))) -> ESCAVADEIRA HIDRÁULICA SOBRE ESTEIRAS COM CAÇAMBA COM CAPACIDADE DE 1,56 M³ - 118 KW | D17: H | E17: 40.40969 | F17: =VLOOKUP(B17,'PARAMETRO EQUIP 07-25'!A:E,3,FALSE) -> 24500 | G17: =VLOOKUP(B17,'PARAMETRO EQUIP 07-25'!A:E,5,FALSE) -> E9666 | H17: =VLOOKUP(B17,'PARAMETRO EQUIP 07-25'!A:E,4,FALSE) -> 1 | I17: =IF(OR(G17=B17,G17=0,G17="-"),1,2) -> 2 | J17: 1 | K17: =IF(G17=B17,"AUTOPROPELIDO",IF(G17="-","PEQUENO PORTE","GRANDE PORTE")) -> GRANDE PORTE
A18: 9 | B18: E9558 | C18: =UPPER(INDEX('EQUIP SICRO ONE'!B:B,MATCH($B18,'EQUIP SICRO ONE'!A:A,0))) -> TANQUE DE ESTOCAGEM DE ASFALTO COM CAPACIDADE DE 30.000 L | D18: H | E18: 74.157701 | F18: =VLOOKUP(B18,'PARAMETRO EQUIP 07-25'!A:E,3,FALSE) -> 35000 | G18: =VLOOKUP(B18,'PARAMETRO EQUIP 07-25'!A:E,5,FALSE) -> E9665 | H18: =VLOOKUP(B18,'PARAMETRO EQUIP 07-25'!A:E,4,FALSE) -> 1 | I18: =IF(OR(G18=B18,G18=0,G18="-"),1,2) -> 2 | J18: 1 | K18: =IF(G18=B18,"AUTOPROPELIDO",IF(G18="-","PEQUENO PORTE","GRANDE PORTE")) -> GRANDE PORTE
A19: 10 | B19: E9571 | C19: =UPPER(INDEX('EQUIP SICRO ONE'!B:B,MATCH($B19,'EQUIP SICRO ONE'!A:A,0))) -> CAMINHÃO TANQUE COM CAPACIDADE DE 10.000 L - 188 KW | D19: H | E19: 31.929622 | F19: =VLOOKUP(B19,'PARAMETRO EQUIP 07-25'!A:E,3,FALSE) -> 10090 | G19: =VLOOKUP(B19,'PARAMETRO EQUIP 07-25'!A:E,5,FALSE) -> E9571 | H19: =VLOOKUP(B19,'PARAMETRO EQUIP 07-25'!A:E,4,FALSE) -> 1 | I19: =IF(OR(G19=B19,G19=0,G19="-"),1,2) -> 1 | J19: 3 | K19: =IF(G19=B19,"AUTOPROPELIDO",IF(G19="-","PEQUENO PORTE","GRANDE PORTE")) -> AUTOPROPELIDO
A20: 11 | B20: E9117 | C20: =UPPER(INDEX('EQUIP SICRO ONE'!B:B,MATCH($B20,'EQUIP SICRO ONE'!A:A,0))) -> CARREGADEIRA DE PNEUS PARA ROCHA COM CAPACIDADE DE 2,50 M³ - 105 KW | D20: H | E20: 29.006521 | F20: =VLOOKUP(B20,'PARAMETRO EQUIP 07-25'!A:E,3,FALSE) -> 12019 | G20: =VLOOKUP(B20,'PARAMETRO EQUIP 07-25'!A:E,5,FALSE) -> E9665 | H20: =VLOOKUP(B20,'PARAMETRO EQUIP 07-25'!A:E,4,FALSE) -> 1 | I20: =IF(OR(G20=B20,G20=0,G20="-"),1,2) -> 2 | J20: 1 | K20: =IF(G20=B20,"AUTOPROPELIDO",IF(G20="-","PEQUENO PORTE","GRANDE PORTE")) -> GRANDE PORTE
A21: 12 | B21: E9541 | C21: =UPPER(INDEX('EQUIP SICRO ONE'!B:B,MATCH($B21,'EQUIP SICRO ONE'!A:A,0))) -> TRATOR SOBRE ESTEIRAS COM LÂMINA - 259 KW | D21: H | E21: 9.842406 | F21: =VLOOKUP(B21,'PARAMETRO EQUIP 07-25'!A:E,3,FALSE) -> 38488 | G21: =VLOOKUP(B21,'PARAMETRO EQUIP 07-25'!A:E,5,FALSE) -> E9018 | H21: =VLOOKUP(B21,'PARAMETRO EQUIP 07-25'!A:E,4,FALSE) -> 1 | I21: =IF(OR(G21=B21,G21=0,G21="-"),1,2) -> 2 | J21: 1 | K21: =IF(G21=B21,"AUTOPROPELIDO",IF(G21="-","PEQUENO PORTE","GRANDE PORTE")) -> GRANDE PORTE
... A73: 65 | B73: E9717 | C73: =UPPER(INDEX('EQUIP SICRO ONE'!B:B,MATCH($B73,'EQUIP SICRO ONE'!A:A,0))) -> MÁQUINA POLICORTE - 2,20 KW | D73: H | E73: 0.0797 | F73: =VLOOKUP(B73,'PARAMETRO EQUIP 07-25'!A:E,3,FALSE) -> 17 | G73: =VLOOKUP(B73,'PARAMETRO EQUIP 07-25'!A:E,5,FALSE) -> - | H73: =VLOOKUP(B73,'PARAMETRO EQUIP 07-25'!A:E,4,FALSE) -> - | I73: =IF(OR(G73=B73,G73=0,G73="-"),1,2) -> 1 | J73: 1 | K73: =IF(G73=B73,"AUTOPROPELIDO",IF(G73="-","PEQUENO PORTE","GRANDE PORTE")) -> PEQUENO PORTE
A74: 65 | B74: E9579 | C74: =UPPER(INDEX('EQUIP SICRO ONE'!B:B,MATCH($B74,'EQUIP SICRO ONE'!A:A,0))) -> CAMINHÃO BASCULANTE COM CAPACIDADE DE 10 M³ - 210 KW | D74: H | F74: =VLOOKUP(B74,'PARAMETRO EQUIP 07-25'!A:E,3,FALSE) -> 9088 | G74: =VLOOKUP(B74,'PARAMETRO EQUIP 07-25'!A:E,5,FALSE) -> E9579 | H74: =VLOOKUP(B74,'PARAMETRO EQUIP 07-25'!A:E,4,FALSE) -> 1 | I74: =IF(OR(G74=B74,G74=0,G74="-"),1,2) -> 1 | J74: 4 | K74: =IF(G74=B74,"AUTOPROPELIDO",IF(G74="-","PEQUENO PORTE","GRANDE PORTE")) -> AUTOPROPELIDO
A75: 65 | B75: E9506 | C75: =UPPER(INDEX('EQUIP SICRO ONE'!B:B,MATCH($B75,'EQUIP SICRO ONE'!A:A,0))) -> CAMINHÃO BASCULANTE COM CAPACIDADE DE 6 M³ - 136 KW | D75: H | F75: =VLOOKUP(B75,'PARAMETRO EQUIP 07-25'!A:E,3,FALSE) -> 7471 | G75: =VLOOKUP(B75,'PARAMETRO EQUIP 07-25'!A:E,5,FALSE) -> E9506 | H75: =VLOOKUP(B75,'PARAMETRO EQUIP 07-25'!A:E,4,FALSE) -> 1 | I75: =IF(OR(G75=B75,G75=0,G75="-"),1,2) -> 1 | J75: 2 | K75: =IF(G75=B75,"AUTOPROPELIDO",IF(G75="-","PEQUENO PORTE","GRANDE PORTE")) -> AUTOPROPELIDO
A76: TOTAL | E76: =SUM(E10:E73) -> 8179.3325
A77: PRAZO DA OBRA | D77: meses | E77: 30

Sheet MOBILIZAÇÃO ONE_
A1: RODOVIA: BR-232 TRECHO: Km 60 ao 63 OBRA: Área de Escape
A4: CUSTO DE MOBILIZAÇÃO DE EQUIPAMENTOS E PESSOAL
A6: RESUMO | Q6: Data Base: | R6: 45839
A7: CUSTO TOTAL DE MOBILIZAÇÃO DE EQUIPAMENTOS DE GRANDE PORTE | E7: =R39 -> 20462.874
A8: CUSTO TOTAL DE MOBILIZAÇÃO DE EQUIPAMENTOS DE PEQUENO PORTE | E8: =Q95 -> 861.14011 | R8: (sem desoneração da mão de obra)
A9: CUSTO TOTAL DE MOBILIZAÇÃO DE VEÍCULOS DE TRANSPORTE | E9: =R57 -> 7524.3132
A10: CUSTO TOTAL DE MOBILIZAÇÃO DE PESSOAL | E10: -
A11: CUSTO DA MOBILIZAÇÃO DE EQUIPAMENTOS E PESSOAL | E11: =SUM(E7:E10) -> 28848.327
A12: CUSTO DA DESMOBILIZAÇÃO DE EQUIPAMENTOS E PESSOAL | E12: =E11 -> 28848.327
A13: CUSTO TOTAL DE MOBILIZAÇÃO E DESMOBILIZAÇÃO DE EQUIPAMENTOS E PESSOAL | E13: =E12+E11 -> 57696.655
A15: EQUIPAMENTOS DE GRANDE PORTE
A16: ITEM | B16: CÓDIGO | C16: DISCRIÇÃO | D16: ORIGEM | E16: DESTINO | F16: DISTANCIA DE MOBILIZAÇÃO (km) | G16: DISTANCIA DE MOBILIZAÇÃO (km)/LN | H16: VELOCIDADE MÉDIA (km/h) | I16: VELOCIDADE MÉDIA (km/h)/LN | J16: TEMPO DE VIAGEM (h) | K16: TEMPO DE VIAGEM (h)/LN | L16: QUANTIDADE (número) | M16: FATOR DE UTILIZAÇÃO (FU) | N16: TRANSPORTE | O16: IDA/ VOLTA (K) | P16: CUSTO HORÁRIO - CH (R$) | Q16: CUSTO DO TRANSPORTE - Cmob (R$) | R16: CUSTO TOTAL DE MOBILIZAÇÃO (R$)
A17: 1.3 | B17: E9654 | C17: =UPPER(INDEX('EQUIP SICRO ONE'!B:B,MATCH($B17,'EQUIP SICRO ONE'!A:A,0))) -> GUINDASTE MÓVEL SOBRE ESTEIRAS COM TRADO COM BITS ESCAVAÇÃO EM ROCHA - 186 KW | D17: Recife | E17: Canteiro | F17: 68.9 | G17: 0 | H17: 60 | I17: 40 | J17: =F17/H17 -> 1.1483333 | K17: =G17/I17 -> 0 | L17: =VLOOKUP(B17,'Rel-EQ'!$B$8:$K$76,9,FALSE) -> 1 | M17: =VLOOKUP(B17,'Rel-EQ'!$B$8:$K$76,7,FALSE) -> 1 | N17: =VLOOKUP(B17,'Rel-EQ'!$B$8:$K$76,6,FALSE) -> E9018 | O17: =VLOOKUP(B17,'Rel-EQ'!$B$8:$K$76,8,FALSE) -> 2 | P17: =UPPER(INDEX('EQUIP SICRO ONE'!J:J,MATCH($N17,'EQUIP SICRO ONE'!A:A,0))) -> 552,5587 | Q17: =L17*M17*((((F17*O17)/H17)*P17)) -> 1269.0431 | R17: =Q17 -> 1269.0431 | T17: =VLOOKUP(B17,'Rel-EQ'!$B$8:$K$76,10,FALSE) -> GRANDE PORTE
A18: 1.8 | B18: E9515 | C18: =UPPER(INDEX('EQUIP SICRO ONE'!B:B,MATCH($B18,'EQUIP SICRO ONE'!A:A,0))) -> ESCAVADEIRA HIDRÁULICA SOBRE ESTEIRAS COM CAÇAMBA COM CAPACIDADE DE 1,56 M³ - 118 KW | D18: Recife | E18: Canteiro | F18: 68.9 | G18: 0 | H18: 60 | I18: 40 | J18: =F18/H18 -> 1.1483333 | K18: =G18/I18 -> 0 | L18: =VLOOKUP(B18,'Rel-EQ'!$B$8:$K$76,9,FALSE) -> 1 | M18: =VLOOKUP(B18,'Rel-EQ'!$B$8:$K$76,7,FALSE) -> 1 | N18: =VLOOKUP(B18,'Rel-EQ'!$B$8:$K$76,6,FALSE) -> E9666 | O18: =VLOOKUP(B18,'Rel-EQ'!$B$8:$K$76,8,FALSE) -> 2 | P18: =UPPER(INDEX('EQUIP SICRO ONE'!J:J,MATCH($N18,'EQUIP SICRO ONE'!A:A,0))) -> 464,6614 | Q18: =L18*M18*((((F18*O18)/H18)*P18)) -> 1067.1723 | R18: =Q18 -> 1067.1723 | T18: =VLOOKUP(B18,'Rel-EQ'!$B$8:$K$76,10,FALSE) -> GRANDE PORTE | X18: =L18*M18*((((F18*O18)/H18)*P18)) -> 1067.1723
A19: 1.9 | B19: E9558 | C19: =UPPER(INDEX('EQUIP SICRO ONE'!B:B,MATCH($B19,'EQUIP SICRO ONE'!A:A,0))) -> TANQUE DE ESTOCAGEM DE ASFALTO COM CAPACIDADE DE 30.000 L | D19: Recife | E19: Canteiro | F19: 68.9 | G19: 0 | H19: 60 | I19: 40 | J19: =F19/H19 -> 1.1483333 | K19: =G19/I19 -> 0 | L19: =VLOOKUP(B19,'Rel-EQ'!$B$8:$K$76,9,FALSE) -> 1 | M19: =VLOOKUP(B19,'Rel-EQ'!$B$8:$K$76,7,FALSE) -> 1 | N19: =VLOOKUP(B19,'Rel-EQ'!$B$8:$K$76,6,FALSE) -> E9665 | O19: =VLOOKUP(B19,'Rel-EQ'!$B$8:$K$76,8,FALSE) -> 2 | P19: =UPPER(INDEX('EQUIP SICRO ONE'!J:J,MATCH($N19,'EQUIP SICRO ONE'!A:A,0))) -> 415,4473 | Q19: =L19*M19*((((F19*O19)/H19)*P19)) -> 954.14397 | R19: =Q19 -> 954.14397 | T19: =VLOOKUP(B19,'Rel-EQ'!$B$8:$K$76,10,FALSE) -> GRANDE PORTE | X19: =L19*M19*((((F19*O19)/H19)*P19)) -> 954.14397
A20: 1.11 | B20: E9117 | C20: =UPPER(INDEX('EQUIP SICRO ONE'!B:B,MATCH($B20,'EQUIP SICRO ONE'!A:A,0))) -> CARREGADEIRA DE PNEUS PARA ROCHA COM CAPACIDADE DE 2,50 M³ - 105 KW | D20: Recife | E20: Canteiro | F20: 68.9 | G20: 0 | H20: 60 | I20: 40 | J20: =F20/H20 -> 1.1483333 | K20: =G20/I20 -> 0 | L20: =VLOOKUP(B20,'Rel-EQ'!$B$8:$K$76,9,FALSE) -> 1 | M20: =VLOOKUP(B20,'Rel-EQ'!$B$8:$K$76,7,FALSE) -> 1 | N20: =VLOOKUP(B20,'Rel-EQ'!$B$8:$K$76,6,FALSE) -> E9665 | O20: =VLOOKUP(B20,'Rel-EQ'!$B$8:$K$76,8,FALSE) -> 2 | P20: =UPPER(INDEX('EQUIP SICRO ONE'!J:J,MATCH($N20,'EQUIP SICRO ONE'!A:A,0))) -> 415,4473 | Q20: =L20*M20*((((F20*O20)/H20)*P20)) -> 954.14397 | R20: =Q20 -> 954.14397 | T20: =VLOOKUP(B20,'Rel-EQ'!$B$8:$K$76,10,FALSE) -> GRANDE PORTE | X20: =L20*M20*((((F20*O20)/H20)*P20)) -> 954.14397
A21: 1.12 | B21: E9541 | C21: =UPPER(INDEX('EQUIP SICRO ONE'!B:B,MATCH($B21,'EQUIP SICRO ONE'!A:A,0))) -> TRATOR SOBRE ESTEIRAS COM LÂMINA - 259 KW | D21: Recife | E21: Canteiro | F21: 68.9 | G21: 0 | H21: 60 | I21: 40 | J21: =F21/H21 -> 1.1483333 | K21: =G21/I21 -> 0 | L21: =VLOOKUP(B21,'Rel-EQ'!$B$8:$K$76,9,FALSE) -> 1 | M21: =VLOOKUP(B21,'Rel-EQ'!$B$8:$K$76,7,FALSE) -> 1 | N21: =VLOOKUP(B21,'Rel-EQ'!$B$8:$K$76,6,FALSE) -> E9018 | O21: =VLOOKUP(B21,'Rel-EQ'!$B$8:$K$76,8,FALSE) -> 2 | P21: =UPPER(INDEX('EQUIP SICRO ONE'!J:J,MATCH($N21,'EQUIP SICRO ONE'!A:A,0))) -> 552,5587 | Q21: =L21*M21*((((F21*O21)/H21)*P21)) -> 1269.0431 | R21: =Q21 -> 1269.0431 | T21: =VLOOKUP(B21,'Rel-EQ'!$B$8:$K$76,10,FALSE) -> GRANDE PORTE | X21: =L21*M21*((((F21*O21)/H21)*P21)) -> 1269.0431
A22: 1.15 | B22: E9685 | C22: =UPPER(INDEX('EQUIP SICRO ONE'!B:B,MATCH($B22,'EQUIP SICRO ONE'!A:A,0))) -> ROLO COMPACTADOR PÉ DE CARNEIRO VIBRATÓRIO AUTOPROPELIDO POR PNEUS DE 11,6 T - 82 KW | D22: Recife | E22: Canteiro | F22: 68.9 | G22: 0 | H22: 60 | I22: 40 | J22: =F22/H22 -> 1.1483333 | K22: =G22/I22 -> 0 | L22: =VLOOKUP(B22,'Rel-EQ'!$B$8:$K$76,9,FALSE) -> 1 | M22: =VLOOKUP(B22,'Rel-EQ'!$B$8:$K$76,7,FALSE) -> 0.5 | N22: =VLOOKUP(B22,'Rel-EQ'!$B$8:$K$76,6,FALSE) -> E9666 | O22: =VLOOKUP(B22,'Rel-EQ'!$B$8:$K$76,8,FALSE) -> 2 | P22: =UPPER(INDEX('EQUIP SICRO ONE'!J:J,MATCH($N22,'EQUIP SICRO ONE'!A:A,0))) -> 464,6614 | Q22: =L22*M22*((((F22*O22)/H22)*P22)) -> 533.58617 | R22: =Q22 -> 533.58617 | T22: =VLOOKUP(B22,'Rel-EQ'!$B$8:$K$76,10,FALSE) -> GRANDE PORTE | X22: =L22*M22*((((F22*O22)/H22)*P22)) -> 533.58617
A23: 1.17 | B23: E9524 | C23: =UPPER(INDEX('EQUIP SICRO ONE'!B:B,MATCH($B23,'EQUIP SICRO ONE'!A:A,0))) -> MOTONIVELADORA - 93 KW | D23: Recife | E23: Canteiro | F23: 68.9 | G23: 0 | H23: 60 | I23: 40 | J23: =F23/H23 -> 1.1483333 | K23: =G23/I23 -> 0 | L23: =VLOOKUP(B23,'Rel-EQ'!$B$8:$K$76,9,FALSE) -> 1 | M23: =VLOOKUP(B23,'Rel-EQ'!$B$8:$K$76,7,FALSE) -> 1 | N23: =VLOOKUP(B23,'Rel-EQ'!$B$8:$K$76,6,FALSE) -> E9665 | O23: =VLOOKUP(B23,'Rel-EQ'!$B$8:$K$76,8,FALSE) -> 2 | P23: =UPPER(INDEX('EQUIP SICRO ONE'!J:J,MATCH($N23,'EQUIP SICRO ONE'!A:A,0))) -> 415,4473 | Q23: =L23*M23*((((F23*O23)/H23)*P23)) -> 954.14397 | R23: =Q23 -> 954.14397 | T23: =VLOOKUP(B23,'Rel-EQ'!$B$8:$K$76,10,FALSE) -> GRANDE PORTE
A24: 1.19 | B24: E9577 | C24: =UPPER(INDEX('EQUIP SICRO ONE'!B:B,MATCH($B24,'EQUIP SICRO ONE'!A:A,0))) -> TRATOR AGRÍCOLA SOBRE PNEUS - 77 KW | D24: Recife | E24: Canteiro | F24: 68.9 | G24: 0 | H24: 60 | I24: 40 | J24: =F24/H24 -> 1.1483333 | K24: =G24/I24 -> 0 | L24: =VLOOKUP(B24,'Rel-EQ'!$B$8:$K$76,9,FALSE) -> 1 | M24: =VLOOKUP(B24,'Rel-EQ'!$B$8:$K$76,7,FALSE) -> 0.5 | N24: =VLOOKUP(B24,'Rel-EQ'!$B$8:$K$76,6,FALSE) -> E9665 | O24: =VLOOKUP(B24,'Rel-EQ'!$B$8:$K$76,8,FALSE) -> 2 | P24: =UPPER(INDEX('EQUIP SICRO ONE'!J:J,MATCH($N24,'EQUIP SICRO ONE'!A:A,0))) -> 415,4473 | Q24: =L24*M24*((((F24*O24)/H24)*P24)) -> 477.07198 | R24: =Q24 -> 477.07198 | T24: =VLOOKUP(B24,'Rel-EQ'!$B$8:$K$76,10,FALSE) -> GRANDE PORTE
A25: 1.22 | B25: E9584 | C25: =UPPER(INDEX('EQUIP SICRO ONE'!B:B,MATCH($B25,'EQUIP SICRO ONE'!A:A,0))) -> CARREGADEIRA DE PNEUS COM CAPACIDADE DE 1,72 M³ - 113 KW | D25: Recife | E25: Canteiro | F25: 68.9 | G25: 0 | H25: 60 | I25: 40 | J25: =F25/H25 -> 1.1483333 | K25: =G25/I25 -> 0 | L25: =VLOOKUP(B25,'Rel-EQ'!$B$8:$K$76,9,FALSE) -> 1 | M25: =VLOOKUP(B25,'Rel-EQ'!$B$8:$K$76,7,FALSE) -> 1 | N25: =VLOOKUP(B25,'Rel-EQ'!$B$8:$K$76,6,FALSE) -> E9665 | O25: =VLOOKUP(B25,'Rel-EQ'!$B$8:$K$76,8,FALSE) -> 2 | P25: =UPPER(INDEX('EQUIP SICRO ONE'!J:J,MATCH($N25,'EQUIP SICRO ONE'!A:A,0))) -> 415,4473 | Q25: =L25*M25*((((F25*O25)/H25)*P25)) -> 954.14397 | R25: =Q25 -> 954.14397 | T25: =VLOOKUP(B25,'Rel-EQ'!$B$8:$K$76,10,FALSE) -> GRANDE PORTE
A26: 1.23 | B26: E9774 | C26: =UPPER(INDEX('EQUIP SICRO ONE'!B:B,MATCH($B26,'EQUIP SICRO ONE'!A:A,0))) -> RETROESCAVADEIRA DE PNEUS COM CAÇAMBA DE ESCAVAÇÃO TRAPEZOIDAL OU TRIANGULAR COM SEÇÃO DE CORTE DE 0,30 A 0,50 M² - 58 KW | D26: Recife | E26: Canteiro | F26: 68.9 | G26: 0 | H26: 60 | I26: 40 | J26: =F26/H26 -> 1.1483333 | K26: =G26/I26 -> 0 | L26: =VLOOKUP(B26,'Rel-EQ'!$B$8:$K$76,9,FALSE) -> 1 | M26: =VLOOKUP(B26,'Rel-EQ'!$B$8:$K$76,7,FALSE) -> 1 | N26: =VLOOKUP(B26,'Rel-EQ'!$B$8:$K$76,6,FALSE) -> E9665 | O26: =VLOOKUP(B26,'Rel-EQ'!$B$8:$K$76,8,FALSE) -> 2 | P26: =UPPER(INDEX('EQUIP SICRO ONE'!J:J,MATCH($N26,'EQUIP SICRO ONE'!A:A,0))) -> 415,4473 | Q26: =L26*M26*((((F26*O26)/H26)*P26)) -> 954.14397 | R26: =Q26 -> 954.14397 | T26: =VLOOKUP(B26,'Rel-EQ'!$B$8:$K$76,10,FALSE) -> GRANDE PORTE
A27: 1.24 | B27: E9762 | C27: =UPPER(INDEX('EQUIP SICRO ONE'!B:B,MATCH($B27,'EQUIP SICRO ONE'!A:A,0))) -> ROLO COMPACTADOR DE PNEUS AUTOPROPELIDO DE 27 T - 85 KW | D27: Recife | E27: Canteiro | F27: 68.9 | G27: 0 | H27: 60 | I27: 40 | J27: =F27/H27 -> 1.1483333 | K27: =G27/I27 -> 0 | L27: =VLOOKUP(B27,'Rel-EQ'!$B$8:$K$76,9,FALSE) -> 1 | M27: =VLOOKUP(B27,'Rel-EQ'!$B$8:$K$76,7,FALSE) -> 0.5 | N27: =VLOOKUP(B27,'Rel-EQ'!$B$8:$K$76,6,FALSE) -> E9666 | O27: =VLOOKUP(B27,'Rel-EQ'!$B$8:$K$76,8,FALSE) -> 2 | P27: =UPPER(INDEX('EQUIP SICRO ONE'!J:J,MATCH($N27,'EQUIP SICRO ONE'!A:A,0))) -> 464,6614 | Q27: =L27*M27*((((F27*O27)/H27)*P27)) -> 533.58617 | R27: =Q27 -> 533.58617 | T27: =VLOOKUP(B27,'Rel-EQ'!$B$8:$K$76,10,FALSE) -> GRANDE PORTE
A28: 1.26 | B28: E9511 | C28: =UPPER(INDEX('EQUIP SICRO ONE'!B:B,MATCH($B28,'EQUIP SICRO ONE'!A:A,0))) -> CARREGADEIRA DE PNEUS COM CAPACIDADE DE 3,40 M³ - 195 KW | D28: Recife | E28: Canteiro | F28: 68.9 | G28: 0 | H28: 60 | I28: 40 | J28: =F28/H28 -> 1.1483333 | K28: =G28/I28 -> 0 | L28: =VLOOKUP(B28,'Rel-EQ'!$B$8:$K$76,9,FALSE) -> 1 | M28: =VLOOKUP(B28,'Rel-EQ'!$B$8:$K$76,7,FALSE) -> 1 | N28: =VLOOKUP(B28,'Rel-EQ'!$B$8:$K$76,6,FALSE) -> E9665 | O28: =VLOOKUP(B28,'Rel-EQ'!$B$8:$K$76,8,FALSE) -> 2 | P28: =UPPER(INDEX('EQUIP SICRO ONE'!J:J,MATCH($N28,'EQUIP SICRO ONE'!A:A,0))) -> 415,4473 | Q28: =L28*M28*((((F28*O28)/H28)*P28)) -> 954.14397 | R28: =Q28 -> 954.14397 | T28: =VLOOKUP(B28,'Rel-EQ'!$B$8:$K$76,10,FALSE) -> GRANDE PORTE
A29: 1.20 | B29: E9599 | C29: =UPPER(INDEX('EQUIP SICRO ONE'!B:B,MATCH($B29,'EQUIP SICRO ONE'!A:A,0))) -> CENTRAL DE CONCRETO COM CAPACIDADE DE 30 M³/H - DOSADORA RS | D29: Recife | E29: Canteiro | F29: 68.9 | G29: 0 | H29: 60 | I29: 40 | J29: =F29/H29 -> 1.1483333 | K29: =G29/I29 -> 0 | L29: =VLOOKUP(B29,'Rel-EQ'!$B$8:$K$76,9,FALSE) -> 1 | M29: =VLOOKUP(B29,'Rel-EQ'!$B$8:$K$76,7,FALSE) -> 1 | N29: =VLOOKUP(B29,'Rel-EQ'!$B$8:$K$76,6,FALSE) -> E9018 | O29: =VLOOKUP(B29,'Rel-EQ'!$B$8:$K$76,8,FALSE) -> 2 | P29: =UPPER(INDEX('EQUIP SICRO ONE'!J:J,MATCH($N29,'EQUIP SICRO ONE'!A:A,0))) -> 552,5587 | Q29: =L29*M29*((((F29*O29)/H29)*P29)) -> 1269.0431 | R29: =Q29 -> 1269.0431 | T29: =VLOOKUP(B29,'Rel-EQ'!$B$8:$K$76,10,FALSE) -> GRANDE PORTE
A30: 1.21 | B30: E9540 | C30: =UPPER(INDEX('EQUIP SICRO ONE'!B:B,MATCH($B30,'EQUIP SICRO ONE'!A:A,0))) -> TRATOR SOBRE ESTEIRAS COM LÂMINA - 127 KW | D30: Recife | E30: Canteiro | F30: 68.9 | G30: 0 | H30: 60 | I30: 40 | J30: =F30/H30 -> 1.1483333 | K30: =G30/I30 -> 0 | L30: =VLOOKUP(B30,'Rel-EQ'!$B$8:$K$76,9,FALSE) -> 1 | M30: =VLOOKUP(B30,'Rel-EQ'!$B$8:$K$76,7,FALSE) -> 0.5 | N30: =VLOOKUP(B30,'Rel-EQ'!$B$8:$K$76,6,FALSE) -> E9018 | O30: =VLOOKUP(B30,'Rel-EQ'!$B$8:$K$76,8,FALSE) -> 2 | P30: =UPPER(INDEX('EQUIP SICRO ONE'!J:J,MATCH($N30,'EQUIP SICRO ONE'!A:A,0))) -> 552,5587 | Q30: =L30*M30*((((F30*O30)/H30)*P30)) -> 634.52157 | R30: =Q30 -> 634.52157 | T30: =VLOOKUP(B30,'Rel-EQ'!$B$8:$K$76,10,FALSE) -> GRANDE PORTE
A31: 1.25 | B31: E9514 | C31: =UPPER(INDEX('EQUIP SICRO ONE'!B:B,MATCH($B31,'EQUIP SICRO ONE'!A:A,0))) -> DISTRIBUIDOR DE AGREGADOS SOBRE PNEUS AUTOPROPELIDO - 130 KW | D31: Recife | E31: Canteiro | F31: 68.9 | G31: 0 | H31: 60 | I31: 40 | J31: =F31/H31 -> 1.1483333 | K31: =G31/I31 -> 0 | L31: =VLOOKUP(B31,'Rel-EQ'!$B$8:$K$76,9,FALSE) -> 1 | M31: =VLOOKUP(B31,'Rel-EQ'!$B$8:$K$76,7,FALSE) -> 0.5 | N31: =VLOOKUP(B31,'Rel-EQ'!$B$8:$K$76,6,FALSE) -> E9665 | O31: =VLOOKUP(B31,'Rel-EQ'!$B$8:$K$76,8,FALSE) -> 2 | P31: =UPPER(INDEX('EQUIP SICRO ONE'!J:J,MATCH($N31,'EQUIP SICRO ONE'!A:A,0))) -> 415,4473 | Q31: =L31*M31*((((F31*O31)/H31)*P31)) -> 477.07198 | R31: =Q31 -> 477.07198 | T31: =VLOOKUP(B31,'Rel-EQ'!$B$8:$K$76,10,FALSE) -> GRANDE PORTE
A32: 1.19 | B32: E9530 | C32: =UPPER(INDEX('EQUIP SICRO ONE'!B:B,MATCH($B32,'EQUIP SICRO ONE'!A:A,0))) -> ROLO COMPACTADOR LISO VIBRATÓRIO AUTOPROPELIDO POR PNEUS DE 11 T - 97 KW | D32: Recife | E32: Canteiro | F32: 68.9 | G32: 0 | H32: 60 | I32: 40 | J32: =F32/H32 -> 1.1483333 | K32: =G32/I32 -> 0 | L32: =VLOOKUP(B32,'Rel-EQ'!$B$8:$K$76,9,FALSE) -> 1 | M32: =VLOOKUP(B32,'Rel-EQ'!$B$8:$K$76,7,FALSE) -> 0.5 | N32: =VLOOKUP(B32,'Rel-EQ'!$B$8:$K$76,6,FALSE) -> E9666 | O32: =VLOOKUP(B32,'Rel-EQ'!$B$8:$K$76,8,FALSE) -> 2 | P32: =UPPER(INDEX('EQUIP SICRO ONE'!J:J,MATCH($N32,'EQUIP SICRO ONE'!A:A,0))) -> 464,6614 | Q32: =L32*M32*((((F32*O32)/H32)*P32)) -> 533.58617 | R32: =Q32 -> 533.58617 | T32: =VLOOKUP(B32,'Rel-EQ'!$B$8:$K$76,10,FALSE) -> GRANDE PORTE
A33: 1.20 | B33: E9526 | C33: =UPPER(INDEX('EQUIP SICRO ONE'!B:B,MATCH($B33,'EQUIP SICRO ONE'!A:A,0))) -> RETROESCAVADEIRA DE PNEUS - CAPACIDADE DA CAÇAMBA DA PÁ-CARREGADEIRA DE 0,76 M³ E DA RETROESCAVADEIRA DE 0,29 M³ - 58 KW | D33: Recife | E33: Canteiro | F33: 68.9 | G33: 0 | H33: 60 | I33: 40 | J33: =F33/H33 -> 1.1483333 | K33: =G33/I33 -> 0 | L33: =VLOOKUP(B33,'Rel-EQ'!$B$8:$K$76,9,FALSE) -> 3 | M33: =VLOOKUP(B33,'Rel-EQ'!$B$8:$K$76,7,FALSE) -> 1 | N33: =VLOOKUP(B33,'Rel-EQ'!$B$8:$K$76,6,FALSE) -> E9665 | O33: =VLOOKUP(B33,'Rel-EQ'!$B$8:$K$76,8,FALSE) -> 2 | P33: =UPPER(INDEX('EQUIP SICRO ONE'!J:J,MATCH($N33,'EQUIP SICRO ONE'!A:A,0))) -> 415,4473 | Q33: =L33*M33*((((F33*O33)/H33)*P33)) -> 2862.4319 | R33: =Q33 -> 2862.4319 | T33: =VLOOKUP(B33,'Rel-EQ'!$B$8:$K$76,10,FALSE) -> GRANDE PORTE
A34: 1.24 | B34: E9771 | C34: =UPPER(INDEX('EQUIP SICRO ONE'!B:B,MATCH($B34,'EQUIP SICRO ONE'!A:A,0))) -> RETROESCAVADEIRA DE PNEUS COM CAÇAMBA DE ESCAVAÇÃO TRAPEZOIDAL OU TRIANGULAR COM SEÇÃO DE CORTE DE 0,10 A 0,15 M² - 58 KW | D34: Recife | E34: Canteiro | F34: 68.9 | G34: 0 | H34: 60 | I34: 40 | J34: =F34/H34 -> 1.1483333 | K34: =G34/I34 -> 0 | L34: =VLOOKUP(B34,'Rel-EQ'!$B$8:$K$76,9,FALSE) -> 1 | M34: =VLOOKUP(B34,'Rel-EQ'!$B$8:$K$76,7,FALSE) -> 1 | N34: =VLOOKUP(B34,'Rel-EQ'!$B$8:$K$76,6,FALSE) -> E9665 | O34: =VLOOKUP(B34,'Rel-EQ'!$B$8:$K$76,8,FALSE) -> 2 | P34: =UPPER(INDEX('EQUIP SICRO ONE'!J:J,MATCH($N34,'EQUIP SICRO ONE'!A:A,0))) -> 415,4473 | Q34: =L34*M34*((((F34*O34)/H34)*P34)) -> 954.14397 | R34: =Q34 -> 954.14397 | T34: =VLOOKUP(B34,'Rel-EQ'!$B$8:$K$76,10,FALSE) -> GRANDE PORTE
... A37: 1.23 | B37: E9505 | C37: =UPPER(INDEX('EQUIP SICRO ONE'!B:B,MATCH($B37,'EQUIP SICRO ONE'!A:A,0))) -> PRENSA DOBRADEIRA CAPACIDADE 320 T - COMPRIMENTO ATÉ 3.100 MM - 30 KW | D37: Recife | E37: Canteiro | F37: 68.9 | G37: 0 | H37: 60 | I37: 40 | J37: =F37/H37 -> 1.1483333 | K37: =G37/I37 -> 0 | L37: =VLOOKUP(B37,'Rel-EQ'!$B$8:$K$76,9,FALSE) -> 1 | M37: =VLOOKUP(B37,'Rel-EQ'!$B$8:$K$76,7,FALSE) -> 0.5 | N37: =VLOOKUP(B37,'Rel-EQ'!$B$8:$K$76,6,FALSE) -> E9018 | O37: =VLOOKUP(B37,'Rel-EQ'!$B$8:$K$76,8,FALSE) -> 2 | P37: =UPPER(INDEX('EQUIP SICRO ONE'!J:J,MATCH($N37,'EQUIP SICRO ONE'!A:A,0))) -> 552,5587 | Q37: =L37*M37*((((F37*O37)/H37)*P37)) -> 634.52157 | R37: =Q37 -> 634.52157 | T37: =VLOOKUP(B37,'Rel-EQ'!$B$8:$K$76,10,FALSE) -> GRANDE PORTE
B39: CUSTO TOTAL DE MOBILIZAÇÃO DE EQUIPAMENTOS PESADOS | R39: =SUM(R17:R38) -> 20462.874
A41: VEÍCULOS AUTOPROPELIDOS
A42: ITEM | B42: CÓDIGO | C42: DISCRIÇÃO | D42: ORIGEM | E42: DESTINO | F42: DISTANCIA DE MOBILIZAÇÃO (km) | G42: DISTANCIA DE MOBILIZAÇÃO (km)/LN | H42: VELOCIDADE MÉDIA (km/h) | I42: VELOCIDADE MÉDIA (km/h)/LN | J42: TEMPO DE VIAGEM (h) | K42: TEMPO DE VIAGEM (h)/LN | L42: QUANTIDADE (número) | M42: FATOR DE UTILIZAÇÃO (FU) | N42: TRANSPORTE | O42: IDA/ VOLTA (K) | P42: CUSTO HORÁRIO - CH (R$) | Q42: CUSTO DO TRANSPORTE - Cmob (R$) | R42: CUSTO TOTAL DE MOBILIZAÇÃO (R$)
A43: 1.23 | B43: E9509 | C43: =UPPER(INDEX('EQUIP SICRO ONE'!B:B,MATCH($B43,'EQUIP SICRO ONE'!A:A,0))) -> CAMINHÃO TANQUE DISTRIBUIDOR DE ASFALTO COM CAPACIDADE DE 6.000 L - 7 KW/136 KW | D43: Recife | E43: Canteiro | F43: 68.9 | G43: 0 | H43: 60 | I43: 40 | J43: =F43/H43 -> 1.1483333 | K43: =G43/I43 -> 0 | L43: =VLOOKUP(B43,'Rel-EQ'!$B$8:$K$76,9,FALSE) -> 1 | M43: =VLOOKUP(B43,'Rel-EQ'!$B$8:$K$76,7,FALSE) -> 1 | N43: =VLOOKUP(B43,'Rel-EQ'!$B$8:$K$76,6,FALSE) -> E9509 | O43: =VLOOKUP(B43,'Rel-EQ'!$B$8:$K$76,8,FALSE) -> 1 | P43: =UPPER(INDEX('EQUIP SICRO ONE'!J:J,MATCH($N43,'EQUIP SICRO ONE'!A:A,0))) -> 330,8343 | Q43: =L43*M43*((((F43*O43)/H43)*P43)) -> 379.90805 | R43: =Q43 -> 379.90805 | T43: =VLOOKUP(B43,'Rel-EQ'!$B$8:$K$76,10,FALSE) -> AUTOPROPELIDO
A44: 1.23 | B44: E9687 | C44: =UPPER(INDEX('EQUIP SICRO ONE'!B:B,MATCH($B44,'EQUIP SICRO ONE'!A:A,0))) -> CAMINHÃO CARROCERIA COM CAPACIDADE DE 5 T - 120 KW | D44: Recife | E44: Canteiro | F44: 68.9 | G44: 0 | H44: 60 | I44: 40 | J44: =F44/H44 -> 1.1483333 | K44: =G44/I44 -> 0 | L44: =VLOOKUP(B44,'Rel-EQ'!$B$8:$K$76,9,FALSE) -> 1 | M44: =VLOOKUP(B44,'Rel-EQ'!$B$8:$K$76,7,FALSE) -> 1 | N44: =VLOOKUP(B44,'Rel-EQ'!$B$8:$K$76,6,FALSE) -> E9687 | O44: =VLOOKUP(B44,'Rel-EQ'!$B$8:$K$76,8,FALSE) -> 1 | P44: =UPPER(INDEX('EQUIP SICRO ONE'!J:J,MATCH($N44,'EQUIP SICRO ONE'!A:A,0))) -> 174,3949 | Q44: =L44*M44*((((F44*O44)/H44)*P44)) -> 200.26348 | R44: =Q44 -> 200.26348 | T44: =VLOOKUP(B44,'Rel-EQ'!$B$8:$K$76,10,FALSE) -> AUTOPROPELIDO
A45: 1.24 | B45: E9605 | C45: =UPPER(INDEX('EQUIP SICRO ONE'!B:B,MATCH($B45,'EQUIP SICRO ONE'!A:A,0))) -> CAMINHÃO TANQUE COM CAPACIDADE DE 6.000 L - 136 KW | D45: Recife | E45: Canteiro | F45: 68.9 | G45: 0 | H45: 60 | I45: 40 | J45: =F45/H45 -> 1.1483333 | K45: =G45/I45 -> 0 | L45: =VLOOKUP(B45,'Rel-EQ'!$B$8:$K$76,9,FALSE) -> 1 | M45: =VLOOKUP(B45,'Rel-EQ'!$B$8:$K$76,7,FALSE) -> 1 | N45: =VLOOKUP(B45,'Rel-EQ'!$B$8:$K$76,6,FALSE) -> E9605 | O45: =VLOOKUP(B45,'Rel-EQ'!$B$8:$K$76,8,FALSE) -> 1 | P45: =UPPER(INDEX('EQUIP SICRO ONE'!J:J,MATCH($N45,'EQUIP SICRO ONE'!A:A,0))) -> 276,2658 | Q45: =L45*M45*((((F45*O45)/H45)*P45)) -> 317.24523 | R45: =Q45 -> 317.24523 | T45: =VLOOKUP(B45,'Rel-EQ'!$B$8:$K$76,10,FALSE) -> AUTOPROPELIDO
A46: 1.21 | B46: E9690 | C46: =UPPER(INDEX('EQUIP SICRO ONE'!B:B,MATCH($B46,'EQUIP SICRO ONE'!A:A,0))) -> CAMINHÃO GUINDAUTO COM CESTO AÉREO SIMPLES E CAPACIDADE DE ELEVAÇÃO DE 5,7 T E CARROCERIA DE 8,5 T - 136 KW | D46: Recife | E46: Canteiro | F46: 68.9 | G46: 0 | H46: 60 | I46: 40 | J46: =F46/H46 -> 1.1483333 | K46: =G46/I46 -> 0 | L46: =VLOOKUP(B46,'Rel-EQ'!$B$8:$K$76,9,FALSE) -> 1 | M46: =VLOOKUP(B46,'Rel-EQ'!$B$8:$K$76,7,FALSE) -> 1 | N46: =VLOOKUP(B46,'Rel-EQ'!$B$8:$K$76,6,FALSE) -> E9690 | O46: =VLOOKUP(B46,'Rel-EQ'!$B$8:$K$76,8,FALSE) -> 1 | P46: =UPPER(INDEX('EQUIP SICRO ONE'!J:J,MATCH($N46,'EQUIP SICRO ONE'!A:A,0))) -> 295,5847 | Q46: =L46*M46*((((F46*O46)/H46)*P46)) -> 339.42976 | R46: =Q46 -> 339.42976 | T46: =VLOOKUP(B46,'Rel-EQ'!$B$8:$K$76,10,FALSE) -> AUTOPROPELIDO
A47: 1.16 | B47: E9082 | C47: =UPPER(INDEX('EQUIP SICRO ONE'!B:B,MATCH($B47,'EQUIP SICRO ONE'!A:A,0))) -> BATE-ESTACA HIDRÁULICO PARA DEFENSAS MONTADO EM CAMINHÃO GUINDAUTO COM CAPACIDADE DE 6,2 T E CARROCERIA DE 5 T - 152 KW | D47: Recife | E47: Canteiro | F47: 68.9 | G47: 0 | H47: 60 | I47: 40 | J47: =F47/H47 -> 1.1483333 | K47: =G47/I47 -> 0 | L47: =VLOOKUP(B47,'Rel-EQ'!$B$8:$K$76,9,FALSE) -> 1 | M47: =VLOOKUP(B47,'Rel-EQ'!$B$8:$K$76,7,FALSE) -> 1 | N47: =VLOOKUP(B47,'Rel-EQ'!$B$8:$K$76,6,FALSE) -> E9082 | O47: =VLOOKUP(B47,'Rel-EQ'!$B$8:$K$76,8,FALSE) -> 1 | P47: =UPPER(INDEX('EQUIP SICRO ONE'!J:J,MATCH($N47,'EQUIP SICRO ONE'!A:A,0))) -> 388,7049 | Q47: =L47*M47*((((F47*O47)/H47)*P47)) -> 446.36279 | R47: =Q47 -> 446.36279 | T47: =VLOOKUP(B47,'Rel-EQ'!$B$8:$K$76,10,FALSE) -> AUTOPROPELIDO
A48: 1.13 | B48: E9041 | C48: =UPPER(INDEX('EQUIP SICRO ONE'!B:B,MATCH($B48,'EQUIP SICRO ONE'!A:A,0))) -> CAMINHÃO GUINDAUTO COM CAPACIDADE DE ELEVAÇÃO DE 11,9 T E CARROCERIA DE 11,5 T - 188 KW | D48: Recife | E48: Canteiro | F48: 68.9 | G48: 0 | H48: 60 | I48: 40 | J48: =F48/H48 -> 1.1483333 | K48: =G48/I48 -> 0 | L48: =VLOOKUP(B48,'Rel-EQ'!$B$8:$K$76,9,FALSE) -> 1 | M48: =VLOOKUP(B48,'Rel-EQ'!$B$8:$K$76,7,FALSE) -> 1 | N48: =VLOOKUP(B48,'Rel-EQ'!$B$8:$K$76,6,FALSE) -> E9041 | O48: =VLOOKUP(B48,'Rel-EQ'!$B$8:$K$76,8,FALSE) -> 1 | P48: =UPPER(INDEX('EQUIP SICRO ONE'!J:J,MATCH($N48,'EQUIP SICRO ONE'!A:A,0))) -> 390,3663 | Q48: =L48*M48*((((F48*O48)/H48)*P48)) -> 448.27063 | R48: =Q48 -> 448.27063 | T48: =VLOOKUP(B48,'Rel-EQ'!$B$8:$K$76,10,FALSE) -> AUTOPROPELIDO
A49: 1.4 | B49: E9667 | C49: =UPPER(INDEX('EQUIP SICRO ONE'!B:B,MATCH($B49,'EQUIP SICRO ONE'!A:A,0))) -> CAMINHÃO BASCULANTE COM CAPACIDADE DE 14 M³ - 210 KW | D49: Recife | E49: Canteiro | F49: 68.9 | G49: 0 | H49: 60 | I49: 40 | J49: =F49/H49 -> 1.1483333 | K49: =G49/I49 -> 0 | L49: =VLOOKUP(B49,'Rel-EQ'!$B$8:$K$76,9,FALSE) -> 1 | M49: =VLOOKUP(B49,'Rel-EQ'!$B$8:$K$76,7,FALSE) -> 1 | N49: =VLOOKUP(B49,'Rel-EQ'!$B$8:$K$76,6,FALSE) -> E9667 | O49: =VLOOKUP(B49,'Rel-EQ'!$B$8:$K$76,8,FALSE) -> 1 | P49: =UPPER(INDEX('EQUIP SICRO ONE'!J:J,MATCH($N49,'EQUIP SICRO ONE'!A:A,0))) -> 317,7566 | Q49: =L49*M49*((((F49*O49)/H49)*P49)) -> 364.8905 | R49: =Q49 -> 364.8905 | T49: =VLOOKUP(B49,'Rel-EQ'!$B$8:$K$76,10,FALSE) -> AUTOPROPELIDO
A50: 1.5 | B50: E9672 | C50: =UPPER(INDEX('EQUIP SICRO ONE'!B:B,MATCH($B50,'EQUIP SICRO ONE'!A:A,0))) -> CAMINHÃO BASCULANTE PARA ROCHA COM CAPACIDADE DE 12 M³ - 210 KW | D50: Recife | E50: Canteiro | F50: 68.9 | G50: 0 | H50: 60 | I50: 40 | J50: =F50/H50 -> 1.1483333 | K50: =G50/I50 -> 0 | L50: =VLOOKUP(B50,'Rel-EQ'!$B$8:$K$76,9,FALSE) -> 2 | M50: =VLOOKUP(B50,'Rel-EQ'!$B$8:$K$76,7,FALSE) -> 1 | N50: =VLOOKUP(B50,'Rel-EQ'!$B$8:$K$76,6,FALSE) -> E9672 | O50: =VLOOKUP(B50,'Rel-EQ'!$B$8:$K$76,8,FALSE) -> 1 | P50: =UPPER(INDEX('EQUIP SICRO ONE'!J:J,MATCH($N50,'EQUIP SICRO ONE'!A:A,0))) -> 354,1219 | Q50: =L50*M50*((((F50*O50)/H50)*P50)) -> 813.29996 | R50: =Q50 -> 813.29996 | T50: =VLOOKUP(B50,'Rel-EQ'!$B$8:$K$76,10,FALSE) -> AUTOPROPELIDO
A51: 1.6 | B51: E9645 | C51: =UPPER(INDEX('EQUIP SICRO ONE'!B:B,MATCH($B51,'EQUIP SICRO ONE'!A:A,0))) -> CAMINHÃO DEMARCADOR DE FAIXAS COM SISTEMA DE PINTURA A QUENTE - 5 KW/30,10 KW/136 KW | D51: Recife | E51: Canteiro | F51: 68.9 | G51: 0 | H51: 60 | I51: 40 | J51: =F51/H51 -> 1.1483333 | K51: =G51/I51 -> 0 | L51: =VLOOKUP(B51,'Rel-EQ'!$B$8:$K$76,9,FALSE) -> 1 | M51: =VLOOKUP(B51,'Rel-EQ'!$B$8:$K$76,7,FALSE) -> 1 | N51: =VLOOKUP(B51,'Rel-EQ'!$B$8:$K$76,6,FALSE) -> E9645 | O51: =VLOOKUP(B51,'Rel-EQ'!$B$8:$K$76,8,FALSE) -> 1 | P51: =UPPER(INDEX('EQUIP SICRO ONE'!J:J,MATCH($N51,'EQUIP SICRO ONE'!A:A,0))) -> 673,7158 | Q51: =L51*M51*((((F51*O51)/H51)*P51)) -> 773.65031 | R51: =Q51 -> 773.65031 | T51: =VLOOKUP(B51,'Rel-EQ'!$B$8:$K$76,10,FALSE) -> AUTOPROPELIDO
A52: 1.7 | B52: E9686 | C52: =UPPER(INDEX('EQUIP SICRO ONE'!B:B,MATCH($B52,'EQUIP SICRO ONE'!A:A,0))) -> CAMINHÃO GUINDAUTO COM CAPACIDADE DE ELEVAÇÃO DE 6,2 T E CARROCERIA DE 7 T - 136 KW | D52: Recife | E52: Canteiro | F52: 68.9 | G52: 0 | H52: 60 | I52: 40 | J52: =F52/H52 -> 1.1483333 | K52: =G52/I52 -> 0 | L52: =VLOOKUP(B52,'Rel-EQ'!$B$8:$K$76,9,FALSE) -> 1 | M52: =VLOOKUP(B52,'Rel-EQ'!$B$8:$K$76,7,FALSE) -> 1 | N52: =VLOOKUP(B52,'Rel-EQ'!$B$8:$K$76,6,FALSE) -> E9686 | O52: =VLOOKUP(B52,'Rel-EQ'!$B$8:$K$76,8,FALSE) -> 1 | P52: =UPPER(INDEX('EQUIP SICRO ONE'!J:J,MATCH($N52,'EQUIP SICRO ONE'!A:A,0))) -> 316,7969 | Q52: =L52*M52*((((F52*O52)/H52)*P52)) -> 363.78844 | R52: =Q52 -> 363.78844 | T52: =VLOOKUP(B52,'Rel-EQ'!$B$8:$K$76,10,FALSE) -> AUTOPROPELIDO
A53: 1.10 | B53: E9579 | C53: =UPPER(INDEX('EQUIP SICRO ONE'!B:B,MATCH($B53,'EQUIP SICRO ONE'!A:A,0))) -> CAMINHÃO BASCULANTE COM CAPACIDADE DE 10 M³ - 210 KW | D53: Recife | E53: Canteiro | F53: 68.9 | G53: 0 | H53: 60 | I53: 40 | J53: =F53/H53 -> 1.1483333 | K53: =G53/I53 -> 0 | L53: =VLOOKUP(B53,'Rel-EQ'!$B$8:$K$76,9,FALSE) -> 4 | M53: =VLOOKUP(B53,'Rel-EQ'!$B$8:$K$76,7,FALSE) -> 1 | N53: =VLOOKUP(B53,'Rel-EQ'!$B$8:$K$76,6,FALSE) -> E9579 | O53: =VLOOKUP(B53,'Rel-EQ'!$B$8:$K$76,8,FALSE) -> 1 | P53: =UPPER(INDEX('EQUIP SICRO ONE'!J:J,MATCH($N53,'EQUIP SICRO ONE'!A:A,0))) -> 304,4862 | Q53: =L53*M53*((((F53*O53)/H53)*P53)) -> 1398.6066 | R53: =Q53 -> 1398.6066 | T53: =VLOOKUP(B53,'Rel-EQ'!$B$8:$K$76,10,FALSE) -> AUTOPROPELIDO
A54: 1.10 | B54: E9506 | C54: =UPPER(INDEX('EQUIP SICRO ONE'!B:B,MATCH($B54,'EQUIP SICRO ONE'!A:A,0))) -> CAMINHÃO BASCULANTE COM CAPACIDADE DE 6 M³ - 136 KW | D54: Recife | E54: Canteiro | F54: 68.9 | G54: 0 | H54: 60 | I54: 40 | J54: =F54/H54 -> 1.1483333 | K54: =G54/I54 -> 0 | L54: =VLOOKUP(B54,'Rel-EQ'!$B$8:$K$76,9,FALSE) -> 2 | M54: =VLOOKUP(B54,'Rel-EQ'!$B$8:$K$76,7,FALSE) -> 1 | N54: =VLOOKUP(B54,'Rel-EQ'!$B$8:$K$76,6,FALSE) -> E9506 | O54: =VLOOKUP(B54,'Rel-EQ'!$B$8:$K$76,8,FALSE) -> 1 | P54: =UPPER(INDEX('EQUIP SICRO ONE'!J:J,MATCH($N54,'EQUIP SICRO ONE'!A:A,0))) -> 199,8929 | Q54: =L54*M54*((((F54*O54)/H54)*P54)) -> 459.08736 | R54: =Q54 -> 459.08736 | T54: =VLOOKUP(B54,'Rel-EQ'!$B$8:$K$76,10,FALSE) -> AUTOPROPELIDO
A55: 1.10 | B55: E9571 | C55: =UPPER(INDEX('EQUIP SICRO ONE'!B:B,MATCH($B55,'EQUIP SICRO ONE'!A:A,0))) -> CAMINHÃO TANQUE COM CAPACIDADE DE 10.000 L - 188 KW | D55: Recife | E55: Canteiro | F55: 68.9 | G55: 0 | H55: 60 | I55: 40 | J55: =F55/H55 -> 1.1483333 | K55: =G55/I55 -> 0 | L55: =VLOOKUP(B55,'Rel-EQ'!$B$8:$K$76,9,FALSE) -> 3 | M55: =VLOOKUP(B55,'Rel-EQ'!$B$8:$K$76,7,FALSE) -> 1 | N55: =VLOOKUP(B55,'Rel-EQ'!$B$8:$K$76,6,FALSE) -> E9571 | O55: =VLOOKUP(B55,'Rel-EQ'!$B$8:$K$76,8,FALSE) -> 1 | P55: =UPPER(INDEX('EQUIP SICRO ONE'!J:J,MATCH($N55,'EQUIP SICRO ONE'!A:A,0))) -> 353,9942 | Q55: =L55*M55*((((F55*O55)/H55)*P55)) -> 1219.51 | R55: =Q55 -> 1219.51 | T55: =VLOOKUP(B55,'Rel-EQ'!$B$8:$K$76,10,FALSE) -> AUTOPROPELIDO
B57: CUSTO TOTAL DE MOBILIZAÇÃO DE VEÍCULOS DE TRANSPORTE | R57: =SUM(R43:R56) -> 7524.3132
A59: EQUIPAMENTOS DE PEQUENO PORTE (EMBARCADOS EM CAMINHÕES)
A60: ITEM | B60: CÓDIGO | C60: DISCRIÇÃO | D60: ORIGEM | E60: DESTINO | F60: DISTANCIA DE MOBILIZAÇÃO (km) | G60: DISTANCIA DE MOBILIZAÇÃO (km)/LN | H60: QUANTIDADE (número) | I60: VELOCIDADE MÉDIA (km/h)/LN | J60: IDA/ VOLTA (K) | K60: TEMPO DE VIAGEM (h)/LN | L60: PESO UNITÁRIO | M60: PESO
A61: 1.24 | B61: E9764 | C61: =UPPER(INDEX('EQUIP SICRO ONE'!B:B,MATCH($B61,'EQUIP SICRO ONE'!A:A,0))) -> GRUPO GERADOR - 7,2 KVA | D61: Recife | E61: Canteiro | F61: 68.9 | G61: 0 | H61: =VLOOKUP(B61,'Rel-EQ'!$B$8:$K$76,9,FALSE) -> 1 | I61: 40 | J61: =VLOOKUP(B61,'Rel-EQ'!$B$8:$K$76,8,FALSE) -> 1 | K61: =G61/I61 -> 0 | L61: =VLOOKUP(B61,'Rel-EQ'!$B$8:$K$76,5,FALSE) -> 97 | M61: =H61*L61 -> 97
A62: 1.25 | B62: E9623 | C62: =UPPER(INDEX('EQUIP SICRO ONE'!B:B,MATCH($B62,'EQUIP SICRO ONE'!A:A,0))) -> MÁQUINA DE BANCADA GUILHOTINA - 4,00 KW | D62: Recife | E62: Canteiro | F62: 68.9 | G62: 0 | H62: =VLOOKUP(B62,'Rel-EQ'!$B$8:$K$76,9,FALSE) -> 1 | I62: 40 | J62: =VLOOKUP(B62,'Rel-EQ'!$B$8:$K$76,8,FALSE) -> 1 | K62: =G62/I62 -> 0 | L62: =VLOOKUP(B62,'Rel-EQ'!$B$8:$K$76,5,FALSE) -> 1270 | M62: =H62*L62 -> 1270
A63: 1.26 | B63: E9521 | C63: =UPPER(INDEX('EQUIP SICRO ONE'!B:B,MATCH($B63,'EQUIP SICRO ONE'!A:A,0))) -> GRUPO GERADOR - 3,2 KVA | D63: Recife | E63: Canteiro | F63: 68.9 | G63: 0 | H63: =VLOOKUP(B63,'Rel-EQ'!$B$8:$K$76,9,FALSE) -> 1 | I63: 40 | J63: =VLOOKUP(B63,'Rel-EQ'!$B$8:$K$76,8,FALSE) -> 1 | K63: =G63/I63 -> 0 | L63: =VLOOKUP(B63,'Rel-EQ'!$B$8:$K$76,5,FALSE) -> 52.5 | M63: =H63*L63 -> 52.5
A64: 1.19 | B64: E9507 | C64: =UPPER(INDEX('EQUIP SICRO ONE'!B:B,MATCH($B64,'EQUIP SICRO ONE'!A:A,0))) -> PLOTADORA DE RECORTE COM COMPUTADOR E PROGRAMA COMPUTACIONAL | D64: Recife | E64: Canteiro | F64: 68.9 | G64: 0 | H64: =VLOOKUP(B64,'Rel-EQ'!$B$8:$K$76,9,FALSE) -> 1 | I64: 40 | J64: =VLOOKUP(B64,'Rel-EQ'!$B$8:$K$76,8,FALSE) -> 1 | K64: =G64/I64 -> 0 | L64: =VLOOKUP(B64,'Rel-EQ'!$B$8:$K$76,5,FALSE) -> 64 | M64: =H64*L64 -> 64
A65: 1.20 | B65: E9556 | C65: =UPPER(INDEX('EQUIP SICRO ONE'!B:B,MATCH($B65,'EQUIP SICRO ONE'!A:A,0))) -> COMPACTADOR MANUAL DE PLACA VIBRATÓRIA - 3,00 KW | D65: Recife | E65: Canteiro | F65: 68.9 | G65: 0 | H65: =VLOOKUP(B65,'Rel-EQ'!$B$8:$K$76,9,FALSE) -> 1 | I65: 40 | J65: =VLOOKUP(B65,'Rel-EQ'!$B$8:$K$76,8,FALSE) -> 1 | K65: =G65/I65 -> 0 | L65: =VLOOKUP(B65,'Rel-EQ'!$B$8:$K$76,5,FALSE) -> 82 | M65: =H65*L65 -> 82
A66: 1.21 | B66: E9675 | C66: =UPPER(INDEX('EQUIP SICRO ONE'!B:B,MATCH($B66,'EQUIP SICRO ONE'!A:A,0))) -> MARTELETE PERFURADOR/ROMPEDOR ELÉTRICO - 1,50 KW | D66: Recife | E66: Canteiro | F66: 68.9 | G66: 0 | H66: =VLOOKUP(B66,'Rel-EQ'!$B$8:$K$76,9,FALSE) -> 1 | I66: 40 | J66: =VLOOKUP(B66,'Rel-EQ'!$B$8:$K$76,8,FALSE) -> 1 | K66: =G66/I66 -> 0 | L66: =VLOOKUP(B66,'Rel-EQ'!$B$8:$K$76,5,FALSE) -> 8.9 | M66: =H66*L66 -> 8.9
A67: 1.22 | B67: E9683 | C67: =UPPER(INDEX('EQUIP SICRO ONE'!B:B,MATCH($B67,'EQUIP SICRO ONE'!A:A,0))) -> MARTELETE PERFURADOR/ROMPEDOR ELÉTRICO - 0,90 KW | D67: Recife | E67: Canteiro | F67: 68.9 | G67: 0 | H67: =VLOOKUP(B67,'Rel-EQ'!$B$8:$K$76,9,FALSE) -> 1 | I67: 40 | J67: =VLOOKUP(B67,'Rel-EQ'!$B$8:$K$76,8,FALSE) -> 1 | K67: =G67/I67 -> 0 | L67: =VLOOKUP(B67,'Rel-EQ'!$B$8:$K$76,5,FALSE) -> 4.7 | M67: =H67*L67 -> 4.7
A68: 1.23 | B68: E9568 | C68: =UPPER(INDEX('EQUIP SICRO ONE'!B:B,MATCH($B68,'EQUIP SICRO ONE'!A:A,0))) -> FURADEIRA DE IMPACTO DE 12,5 MM - 0,80 KW | D68: Recife | E68: Canteiro | F68: 68.9 | G68: 0 | H68: =VLOOKUP(B68,'Rel-EQ'!$B$8:$K$76,9,FALSE) -> 5 | I68: 40 | J68: =VLOOKUP(B68,'Rel-EQ'!$B$8:$K$76,8,FALSE) -> 1 | K68: =G68/I68 -> 0 | L68: =VLOOKUP(B68,'Rel-EQ'!$B$8:$K$76,5,FALSE) -> 2.5 | M68: =H68*L68 -> 12.5
A69: 1.24 | B69: E9107 | C69: =UPPER(INDEX('EQUIP SICRO ONE'!B:B,MATCH($B69,'EQUIP SICRO ONE'!A:A,0))) -> COMPACTADOR MANUAL COM SOQUETE VIBRATÓRIO - 2,24 KW | D69: Recife | E69: Canteiro | F69: 68.9 | G69: 0 | H69: =VLOOKUP(B69,'Rel-EQ'!$B$8:$K$76,9,FALSE) -> 1 | I69: 40 | J69: =VLOOKUP(B69,'Rel-EQ'!$B$8:$K$76,8,FALSE) -> 1 | K69: =G69/I69 -> 0 | L69: =VLOOKUP(B69,'Rel-EQ'!$B$8:$K$76,5,FALSE) -> 78 | M69: =H69*L69 -> 78
A70: 1.25 | B70: E9547 | C70: =UPPER(INDEX('EQUIP SICRO ONE'!B:B,MATCH($B70,'EQUIP SICRO ONE'!A:A,0))) -> MÁQUINA DE SOLDA ELÉTRICA TRANSFORMADORA 250 A - 9,20 KW | D70: Recife | E70: Canteiro | F70: 68.9 | G70: 0 | H70: =VLOOKUP(B70,'Rel-EQ'!$B$8:$K$76,9,FALSE) -> 1 | I70: 40 | J70: =VLOOKUP(B70,'Rel-EQ'!$B$8:$K$76,8,FALSE) -> 1 | K70: =G70/I70 -> 0 | L70: =VLOOKUP(B70,'Rel-EQ'!$B$8:$K$76,5,FALSE) -> 24.5 | M70: =H70*L70 -> 24.5
A71: 1.26 | B71: E9662 | C71: =UPPER(INDEX('EQUIP SICRO ONE'!B:B,MATCH($B71,'EQUIP SICRO ONE'!A:A,0))) -> EQUIPAMENTO PARA SOLDA E CORTE COM OXIACETILENO | D71: Recife | E71: Canteiro | F71: 68.9 | G71: 0 | H71: =VLOOKUP(B71,'Rel-EQ'!$B$8:$K$76,9,FALSE) -> 1 | I71: 40 | J71: =VLOOKUP(B71,'Rel-EQ'!$B$8:$K$76,8,FALSE) -> 1 | K71: =G71/I71 -> 0 | L71: =VLOOKUP(B71,'Rel-EQ'!$B$8:$K$76,5,FALSE) -> 1.2 | M71: =H71*L71 -> 1.2
A72: 1.24 | B72: E9643 | C72: =UPPER(INDEX('EQUIP SICRO ONE'!B:B,MATCH($B72,'EQUIP SICRO ONE'!A:A,0))) -> EQUIPAMENTO PARA PINTURA A AR COMPRIMIDO DE PISTOLA COM CANECA COM CAPACIDADE DE 1.000 ML E COMPRESSOR DE 1,50 KW | D72: Recife | E72: Canteiro | F72: 68.9 | G72: 0 | H72: =VLOOKUP(B72,'Rel-EQ'!$B$8:$K$76,9,FALSE) -> 1 | I72: 40 | J72: =VLOOKUP(B72,'Rel-EQ'!$B$8:$K$76,8,FALSE) -> 1 | K72: =G72/I72 -> 0 | L72: =VLOOKUP(B72,'Rel-EQ'!$B$8:$K$76,5,FALSE) -> 76 | M72: =H72*L72 -> 76
... A92: 1.20 | B92: E9519 | C92: =UPPER(INDEX('EQUIP SICRO ONE'!B:B,MATCH($B92,'EQUIP SICRO ONE'!A:A,0))) -> BETONEIRA COM MOTOR A GASOLINA COM CAPACIDADE DE 600 L - 10 KW | D92: Recife | E92: Canteiro | F92: 68.9 | G92: 0 | H92: =VLOOKUP(B92,'Rel-EQ'!$B$8:$K$76,9,FALSE) -> 2 | I92: 40 | J92: =VLOOKUP(B92,'Rel-EQ'!$B$8:$K$76,8,FALSE) -> 1 | K92: =G92/I92 -> 0 | L92: =VLOOKUP(B92,'Rel-EQ'!$B$8:$K$76,5,FALSE) -> 1050 | M92: =H92*L92 -> 2100
B94: PESO TOTAL | M94: =SUM(M61:M93) -> 25186.88 | N94: CÓDIGO | O94: CUSTO DO TRANSPORTE - Cmob (R$) | Q94: CUSTO TOTAL DE MOBILIZAÇÃO (R$)
B95: CARGA, MANOBRA E DESCARGA DE MATERIAIS DIVERSOS EM CAMINHÃO CARROCERIA DE 15 T - CARGA E DESCARGA COM CAMINHÃO GUINDAUTO DE 20 T.M | M95: =ROUND(M94/1000,4) -> 25.1869 | N95: 5914333 | O95: 34.19 | Q95: =M95*O95 -> 861.14011
C99: Engenheiro supervisor, chefe e engenheiro auxiliar | H99: 1
C100: Encarregados/Laboratoristas/Topógrafos | H100: =1+1+5+2+4 -> 13
C101: Operador de equipamento pesado/especial | H101: 10
C102: Profissionais com deslocamento rodoviário (Administração Local e 50% da mão de obra ordinária) | H102: =19+7+2+6 -> 34

Sheet MOBILIZAÇÃO DES_
A1: RODOVIA: BR-232 TRECHO: Km 60 ao 63 OBRA: Área de Escape
A4: CUSTO DE MOBILIZAÇÃO DE EQUIPAMENTOS E PESSOAL
A6: RESUMO | Q6: Data Base: | R6: 45839
A7: CUSTO TOTAL DE MOBILIZAÇÃO DE EQUIPAMENTOS DE GRANDE PORTE | E7: =R39 -> 20333.481
A8: CUSTO TOTAL DE MOBILIZAÇÃO DE EQUIPAMENTOS DE PEQUENO PORTE | E8: =Q95 -> 847.53918 | R8: (sem desoneração da mão de obra)
A9: CUSTO TOTAL DE MOBILIZAÇÃO DE VEÍCULOS DE TRANSPORTE | E9: =R57 -> 7455.1819
A10: CUSTO TOTAL DE MOBILIZAÇÃO DE PESSOAL | E10: -
A11: CUSTO DA MOBILIZAÇÃO DE EQUIPAMENTOS E PESSOAL | E11: =SUM(E7:E10) -> 28636.202
A12: CUSTO DA DESMOBILIZAÇÃO DE EQUIPAMENTOS E PESSOAL | E12: =E11 -> 28636.202
A13: CUSTO TOTAL DE MOBILIZAÇÃO E DESMOBILIZAÇÃO DE EQUIPAMENTOS E PESSOAL | E13: =E12+E11 -> 57272.405
A15: EQUIPAMENTOS DE GRANDE PORTE
A16: ITEM | B16: CÓDIGO | C16: DISCRIÇÃO | D16: ORIGEM | E16: DESTINO | F16: DISTANCIA DE MOBILIZAÇÃO (km) | G16: DISTANCIA DE MOBILIZAÇÃO (km)/LN | H16: VELOCIDADE MÉDIA (km/h) | I16: VELOCIDADE MÉDIA (km/h)/LN | J16: TEMPO DE VIAGEM (h) | K16: TEMPO DE VIAGEM (h)/LN | L16: QUANTIDADE (número) | M16: FATOR DE UTILIZAÇÃO (FU) | N16: TRANSPORTE | O16: IDA/ VOLTA (K) | P16: CUSTO HORÁRIO - CH (R$) | Q16: CUSTO DO TRANSPORTE - Cmob (R$) | R16: CUSTO TOTAL DE MOBILIZAÇÃO (R$)
A17: 1.3 | B17: E9654 | C17: =UPPER(INDEX('EQUIP SICRO ONE'!B:B,MATCH($B17,'EQUIP SICRO ONE'!A:A,0))) -> GUINDASTE MÓVEL SOBRE ESTEIRAS COM TRADO COM BITS ESCAVAÇÃO EM ROCHA - 186 KW | D17: Recife | E17: Canteiro | F17: 68.9 | G17: 0 | H17: 60 | I17: 40 | J17: =F17/H17 -> 1.1483333 | K17: =G17/I17 -> 0 | L17: =VLOOKUP(B17,'Rel-EQ'!$B$8:$K$76,9,FALSE) -> 1 | M17: =VLOOKUP(B17,'Rel-EQ'!$B$8:$K$76,7,FALSE) -> 1 | N17: =VLOOKUP(B17,'Rel-EQ'!$B$8:$K$76,6,FALSE) -> E9018 | O17: =VLOOKUP(B17,'Rel-EQ'!$B$8:$K$76,8,FALSE) -> 2 | P17: =UPPER(INDEX('EQUIP SICRO DES'!J:J,MATCH($N17,'EQUIP SICRO DES'!A:A,0))) -> 549,6695 | Q17: =L17*M17*((((F17*O17)/H17)*P17)) -> 1262.4076 | R17: =Q17 -> 1262.4076 | T17: =VLOOKUP(B17,'Rel-EQ'!$B$8:$K$76,10,FALSE) -> GRANDE PORTE
A18: 1.8 | B18: E9515 | C18: =UPPER(INDEX('EQUIP SICRO ONE'!B:B,MATCH($B18,'EQUIP SICRO ONE'!A:A,0))) -> ESCAVADEIRA HIDRÁULICA SOBRE ESTEIRAS COM CAÇAMBA COM CAPACIDADE DE 1,56 M³ - 118 KW | D18: Recife | E18: Canteiro | F18: 68.9 | G18: 0 | H18: 60 | I18: 40 | J18: =F18/H18 -> 1.1483333 | K18: =G18/I18 -> 0 | L18: =VLOOKUP(B18,'Rel-EQ'!$B$8:$K$76,9,FALSE) -> 1 | M18: =VLOOKUP(B18,'Rel-EQ'!$B$8:$K$76,7,FALSE) -> 1 | N18: =VLOOKUP(B18,'Rel-EQ'!$B$8:$K$76,6,FALSE) -> E9666 | O18: =VLOOKUP(B18,'Rel-EQ'!$B$8:$K$76,8,FALSE) -> 2 | P18: =UPPER(INDEX('EQUIP SICRO DES'!J:J,MATCH($N18,'EQUIP SICRO DES'!A:A,0))) -> 461,7722 | Q18: =L18*M18*((((F18*O18)/H18)*P18)) -> 1060.5368 | R18: =Q18 -> 1060.5368 | T18: =VLOOKUP(B18,'Rel-EQ'!$B$8:$K$76,10,FALSE) -> GRANDE PORTE
A19: 1.9 | B19: E9558 | C19: =UPPER(INDEX('EQUIP SICRO ONE'!B:B,MATCH($B19,'EQUIP SICRO ONE'!A:A,0))) -> TANQUE DE ESTOCAGEM DE ASFALTO COM CAPACIDADE DE 30.000 L | D19: Recife | E19: Canteiro | F19: 68.9 | G19: 0 | H19: 60 | I19: 40 | J19: =F19/H19 -> 1.1483333 | K19: =G19/I19 -> 0 | L19: =VLOOKUP(B19,'Rel-EQ'!$B$8:$K$76,9,FALSE) -> 1 | M19: =VLOOKUP(B19,'Rel-EQ'!$B$8:$K$76,7,FALSE) -> 1 | N19: =VLOOKUP(B19,'Rel-EQ'!$B$8:$K$76,6,FALSE) -> E9665 | O19: =VLOOKUP(B19,'Rel-EQ'!$B$8:$K$76,8,FALSE) -> 2 | P19: =UPPER(INDEX('EQUIP SICRO DES'!J:J,MATCH($N19,'EQUIP SICRO DES'!A:A,0))) -> 412,5581 | Q19: =L19*M19*((((F19*O19)/H19)*P19)) -> 947.50844 | R19: =Q19 -> 947.50844 | T19: =VLOOKUP(B19,'Rel-EQ'!$B$8:$K$76,10,FALSE) -> GRANDE PORTE
A20: 1.11 | B20: E9117 | C20: =UPPER(INDEX('EQUIP SICRO ONE'!B:B,MATCH($B20,'EQUIP SICRO ONE'!A:A,0))) -> CARREGADEIRA DE PNEUS PARA ROCHA COM CAPACIDADE DE 2,50 M³ - 105 KW | D20: Recife | E20: Canteiro | F20: 68.9 | G20: 0 | H20: 60 | I20: 40 | J20: =F20/H20 -> 1.1483333 | K20: =G20/I20 -> 0 | L20: =VLOOKUP(B20,'Rel-EQ'!$B$8:$K$76,9,FALSE) -> 1 | M20: =VLOOKUP(B20,'Rel-EQ'!$B$8:$K$76,7,FALSE) -> 1 | N20: =VLOOKUP(B20,'Rel-EQ'!$B$8:$K$76,6,FALSE) -> E9665 | O20: =VLOOKUP(B20,'Rel-EQ'!$B$8:$K$76,8,FALSE) -> 2 | P20: =UPPER(INDEX('EQUIP SICRO DES'!J:J,MATCH($N20,'EQUIP SICRO DES'!A:A,0))) -> 412,5581 | Q20: =L20*M20*((((F20*O20)/H20)*P20)) -> 947.50844 | R20: =Q20 -> 947.50844 | T20: =VLOOKUP(B20,'Rel-EQ'!$B$8:$K$76,10,FALSE) -> GRANDE PORTE
A21: 1.12 | B21: E9541 | C21: =UPPER(INDEX('EQUIP SICRO ONE'!B:B,MATCH($B21,'EQUIP SICRO ONE'!A:A,0))) -> TRATOR SOBRE ESTEIRAS COM LÂMINA - 259 KW | D21: Recife | E21: Canteiro | F21: 68.9 | G21: 0 | H21: 60 | I21: 40 | J21: =F21/H21 -> 1.1483333 | K21: =G21/I21 -> 0 | L21: =VLOOKUP(B21,'Rel-EQ'!$B$8:$K$76,9,FALSE) -> 1 | M21: =VLOOKUP(B21,'Rel-EQ'!$B$8:$K$76,7,FALSE) -> 1 | N21: =VLOOKUP(B21,'Rel-EQ'!$B$8:$K$76,6,FALSE) -> E9018 | O21: =VLOOKUP(B21,'Rel-EQ'!$B$8:$K$76,8,FALSE) -> 2 | P21: =UPPER(INDEX('EQUIP SICRO DES'!J:J,MATCH($N21,'EQUIP SICRO DES'!A:A,0))) -> 549,6695 | Q21: =L21*M21*((((F21*O21)/H21)*P21)) -> 1262.4076 | R21: =Q21 -> 1262.4076 | T21: =VLOOKUP(B21,'Rel-EQ'!$B$8:$K$76,10,FALSE) -> GRANDE PORTE
A22: 1.15 | B22: E9685 | C22: =UPPER(INDEX('EQUIP SICRO ONE'!B:B,MATCH($B22,'EQUIP SICRO ONE'!A:A,0))) -> ROLO COMPACTADOR PÉ DE CARNEIRO VIBRATÓRIO AUTOPROPELIDO POR PNEUS DE 11,6 T - 82 KW | D22: Recife | E22: Canteiro | F22: 68.9 | G22: 0 | H22: 60 | I22: 40 | J22: =F22/H22 -> 1.1483333 | K22: =G22/I22 -> 0 | L22: =VLOOKUP(B22,'Rel-EQ'!$B$8:$K$76,9,FALSE) -> 1 | M22: =VLOOKUP(B22,'Rel-EQ'!$B$8:$K$76,7,FALSE) -> 0.5 | N22: =VLOOKUP(B22,'Rel-EQ'!$B$8:$K$76,6,FALSE) -> E9666 | O22: =VLOOKUP(B22,'Rel-EQ'!$B$8:$K$76,8,FALSE) -> 2 | P22: =UPPER(INDEX('EQUIP SICRO DES'!J:J,MATCH($N22,'EQUIP SICRO DES'!A:A,0))) -> 461,7722 | Q22: =L22*M22*((((F22*O22)/H22)*P22)) -> 530.26841 | R22: =Q22 -> 530.26841 | T22: =VLOOKUP(B22,'Rel-EQ'!$B$8:$K$76,10,FALSE) -> GRANDE PORTE
A23: 1.17 | B23: E9524 | C23: =UPPER(INDEX('EQUIP SICRO ONE'!B:B,MATCH($B23,'EQUIP SICRO ONE'!A:A,0))) -> MOTONIVELADORA - 93 KW | D23: Recife | E23: Canteiro | F23: 68.9 | G23: 0 | H23: 60 | I23: 40 | J23: =F23/H23 -> 1.1483333 | K23: =G23/I23 -> 0 | L23: =VLOOKUP(B23,'Rel-EQ'!$B$8:$K$76,9,FALSE) -> 1 | M23: =VLOOKUP(B23,'Rel-EQ'!$B$8:$K$76,7,FALSE) -> 1 | N23: =VLOOKUP(B23,'Rel-EQ'!$B$8:$K$76,6,FALSE) -> E9665 | O23: =VLOOKUP(B23,'Rel-EQ'!$B$8:$K$76,8,FALSE) -> 2 | P23: =UPPER(INDEX('EQUIP SICRO DES'!J:J,MATCH($N23,'EQUIP SICRO DES'!A:A,0))) -> 412,5581 | Q23: =L23*M23*((((F23*O23)/H23)*P23)) -> 947.50844 | R23: =Q23 -> 947.50844 | T23: =VLOOKUP(B23,'Rel-EQ'!$B$8:$K$76,10,FALSE) -> GRANDE PORTE
A24: 1.19 | B24: E9577 | C24: =UPPER(INDEX('EQUIP SICRO ONE'!B:B,MATCH($B24,'EQUIP SICRO ONE'!A:A,0))) -> TRATOR AGRÍCOLA SOBRE PNEUS - 77 KW | D24: Recife | E24: Canteiro | F24: 68.9 | G24: 0 | H24: 60 | I24: 40 | J24: =F24/H24 -> 1.1483333 | K24: =G24/I24 -> 0 | L24: =VLOOKUP(B24,'Rel-EQ'!$B$8:$K$76,9,FALSE) -> 1 | M24: =VLOOKUP(B24,'Rel-EQ'!$B$8:$K$76,7,FALSE) -> 0.5 | N24: =VLOOKUP(B24,'Rel-EQ'!$B$8:$K$76,6,FALSE) -> E9665 | O24: =VLOOKUP(B24,'Rel-EQ'!$B$8:$K$76,8,FALSE) -> 2 | P24: =UPPER(INDEX('EQUIP SICRO DES'!J:J,MATCH($N24,'EQUIP SICRO DES'!A:A,0))) -> 412,5581 | Q24: =L24*M24*((((F24*O24)/H24)*P24)) -> 473.75422 | R24: =Q24 -> 473.75422 | T24: =VLOOKUP(B24,'Rel-EQ'!$B$8:$K$76,10,FALSE) -> GRANDE PORTE
A25: 1.22 | B25: E9584 | C25: =UPPER(INDEX('EQUIP SICRO ONE'!B:B,MATCH($B25,'EQUIP SICRO ONE'!A:A,0))) -> CARREGADEIRA DE PNEUS COM CAPACIDADE DE 1,72 M³ - 113 KW | D25: Recife | E25: Canteiro | F25: 68.9 | G25: 0 | H25: 60 | I25: 40 | J25: =F25/H25 -> 1.1483333 | K25: =G25/I25 -> 0 | L25: =VLOOKUP(B25,'Rel-EQ'!$B$8:$K$76,9,FALSE) -> 1 | M25: =VLOOKUP(B25,'Rel-EQ'!$B$8:$K$76,7,FALSE) -> 1 | N25: =VLOOKUP(B25,'Rel-EQ'!$B$8:$K$76,6,FALSE) -> E9665 | O25: =VLOOKUP(B25,'Rel-EQ'!$B$8:$K$76,8,FALSE) -> 2 | P25: =UPPER(INDEX('EQUIP SICRO DES'!J:J,MATCH($N25,'EQUIP SICRO DES'!A:A,0))) -> 412,5581 | Q25: =L25*M25*((((F25*O25)/H25)*P25)) -> 947.50844 | R25: =Q25 -> 947.50844 | T25: =VLOOKUP(B25,'Rel-EQ'!$B$8:$K$76,10,FALSE) -> GRANDE PORTE
A26: 1.23 | B26: E9774 | C26: =UPPER(INDEX('EQUIP SICRO ONE'!B:B,MATCH($B26,'EQUIP SICRO ONE'!A:A,0))) -> RETROESCAVADEIRA DE PNEUS COM CAÇAMBA DE ESCAVAÇÃO TRAPEZOIDAL OU TRIANGULAR COM SEÇÃO DE CORTE DE 0,30 A 0,50 M² - 58 KW | D26: Recife | E26: Canteiro | F26: 68.9 | G26: 0 | H26: 60 | I26: 40 | J26: =F26/H26 -> 1.1483333 | K26: =G26/I26 -> 0 | L26: =VLOOKUP(B26,'Rel-EQ'!$B$8:$K$76,9,FALSE) -> 1 | M26: =VLOOKUP(B26,'Rel-EQ'!$B$8:$K$76,7,FALSE) -> 1 | N26: =VLOOKUP(B26,'Rel-EQ'!$B$8:$K$76,6,FALSE) -> E9665 | O26: =VLOOKUP(B26,'Rel-EQ'!$B$8:$K$76,8,FALSE) -> 2 | P26: =UPPER(INDEX('EQUIP SICRO DES'!J:J,MATCH($N26,'EQUIP SICRO DES'!A:A,0))) -> 412,5581 | Q26: =L26*M26*((((F26*O26)/H26)*P26)) -> 947.50844 | R26: =Q26 -> 947.50844 | T26: =VLOOKUP(B26,'Rel-EQ'!$B$8:$K$76,10,FALSE) -> GRANDE PORTE
A27: 1.24 | B27: E9762 | C27: =UPPER(INDEX('EQUIP SICRO ONE'!B:B,MATCH($B27,'EQUIP SICRO ONE'!A:A,0))) -> ROLO COMPACTADOR DE PNEUS AUTOPROPELIDO DE 27 T - 85 KW | D27: Recife | E27: Canteiro | F27: 68.9 | G27: 0 | H27: 60 | I27: 40 | J27: =F27/H27 -> 1.1483333 | K27: =G27/I27 -> 0 | L27: =VLOOKUP(B27,'Rel-EQ'!$B$8:$K$76,9,FALSE) -> 1 | M27: =VLOOKUP(B27,'Rel-EQ'!$B$8:$K$76,7,FALSE) -> 0.5 | N27: =VLOOKUP(B27,'Rel-EQ'!$B$8:$K$76,6,FALSE) -> E9666 | O27: =VLOOKUP(B27,'Rel-EQ'!$B$8:$K$76,8,FALSE) -> 2 | P27: =UPPER(INDEX('EQUIP SICRO DES'!J:J,MATCH($N27,'EQUIP SICRO DES'!A:A,0))) -> 461,7722 | Q27: =L27*M27*((((F27*O27)/H27)*P27)) -> 530.26841 | R27: =Q27 -> 530.26841 | T27: =VLOOKUP(B27,'Rel-EQ'!$B$8:$K$76,10,FALSE) -> GRANDE PORTE
A28: 1.26 | B28: E9511 | C28: =UPPER(INDEX('EQUIP SICRO ONE'!B:B,MATCH($B28,'EQUIP SICRO ONE'!A:A,0))) -> CARREGADEIRA DE PNEUS COM CAPACIDADE DE 3,40 M³ - 195 KW | D28: Recife | E28: Canteiro | F28: 68.9 | G28: 0 | H28: 60 | I28: 40 | J28: =F28/H28 -> 1.1483333 | K28: =G28/I28 -> 0 | L28: =VLOOKUP(B28,'Rel-EQ'!$B$8:$K$76,9,FALSE) -> 1 | M28: =VLOOKUP(B28,'Rel-EQ'!$B$8:$K$76,7,FALSE) -> 1 | N28: =VLOOKUP(B28,'Rel-EQ'!$B$8:$K$76,6,FALSE) -> E9665 | O28: =VLOOKUP(B28,'Rel-EQ'!$B$8:$K$76,8,FALSE) -> 2 | P28: =UPPER(INDEX('EQUIP SICRO DES'!J:J,MATCH($N28,'EQUIP SICRO DES'!A:A,0))) -> 412,5581 | Q28: =L28*M28*((((F28*O28)/H28)*P28)) -> 947.50844 | R28: =Q28 -> 947.50844 | T28: =VLOOKUP(B28,'Rel-EQ'!$B$8:$K$76,10,FALSE) -> GRANDE PORTE
... A37: 1.23 | B37: E9505 | C37: =UPPER(INDEX('EQUIP SICRO ONE'!B:B,MATCH($B37,'EQUIP SICRO ONE'!A:A,0))) -> PRENSA DOBRADEIRA CAPACIDADE 320 T - COMPRIMENTO ATÉ 3.100 MM - 30 KW | D37: Recife | E37: Canteiro | F37: 68.9 | G37: 0 | H37: 60 | I37: 40 | J37: =F37/H37 -> 1.1483333 | K37: =G37/I37 -> 0 | L37: =VLOOKUP(B37,'Rel-EQ'!$B$8:$K$76,9,FALSE) -> 1 | M37: =VLOOKUP(B37,'Rel-EQ'!$B$8:$K$76,7,FALSE) -> 0.5 | N37: =VLOOKUP(B37,'Rel-EQ'!$B$8:$K$76,6,FALSE) -> E9018 | O37: =VLOOKUP(B37,'Rel-EQ'!$B$8:$K$76,8,FALSE) -> 2 | P37: =UPPER(INDEX('EQUIP SICRO DES'!J:J,MATCH($N37,'EQUIP SICRO DES'!A:A,0))) -> 549,6695 | Q37: =L37*M37*((((F37*O37)/H37)*P37)) -> 631.20381 | R37: =Q37 -> 631.20381 | T37: =VLOOKUP(B37,'Rel-EQ'!$B$8:$K$76,10,FALSE) -> GRANDE PORTE
B39: CUSTO TOTAL DE MOBILIZAÇÃO DE EQUIPAMENTOS PESADOS | R39: =SUM(R17:R38) -> 20333.481
A41: VEÍCULOS AUTOPROPELIDOS
A42: ITEM | B42: CÓDIGO | C42: DISCRIÇÃO | D42: ORIGEM | E42: DESTINO | F42: DISTANCIA DE MOBILIZAÇÃO (km) | G42: DISTANCIA DE MOBILIZAÇÃO (km)/LN | H42: VELOCIDADE MÉDIA (km/h) | I42: VELOCIDADE MÉDIA (km/h)/LN | J42: TEMPO DE VIAGEM (h) | K42: TEMPO DE VIAGEM (h)/LN | L42: QUANTIDADE (número) | M42: FATOR DE UTILIZAÇÃO (FU) | N42: TRANSPORTE | O42: IDA/ VOLTA (K) | P42: CUSTO HORÁRIO - CH (R$) | Q42: CUSTO DO TRANSPORTE - Cmob (R$) | R42: CUSTO TOTAL DE MOBILIZAÇÃO (R$)
A43: 1.23 | B43: E9509 | C43: =UPPER(INDEX('EQUIP SICRO ONE'!B:B,MATCH($B43,'EQUIP SICRO ONE'!A:A,0))) -> CAMINHÃO TANQUE DISTRIBUIDOR DE ASFALTO COM CAPACIDADE DE 6.000 L - 7 KW/136 KW | D43: Recife | E43: Canteiro | F43: 68.9 | G43: 0 | H43: 60 | I43: 40 | J43: =F43/H43 -> 1.1483333 | K43: =G43/I43 -> 0 | L43: =VLOOKUP(B43,'Rel-EQ'!$B$8:$K$76,9,FALSE) -> 1 | M43: =VLOOKUP(B43,'Rel-EQ'!$B$8:$K$76,7,FALSE) -> 1 | N43: =VLOOKUP(B43,'Rel-EQ'!$B$8:$K$76,6,FALSE) -> E9509 | O43: =VLOOKUP(B43,'Rel-EQ'!$B$8:$K$76,8,FALSE) -> 1 | P43: =UPPER(INDEX('EQUIP SICRO DES'!J:J,MATCH($N43,'EQUIP SICRO DES'!A:A,0))) -> 328,058 | Q43: =L43*M43*((((F43*O43)/H43)*P43)) -> 376.71994 | R43: =Q43 -> 376.71994 | T43: =VLOOKUP(B43,'Rel-EQ'!$B$8:$K$76,10,FALSE) -> AUTOPROPELIDO
A44: 1.23 | B44: E9687 | C44: =UPPER(INDEX('EQUIP SICRO ONE'!B:B,MATCH($B44,'EQUIP SICRO ONE'!A:A,0))) -> CAMINHÃO CARROCERIA COM CAPACIDADE DE 5 T - 120 KW | D44: Recife | E44: Canteiro | F44: 68.9 | G44: 0 | H44: 60 | I44: 40 | J44: =F44/H44 -> 1.1483333 | K44: =G44/I44 -> 0 | L44: =VLOOKUP(B44,'Rel-EQ'!$B$8:$K$76,9,FALSE) -> 1 | M44: =VLOOKUP(B44,'Rel-EQ'!$B$8:$K$76,7,FALSE) -> 1 | N44: =VLOOKUP(B44,'Rel-EQ'!$B$8:$K$76,6,FALSE) -> E9687 | O44: =VLOOKUP(B44,'Rel-EQ'!$B$8:$K$76,8,FALSE) -> 1 | P44: =UPPER(INDEX('EQUIP SICRO DES'!J:J,MATCH($N44,'EQUIP SICRO DES'!A:A,0))) -> 171,6186 | Q44: =L44*M44*((((F44*O44)/H44)*P44)) -> 197.07536 | R44: =Q44 -> 197.07536 | T44: =VLOOKUP(B44,'Rel-EQ'!$B$8:$K$76,10,FALSE) -> AUTOPROPELIDO
A45: 1.24 | B45: E9605 | C45: =UPPER(INDEX('EQUIP SICRO ONE'!B:B,MATCH($B45,'EQUIP SICRO ONE'!A:A,0))) -> CAMINHÃO TANQUE COM CAPACIDADE DE 6.000 L - 136 KW | D45: Recife | E45: Canteiro | F45: 68.9 | G45: 0 | H45: 60 | I45: 40 | J45: =F45/H45 -> 1.1483333 | K45: =G45/I45 -> 0 | L45: =VLOOKUP(B45,'Rel-EQ'!$B$8:$K$76,9,FALSE) -> 1 | M45: =VLOOKUP(B45,'Rel-EQ'!$B$8:$K$76,7,FALSE) -> 1 | N45: =VLOOKUP(B45,'Rel-EQ'!$B$8:$K$76,6,FALSE) -> E9605 | O45: =VLOOKUP(B45,'Rel-EQ'!$B$8:$K$76,8,FALSE) -> 1 | P45: =UPPER(INDEX('EQUIP SICRO DES'!J:J,MATCH($N45,'EQUIP SICRO DES'!A:A,0))) -> 273,4895 | Q45: =L45*M45*((((F45*O45)/H45)*P45)) -> 314.05711 | R45: =Q45 -> 314.05711 | T45: =VLOOKUP(B45,'Rel-EQ'!$B$8:$K$76,10,FALSE) -> AUTOPROPELIDO
A46: 1.21 | B46: E9690 | C46: =UPPER(INDEX('EQUIP SICRO ONE'!B:B,MATCH($B46,'EQUIP SICRO ONE'!A:A,0))) -> CAMINHÃO GUINDAUTO COM CESTO AÉREO SIMPLES E CAPACIDADE DE ELEVAÇÃO DE 5,7 T E CARROCERIA DE 8,5 T - 136 KW | D46: Recife | E46: Canteiro | F46: 68.9 | G46: 0 | H46: 60 | I46: 40 | J46: =F46/H46 -> 1.1483333 | K46: =G46/I46 -> 0 | L46: =VLOOKUP(B46,'Rel-EQ'!$B$8:$K$76,9,FALSE) -> 1 | M46: =VLOOKUP(B46,'Rel-EQ'!$B$8:$K$76,7,FALSE) -> 1 | N46: =VLOOKUP(B46,'Rel-EQ'!$B$8:$K$76,6,FALSE) -> E9690 | O46: =VLOOKUP(B46,'Rel-EQ'!$B$8:$K$76,8,FALSE) -> 1 | P46: =UPPER(INDEX('EQUIP SICRO DES'!J:J,MATCH($N46,'EQUIP SICRO DES'!A:A,0))) -> 292,6955 | Q46: =L46*M46*((((F46*O46)/H46)*P46)) -> 336.112 | R46: =Q46 -> 336.112 | T46: =VLOOKUP(B46,'Rel-EQ'!$B$8:$K$76,10,FALSE) -> AUTOPROPELIDO
A47: 1.16 | B47: E9082 | C47: =UPPER(INDEX('EQUIP SICRO ONE'!B:B,MATCH($B47,'EQUIP SICRO ONE'!A:A,0))) -> BATE-ESTACA HIDRÁULICO PARA DEFENSAS MONTADO EM CAMINHÃO GUINDAUTO COM CAPACIDADE DE 6,2 T E CARROCERIA DE 5 T - 152 KW | D47: Recife | E47: Canteiro | F47: 68.9 | G47: 0 | H47: 60 | I47: 40 | J47: =F47/H47 -> 1.1483333 | K47: =G47/I47 -> 0 | L47: =VLOOKUP(B47,'Rel-EQ'!$B$8:$K$76,9,FALSE) -> 1 | M47: =VLOOKUP(B47,'Rel-EQ'!$B$8:$K$76,7,FALSE) -> 1 | N47: =VLOOKUP(B47,'Rel-EQ'!$B$8:$K$76,6,FALSE) -> E9082 | O47: =VLOOKUP(B47,'Rel-EQ'!$B$8:$K$76,8,FALSE) -> 1 | P47: =UPPER(INDEX('EQUIP SICRO DES'!J:J,MATCH($N47,'EQUIP SICRO DES'!A:A,0))) -> 383,7038 | Q47: =L47*M47*((((F47*O47)/H47)*P47)) -> 440.61986 | R47: =Q47 -> 440.61986 | T47: =VLOOKUP(B47,'Rel-EQ'!$B$8:$K$76,10,FALSE) -> AUTOPROPELIDO
A48: 1.13 | B48: E9041 | C48: =UPPER(INDEX('EQUIP SICRO ONE'!B:B,MATCH($B48,'EQUIP SICRO ONE'!A:A,0))) -> CAMINHÃO GUINDAUTO COM CAPACIDADE DE ELEVAÇÃO DE 11,9 T E CARROCERIA DE 11,5 T - 188 KW | D48: Recife | E48: Canteiro | F48: 68.9 | G48: 0 | H48: 60 | I48: 40 | J48: =F48/H48 -> 1.1483333 | K48: =G48/I48 -> 0 | L48: =VLOOKUP(B48,'Rel-EQ'!$B$8:$K$76,9,FALSE) -> 1 | M48: =VLOOKUP(B48,'Rel-EQ'!$B$8:$K$76,7,FALSE) -> 1 | N48: =VLOOKUP(B48,'Rel-EQ'!$B$8:$K$76,6,FALSE) -> E9041 | O48: =VLOOKUP(B48,'Rel-EQ'!$B$8:$K$76,8,FALSE) -> 1 | P48: =UPPER(INDEX('EQUIP SICRO DES'!J:J,MATCH($N48,'EQUIP SICRO DES'!A:A,0))) -> 387,4771 | Q48: =L48*M48*((((F48*O48)/H48)*P48)) -> 444.95287 | R48: =Q48 -> 444.95287 | T48: =VLOOKUP(B48,'Rel-EQ'!$B$8:$K$76,10,FALSE) -> AUTOPROPELIDO
A49: 1.4 | B49: E9667 | C49: =UPPER(INDEX('EQUIP SICRO ONE'!B:B,MATCH($B49,'EQUIP SICRO ONE'!A:A,0))) -> CAMINHÃO BASCULANTE COM CAPACIDADE DE 14 M³ - 210 KW | D49: Recife | E49: Canteiro | F49: 68.9 | G49: 0 | H49: 60 | I49: 40 | J49: =F49/H49 -> 1.1483333 | K49: =G49/I49 -> 0 | L49: =VLOOKUP(B49,'Rel-EQ'!$B$8:$K$76,9,FALSE) -> 1 | M49: =VLOOKUP(B49,'Rel-EQ'!$B$8:$K$76,7,FALSE) -> 1 | N49: =VLOOKUP(B49,'Rel-EQ'!$B$8:$K$76,6,FALSE) -> E9667 | O49: =VLOOKUP(B49,'Rel-EQ'!$B$8:$K$76,8,FALSE) -> 1 | P49: =UPPER(INDEX('EQUIP SICRO DES'!J:J,MATCH($N49,'EQUIP SICRO DES'!A:A,0))) -> 314,9803 | Q49: =L49*M49*((((F49*O49)/H49)*P49)) -> 361.70238 | R49: =Q49 -> 361.70238 | T49: =VLOOKUP(B49,'Rel-EQ'!$B$8:$K$76,10,FALSE) -> AUTOPROPELIDO
A50: 1.5 | B50: E9672 | C50: =UPPER(INDEX('EQUIP SICRO ONE'!B:B,MATCH($B50,'EQUIP SICRO ONE'!A:A,0))) -> CAMINHÃO BASCULANTE PARA ROCHA COM CAPACIDADE DE 12 M³ - 210 KW | D50: Recife | E50: Canteiro | F50: 68.9 | G50: 0 | H50: 60 | I50: 40 | J50: =F50/H50 -> 1.1483333 | K50: =G50/I50 -> 0 | L50: =VLOOKUP(B50,'Rel-EQ'!$B$8:$K$76,9,FALSE) -> 2 | M50: =VLOOKUP(B50,'Rel-EQ'!$B$8:$K$76,7,FALSE) -> 1 | N50: =VLOOKUP(B50,'Rel-EQ'!$B$8:$K$76,6,FALSE) -> E9672 | O50: =VLOOKUP(B50,'Rel-EQ'!$B$8:$K$76,8,FALSE) -> 1 | P50: =UPPER(INDEX('EQUIP SICRO DES'!J:J,MATCH($N50,'EQUIP SICRO DES'!A:A,0))) -> 351,3456 | Q50: =L50*M50*((((F50*O50)/H50)*P50)) -> 806.92373 | R50: =Q50 -> 806.92373 | T50: =VLOOKUP(B50,'Rel-EQ'!$B$8:$K$76,10,FALSE) -> AUTOPROPELIDO
A51: 1.6 | B51: E9645 | C51: =UPPER(INDEX('EQUIP SICRO ONE'!B:B,MATCH($B51,'EQUIP SICRO ONE'!A:A,0))) -> CAMINHÃO DEMARCADOR DE FAIXAS COM SISTEMA DE PINTURA A QUENTE - 5 KW/30,10 KW/136 KW | D51: Recife | E51: Canteiro | F51: 68.9 | G51: 0 | H51: 60 | I51: 40 | J51: =F51/H51 -> 1.1483333 | K51: =G51/I51 -> 0 | L51: =VLOOKUP(B51,'Rel-EQ'!$B$8:$K$76,9,FALSE) -> 1 | M51: =VLOOKUP(B51,'Rel-EQ'!$B$8:$K$76,7,FALSE) -> 1 | N51: =VLOOKUP(B51,'Rel-EQ'!$B$8:$K$76,6,FALSE) -> E9645 | O51: =VLOOKUP(B51,'Rel-EQ'!$B$8:$K$76,8,FALSE) -> 1 | P51: =UPPER(INDEX('EQUIP SICRO DES'!J:J,MATCH($N51,'EQUIP SICRO DES'!A:A,0))) -> 668,8276 | Q51: =L51*M51*((((F51*O51)/H51)*P51)) -> 768.03703 | R51: =Q51 -> 768.03703 | T51: =VLOOKUP(B51,'Rel-EQ'!$B$8:$K$76,10,FALSE) -> AUTOPROPELIDO
A52: 1.7 | B52: E9686 | C52: =UPPER(INDEX('EQUIP SICRO ONE'!B:B,MATCH($B52,'EQUIP SICRO ONE'!A:A,0))) -> CAMINHÃO GUINDAUTO COM CAPACIDADE DE ELEVAÇÃO DE 6,2 T E CARROCERIA DE 7 T - 136 KW | D52: Recife | E52: Canteiro | F52: 68.9 | G52: 0 | H52: 60 | I52: 40 | J52: =F52/H52 -> 1.1483333 | K52: =G52/I52 -> 0 | L52: =VLOOKUP(B52,'Rel-EQ'!$B$8:$K$76,9,FALSE) -> 1 | M52: =VLOOKUP(B52,'Rel-EQ'!$B$8:$K$76,7,FALSE) -> 1 | N52: =VLOOKUP(B52,'Rel-EQ'!$B$8:$K$76,6,FALSE) -> E9686 | O52: =VLOOKUP(B52,'Rel-EQ'!$B$8:$K$76,8,FALSE) -> 1 | P52: =UPPER(INDEX('EQUIP SICRO DES'!J:J,MATCH($N52,'EQUIP SICRO DES'!A:A,0))) -> 313,9077 | Q52: =L52*M52*((((F52*O52)/H52)*P52)) -> 360.47068 | R52: =Q52 -> 360.47068 | T52: =VLOOKUP(B52,'Rel-EQ'!$B$8:$K$76,10,FALSE) -> AUTOPROPELIDO
A53: 1.10 | B53: E9579 | C53: =UPPER(INDEX('EQUIP SICRO ONE'!B:B,MATCH($B53,'EQUIP SICRO ONE'!A:A,0))) -> CAMINHÃO BASCULANTE COM CAPACIDADE DE 10 M³ - 210 KW | D53: Recife | E53: Canteiro | F53: 68.9 | G53: 0 | H53: 60 | I53: 40 | J53: =F53/H53 -> 1.1483333 | K53: =G53/I53 -> 0 | L53: =VLOOKUP(B53,'Rel-EQ'!$B$8:$K$76,9,FALSE) -> 4 | M53: =VLOOKUP(B53,'Rel-EQ'!$B$8:$K$76,7,FALSE) -> 1 | N53: =VLOOKUP(B53,'Rel-EQ'!$B$8:$K$76,6,FALSE) -> E9579 | O53: =VLOOKUP(B53,'Rel-EQ'!$B$8:$K$76,8,FALSE) -> 1 | P53: =UPPER(INDEX('EQUIP SICRO DES'!J:J,MATCH($N53,'EQUIP SICRO DES'!A:A,0))) -> 301,7099 | Q53: =L53*M53*((((F53*O53)/H53)*P53)) -> 1385.8541 | R53: =Q53 -> 1385.8541 | T53: =VLOOKUP(B53,'Rel-EQ'!$B$8:$K$76,10,FALSE) -> AUTOPROPELIDO
A54: 1.10 | B54: E9506 | C54: =UPPER(INDEX('EQUIP SICRO ONE'!B:B,MATCH($B54,'EQUIP SICRO ONE'!A:A,0))) -> CAMINHÃO BASCULANTE COM CAPACIDADE DE 6 M³ - 136 KW | D54: Recife | E54: Canteiro | F54: 68.9 | G54: 0 | H54: 60 | I54: 40 | J54: =F54/H54 -> 1.1483333 | K54: =G54/I54 -> 0 | L54: =VLOOKUP(B54,'Rel-EQ'!$B$8:$K$76,9,FALSE) -> 2 | M54: =VLOOKUP(B54,'Rel-EQ'!$B$8:$K$76,7,FALSE) -> 1 | N54: =VLOOKUP(B54,'Rel-EQ'!$B$8:$K$76,6,FALSE) -> E9506 | O54: =VLOOKUP(B54,'Rel-EQ'!$B$8:$K$76,8,FALSE) -> 1 | P54: =UPPER(INDEX('EQUIP SICRO DES'!J:J,MATCH($N54,'EQUIP SICRO DES'!A:A,0))) -> 197,1166 | Q54: =L54*M54*((((F54*O54)/H54)*P54)) -> 452.71112 | R54: =Q54 -> 452.71112 | T54: =VLOOKUP(B54,'Rel-EQ'!$B$8:$K$76,10,FALSE) -> AUTOPROPELIDO
A55: 1.10 | B55: E9571 | C55: =UPPER(INDEX('EQUIP SICRO ONE'!B:B,MATCH($B55,'EQUIP SICRO ONE'!A:A,0))) -> CAMINHÃO TANQUE COM CAPACIDADE DE 10.000 L - 188 KW | D55: Recife | E55: Canteiro | F55: 68.9 | G55: 0 | H55: 60 | I55: 40 | J55: =F55/H55 -> 1.1483333 | K55: =G55/I55 -> 0 | L55: =VLOOKUP(B55,'Rel-EQ'!$B$8:$K$76,9,FALSE) -> 3 | M55: =VLOOKUP(B55,'Rel-EQ'!$B$8:$K$76,7,FALSE) -> 1 | N55: =VLOOKUP(B55,'Rel-EQ'!$B$8:$K$76,6,FALSE) -> E9571 | O55: =VLOOKUP(B55,'Rel-EQ'!$B$8:$K$76,8,FALSE) -> 1 | P55: =UPPER(INDEX('EQUIP SICRO DES'!J:J,MATCH($N55,'EQUIP SICRO DES'!A:A,0))) -> 351,2179 | Q55: =L55*M55*((((F55*O55)/H55)*P55)) -> 1209.9457 | R55: =Q55 -> 1209.9457 | T55: =VLOOKUP(B55,'Rel-EQ'!$B$8:$K$76,10,FALSE) -> AUTOPROPELIDO
B57: CUSTO TOTAL DE MOBILIZAÇÃO DE VEÍCULOS DE TRANSPORTE | R57: =SUM(R43:R56) -> 7455.1819
A59: EQUIPAMENTOS DE PEQUENO PORTE (EMBARCADOS EM CAMINHÕES)
A60: ITEM | B60: CÓDIGO | C60: DISCRIÇÃO | D60: ORIGEM | E60: DESTINO | F60: DISTANCIA DE MOBILIZAÇÃO (km) | G60: DISTANCIA DE MOBILIZAÇÃO (km)/LN | H60: QUANTIDADE (número) | I60: VELOCIDADE MÉDIA (km/h)/LN | J60: IDA/ VOLTA (K) | K60: TEMPO DE VIAGEM (h)/LN | L60: PESO UNITÁRIO | M60: PESO
A61: 1.24 | B61: E9764 | C61: =UPPER(INDEX('EQUIP SICRO ONE'!B:B,MATCH($B61,'EQUIP SICRO ONE'!A:A,0))) -> GRUPO GERADOR - 7,2 KVA | D61: Recife | E61: Canteiro | F61: 68.9 | G61: 0 | H61: =VLOOKUP(B61,'Rel-EQ'!$B$8:$K$76,9,FALSE) -> 1 | I61: 40 | J61: =VLOOKUP(B61,'Rel-EQ'!$B$8:$K$76,8,FALSE) -> 1 | K61: =G61/I61 -> 0 | L61: =VLOOKUP(B61,'Rel-EQ'!$B$8:$K$76,5,FALSE) -> 97 | M61: =H61*L61 -> 97 | T61: =VLOOKUP(B61,'Rel-EQ'!$B$8:$K$76,12,FALSE) -> #REF!
A62: 1.25 | B62: E9623 | C62: =UPPER(INDEX('EQUIP SICRO ONE'!B:B,MATCH($B62,'EQUIP SICRO ONE'!A:A,0))) -> MÁQUINA DE BANCADA GUILHOTINA - 4,00 KW | D62: Recife | E62: Canteiro | F62: 68.9 | G62: 0 | H62: =VLOOKUP(B62,'Rel-EQ'!$B$8:$K$76,9,FALSE) -> 1 | I62: 40 | J62: =VLOOKUP(B62,'Rel-EQ'!$B$8:$K$76,8,FALSE) -> 1 | K62: =G62/I62 -> 0 | L62: =VLOOKUP(B62,'Rel-EQ'!$B$8:$K$76,5,FALSE) -> 1270 | M62: =H62*L62 -> 1270 | T62: =VLOOKUP(B62,'Rel-EQ'!$B$8:$K$76,12,FALSE) -> #REF!
A63: 1.26 | B63: E9521 | C63: =UPPER(INDEX('EQUIP SICRO ONE'!B:B,MATCH($B63,'EQUIP SICRO ONE'!A:A,0))) -> GRUPO GERADOR - 3,2 KVA | D63: Recife | E63: Canteiro | F63: 68.9 | G63: 0 | H63: =VLOOKUP(B63,'Rel-EQ'!$B$8:$K$76,9,FALSE) -> 1 | I63: 40 | J63: =VLOOKUP(B63,'Rel-EQ'!$B$8:$K$76,8,FALSE) -> 1 | K63: =G63/I63 -> 0 | L63: =VLOOKUP(B63,'Rel-EQ'!$B$8:$K$76,5,FALSE) -> 52.5 | M63: =H63*L63 -> 52.5 | T63: =VLOOKUP(B63,'Rel-EQ'!$B$8:$K$76,12,FALSE) -> #REF!
A64: 1.19 | B64: E9507 | C64: =UPPER(INDEX('EQUIP SICRO ONE'!B:B,MATCH($B64,'EQUIP SICRO ONE'!A:A,0))) -> PLOTADORA DE RECORTE COM COMPUTADOR E PROGRAMA COMPUTACIONAL | D64: Recife | E64: Canteiro | F64: 68.9 | G64: 0 | H64: =VLOOKUP(B64,'Rel-EQ'!$B$8:$K$76,9,FALSE) -> 1 | I64: 40 | J64: =VLOOKUP(B64,'Rel-EQ'!$B$8:$K$76,8,FALSE) -> 1 | K64: =G64/I64 -> 0 | L64: =VLOOKUP(B64,'Rel-EQ'!$B$8:$K$76,5,FALSE) -> 64 | M64: =H64*L64 -> 64 | T64: =VLOOKUP(B64,'Rel-EQ'!$B$8:$K$76,12,FALSE) -> #REF!
A65: 1.20 | B65: E9556 | C65: =UPPER(INDEX('EQUIP SICRO ONE'!B:B,MATCH($B65,'EQUIP SICRO ONE'!A:A,0))) -> COMPACTADOR MANUAL DE PLACA VIBRATÓRIA - 3,00 KW | D65: Recife | E65: Canteiro | F65: 68.9 | G65: 0 | H65: =VLOOKUP(B65,'Rel-EQ'!$B$8:$K$76,9,FALSE) -> 1 | I65: 40 | J65: =VLOOKUP(B65,'Rel-EQ'!$B$8:$K$76,8,FALSE) -> 1 | K65: =G65/I65 -> 0 | L65: =VLOOKUP(B65,'Rel-EQ'!$B$8:$K$76,5,FALSE) -> 82 | M65: =H65*L65 -> 82 | T65: =VLOOKUP(B65,'Rel-EQ'!$B$8:$K$76,12,FALSE) -> #REF!
A66: 1.21 | B66: E9675 | C66: =UPPER(INDEX('EQUIP SICRO ONE'!B:B,MATCH($B66,'EQUIP SICRO ONE'!A:A,0))) -> MARTELETE PERFURADOR/ROMPEDOR ELÉTRICO - 1,50 KW | D66: Recife | E66: Canteiro | F66: 68.9 | G66: 0 | H66: =VLOOKUP(B66,'Rel-EQ'!$B$8:$K$76,9,FALSE) -> 1 | I66: 40 | J66: =VLOOKUP(B66,'Rel-EQ'!$B$8:$K$76,8,FALSE) -> 1 | K66: =G66/I66 -> 0 | L66: =VLOOKUP(B66,'Rel-EQ'!$B$8:$K$76,5,FALSE) -> 8.9 | M66: =H66*L66 -> 8.9 | T66: =VLOOKUP(B66,'Rel-EQ'!$B$8:$K$76,12,FALSE) -> #REF!
A67: 1.22 | B67: E9683 | C67: =UPPER(INDEX('EQUIP SICRO ONE'!B:B,MATCH($B67,'EQUIP SICRO ONE'!A:A,0))) -> MARTELETE PERFURADOR/ROMPEDOR ELÉTRICO - 0,90 KW | D67: Recife | E67: Canteiro | F67: 68.9 | G67: 0 | H67: =VLOOKUP(B67,'Rel-EQ'!$B$8:$K$76,9,FALSE) -> 1 | I67: 40 | J67: =VLOOKUP(B67,'Rel-EQ'!$B$8:$K$76,8,FALSE) -> 1 | K67: =G67/I67 -> 0 | L67: =VLOOKUP(B67,'Rel-EQ'!$B$8:$K$76,5,FALSE) -> 4.7 | M67: =H67*L67 -> 4.7 | T67: =VLOOKUP(B67,'Rel-EQ'!$B$8:$K$76,12,FALSE) -> #REF!
A68: 1.23 | B68: E9568 | C68: =UPPER(INDEX('EQUIP SICRO ONE'!B:B,MATCH($B68,'EQUIP SICRO ONE'!A:A,0))) -> FURADEIRA DE IMPACTO DE 12,5 MM - 0,80 KW | D68: Recife | E68: Canteiro | F68: 68.9 | G68: 0 | H68: =VLOOKUP(B68,'Rel-EQ'!$B$8:$K$76,9,FALSE) -> 5 | I68: 40 | J68: =VLOOKUP(B68,'Rel-EQ'!$B$8:$K$76,8,FALSE) -> 1 | K68: =G68/I68 -> 0 | L68: =VLOOKUP(B68,'Rel-EQ'!$B$8:$K$76,5,FALSE) -> 2.5 | M68: =H68*L68 -> 12.5 | T68: =VLOOKUP(B68,'Rel-EQ'!$B$8:$K$76,12,FALSE) -> #REF!
A69: 1.24 | B69: E9107 | C69: =UPPER(INDEX('EQUIP SICRO ONE'!B:B,MATCH($B69,'EQUIP SICRO ONE'!A:A,0))) -> COMPACTADOR MANUAL COM SOQUETE VIBRATÓRIO - 2,24 KW | D69: Recife | E69: Canteiro | F69: 68.9 | G69: 0 | H69: =VLOOKUP(B69,'Rel-EQ'!$B$8:$K$76,9,FALSE) -> 1 | I69: 40 | J69: =VLOOKUP(B69,'Rel-EQ'!$B$8:$K$76,8,FALSE) -> 1 | K69: =G69/I69 -> 0 | L69: =VLOOKUP(B69,'Rel-EQ'!$B$8:$K$76,5,FALSE) -> 78 | M69: =H69*L69 -> 78 | T69: =VLOOKUP(B69,'Rel-EQ'!$B$8:$K$76,12,FALSE) -> #REF!
A70: 1.25 | B70: E9547 | C70: =UPPER(INDEX('EQUIP SICRO ONE'!B:B,MATCH($B70,'EQUIP SICRO ONE'!A:A,0))) -> MÁQUINA DE SOLDA ELÉTRICA TRANSFORMADORA 250 A - 9,20 KW | D70: Recife | E70: Canteiro | F70: 68.9 | G70: 0 | H70: =VLOOKUP(B70,'Rel-EQ'!$B$8:$K$76,9,FALSE) -> 1 | I70: 40 | J70: =VLOOKUP(B70,'Rel-EQ'!$B$8:$K$76,8,FALSE) -> 1 | K70: =G70/I70 -> 0 | L70: =VLOOKUP(B70,'Rel-EQ'!$B$8:$K$76,5,FALSE) -> 24.5 | M70: =H70*L70 -> 24.5 | T70: =VLOOKUP(B70,'Rel-EQ'!$B$8:$K$76,12,FALSE) -> #REF!
A71: 1.26 | B71: E9662 | C71: =UPPER(INDEX('EQUIP SICRO ONE'!B:B,MATCH($B71,'EQUIP SICRO ONE'!A:A,0))) -> EQUIPAMENTO PARA SOLDA E CORTE COM OXIACETILENO | D71: Recife | E71: Canteiro | F71: 68.9 | G71: 0 | H71: =VLOOKUP(B71,'Rel-EQ'!$B$8:$K$76,9,FALSE) -> 1 | I71: 40 | J71: =VLOOKUP(B71,'Rel-EQ'!$B$8:$K$76,8,FALSE) -> 1 | K71: =G71/I71 -> 0 | L71: =VLOOKUP(B71,'Rel-EQ'!$B$8:$K$76,5,FALSE) -> 1.2 | M71: =H71*L71 -> 1.2 | T71: =VLOOKUP(B71,'Rel-EQ'!$B$8:$K$76,12,FALSE) -> #REF!
A72: 1.24 | B72: E9643 | C72: =UPPER(INDEX('EQUIP SICRO ONE'!B:B,MATCH($B72,'EQUIP SICRO ONE'!A:A,0))) -> EQUIPAMENTO PARA PINTURA A AR COMPRIMIDO DE PISTOLA COM CANECA COM CAPACIDADE DE 1.000 ML E COMPRESSOR DE 1,50 KW | D72: Recife | E72: Canteiro | F72: 68.9 | G72: 0 | H72: =VLOOKUP(B72,'Rel-EQ'!$B$8:$K$76,9,FALSE) -> 1 | I72: 40 | J72: =VLOOKUP(B72,'Rel-EQ'!$B$8:$K$76,8,FALSE) -> 1 | K72: =G72/I72 -> 0 | L72: =VLOOKUP(B72,'Rel-EQ'!$B$8:$K$76,5,FALSE) -> 76 | M72: =H72*L72 -> 76 | T72: =VLOOKUP(B72,'Rel-EQ'!$B$8:$K$76,12,FALSE) -> #REF!
... A92: 1.20 | B92: E9519 | C92: =UPPER(INDEX('EQUIP SICRO ONE'!B:B,MATCH($B92,'EQUIP SICRO ONE'!A:A,0))) -> BETONEIRA COM MOTOR A GASOLINA COM CAPACIDADE DE 600 L - 10 KW | D92: Recife | E92: Canteiro | F92: 68.9 | G92: 0 | H92: =VLOOKUP(B92,'Rel-EQ'!$B$8:$K$76,9,FALSE) -> 2 | I92: 40 | J92: =VLOOKUP(B92,'Rel-EQ'!$B$8:$K$76,8,FALSE) -> 1 | K92: =G92/I92 -> 0 | L92: =VLOOKUP(B92,'Rel-EQ'!$B$8:$K$76,5,FALSE) -> 1050 | M92: =H92*L92 -> 2100 | T92: =VLOOKUP(B92,'Rel-EQ'!$B$8:$K$76,12,FALSE) -> #REF!
B94: PESO TOTAL | M94: =SUM(M61:M93) -> 25186.88 | N94: CÓDIGO | O94: CUSTO DO TRANSPORTE - Cmob (R$) | Q94: CUSTO TOTAL DE MOBILIZAÇÃO (R$)
B95: CARGA, MANOBRA E DESCARGA DE MATERIAIS DIVERSOS EM CAMINHÃO CARROCERIA DE 15 T - CARGA E DESCARGA COM CAMINHÃO GUINDAUTO DE 20 T.M | M95: =ROUND(M94/1000,4) -> 25.1869 | N95: 5914333 | O95: 33.65 | Q95: =M95*O95 -> 847.53918
C99: Engenheiro supervisor, chefe e engenheiro auxiliar | H99: 1
C100: Encarregados/Laboratoristas/Topógrafos | H100: =1+1+5+2+4 -> 13
C101: Operador de equipamento pesado/especial | H101: 10
C102: Profissionais com deslocamento rodoviário (Administração Local e 50% da mão de obra ordinária) | H102: =19+7+2+6 -> 34

Sheet EQUIP SICRO ONE
A1: Código | B1: Descrição | C1: Valor de Aquisição (R$) | D1: Depreciação (R$/h) | E1: Oportunidade de Capital (R$/h) | F1: Seguros e Impostos (R$/h) | G1: Manutenção (R$/h) | H1: Operação (R$/h) | I1: Mão de Obra de Operação (R$/h) | J1: Custo Produtivo (R$/h) | K1: Custo Improdutivo (R$/h)
A2: E9001 | B2: Conjunto vibratório para tubos de concreto com encaixe PB e 3 jogos de fôrmas - D = 0,60 m - 2,20 kW | C2: 72292.264 | D2: 9.639 | E2: 1.4868 | F2: 0 | G2: 7.2292 | H2: 0 | I2: 0 | J2: 18.355 | K2: 11.1258
A3: E9002 | B3: Conjunto vibratório para tubos de concreto com encaixe PB e 3 jogos de fôrmas - D = 0,80 m - 2,20 kW | C3: 94743.466 | D3: 12.6325 | E3: 1.9486 | F3: 0 | G3: 9.4743 | H3: 0 | I3: 0 | J3: 24.0554 | K3: 14.5811
A4: E9003 | B4: Conjunto vibratório para tubos de concreto com encaixe PB e 3 jogos de fôrmas - D = 1,00 m - 2,20 kW | C4: 99070.109 | D4: 13.2093 | E4: 2.0375 | F4: 0 | G4: 9.907 | H4: 0 | I4: 0 | J4: 25.1538 | K4: 15.2468
A5: E9004 | B5: Conjunto vibratório para tubos de concreto com encaixe PB e 3 jogos de fôrmas - D = 1,20 m - 2,20 kW | C5: 124856.24 | D5: 16.6475 | E5: 2.5679 | F5: 0 | G5: 12.4856 | H5: 0 | I5: 0 | J5: 31.701 | K5: 19.2154
A6: E9005 | B6: Conjunto vibratório para tubos de concreto com encaixe PB e 3 jogos de fôrmas - D = 1,50 m - 2,20 kW | C6: 147784.96 | D6: 19.7047 | E6: 3.0394 | F6: 0 | G6: 14.7785 | H6: 0 | I6: 0 | J6: 37.5226 | K6: 22.7441
A7: E9006 | B7: Equipamento para sondagem manual | C7: 5045.5145 | D7: 0.8577 | E7: 0.109 | F7: 0 | G7: 0.5046 | H7: 0 | I7: 0 | J7: 1.4713 | K7: 0.9667
A8: E9007 | B8: Bomba de pistão triplex com capacidade de 7,80 m³/h (130 l/min) - 8,20 kW | C8: 166728.03 | D8: 16.6728 | E8: 3.2147 | F8: 0 | G8: 14.5887 | H8: 8.1259 | I8: 0 | J8: 42.6021 | K8: 19.8875
A9: E9008 | B9: Transportador manual de tubos de concreto com capacidade de 1 t | C9: 1706.1317 | D9: 1.5355 | E9: 0.079 | F9: 0 | G9: 0.8531 | H9: 0 | I9: 0 | J9: 2.4676 | K9: 1.6145
A10: E9009 | B10: Embarcação rebocadora - 268 kW | C10: 665719.43 | D10: 7.6204 | E10: 3.8267 | F10: 0 | G10: 16.9343 | H10: 265.5784 | I10: 137.197 | J10: 431.1568 | K10: 148.6441
A11: E9010 | B11: Balança plataforma digital à bateria, com mesa de 75 x 75 cm e capacidade de 500 kg | C11: 4920.5612 | D11: 0.7381 | E11: 0.1012 | F11: 0 | G11: 0.41 | H11: 0 | I11: 0 | J11: 1.2493 | K11: 0.8393
A12: E9011 | B12: Carro manual modelo plataforma de 200 x 80 cm com capacidade de 800 kg | C12: 1869.1022 | D12: 0.3364 | E12: 0.0404 | F12: 0 | G12: 0.1869 | H12: 0 | I12: 0 | J12: 0.5637 | K12: 0.3768
A13: E9014 | B13: Deflectômetro de impacto (FWD) instalado em picape com reboque e faixa de carga de 7 a 120 kN - 147 kW | C13: 2296757.4 | D13: 183.7406 | E13: 42.513 | F13: 0 | G13: 114.8379 | H13: 0 | I13: 34.7309 | J13: 375.8224 | K13: 260.9845
... A383: E9798 | B383: Perfuratriz hidráulica rotopercussiva - 123 kW | C383: 2520296.1 | D383: 201.6237 | E383: 46.6507 | F383: 0 | G383: 201.6237 | H383: 96.2278 | I383: 33.7363 | J383: 579.8622 | K383: 282.0107
A384: E9013 | B384: Caminhão tanque de asfalto com capacidade de 31.000 l - 368 kW | J384: 676.4806 | K384: 173.9975
A385: A9335 | B385: Cavalo mecânico estradeiro 8 x 2, PBT 29.000 kg - 368 kW - condição de trabalho severa - motorista de veículo especial | C385: 1107773.8 | D385: 66.4664 | E385: 20.5049 | F385: 8.3083 | G385: 99.6996 | H385: 364.6748 | I385: 34.7309 | J385: 594.3849 | K385: 130.0105
A386: A9364 | B386: Tanque isotérmico de asfalto com capacidade de 31.000 l | C386: 285814.88 | D386: 38.1087 | E386: 5.8783 | F386: 0 | G386: 38.1087 | H386: 0 | I386: 0 | J386: 82.0957 | K386: 43.987
A387: E9018 | B387: Cavalo mecânico com dolly intermediário e semirreboque de 4 eixos com capacidade de 52 t - 364 kW | J387: 552.5587 | K387: 163.3628
A388: A9324 | B388: Cavalo mecânico estradeiro 6 x 4, PBT 23.000 kg - 364 kW - motorista de veículo especial | C388: 947363.95 | D388: 47.3682 | E388: 17.0486 | F388: 6.9079 | G388: 71.0523 | H388: 265.787 | I388: 34.7309 | J388: 442.8949 | K388: 106.0556
A389: A9355 | B389: Semirreboque com 4 eixos | C389: 491470 | D389: 39.3176 | E389: 9.0971 | F389: 0 | G389: 44.2323 | H389: 0 | I389: 0 | J389: 92.647 | K389: 48.4147
A390: A9382 | B390: Dolly intermediário com 2 eixos para semirreboque | C390: 90270 | D390: 7.2216 | E390: 1.6709 | F390: 0 | G390: 8.1243 | H390: 0 | I390: 0 | J390: 17.0168 | K390: 8.8925
A391: E9027 | B391: Caminhão distribuidor de cimento e cal com capacidade de 15 m³ - 210 kW | J391: 423.5752 | K391: 154.427
A392: A9333 | B392: Caminhão plataforma 8 x 4, PBT 29.000 kg e distância entre eixos 4,6 m - 210 kW - motorista de veículo especial | C392: 730931.77 | D392: 36.5466 | E392: 13.1537 | F392: 5.3297 | G392: 54.8199 | H392: 153.3386 | I392: 34.7309 | J392: 297.9194 | K392: 89.7609
A393: A9365 | B393: Distribuidor de cimento e cal montado sobre chassi com capacidade de 15 m³ | C393: 542130.53 | D393: 54.2131 | E393: 10.453 | F393: 0 | G393: 60.9897 | H393: 0 | I393: 0 | J393: 125.6558 | K393: 64.6661
A394: E9037 | B394: Plataforma de inspeção sob pontes montada em caminhão com capacidade de 500 kg e alcance de 15 m - 236 kW | J394: 1225.4804 | K394: 523.7385
A395: A9334 | B395: Caminhão plataforma 8 x 2, PBT 29.000 kg e distância entre eixos 4,8 m - 236 kW - condição de trabalho severa - motorista de veículo especial | C395: 750843.72 | D395: 45.0506 | E395: 13.8981 | F395: 5.6313 | G395: 67.5759 | H395: 233.8675 | I395: 34.7309 | J395: 400.7543 | K395: 99.3109
A396: A9378 | B396: Plataforma telescópica para inspeção de pontes montada sobre chassi com capacidade de 500 kg | C396: 3558208.9 | D396: 355.8209 | E396: 68.6067 | F396: 0 | G396: 400.2985 | H396: 0 | I396: 0 | J396: 824.7261 | K396: 424.4276
A397: E9041 | B397: Caminhão guindauto com capacidade de elevação de 11,9 t e carroceria de 11,5 t - 188 kW | J397: 390.3663 | K397: 122.6096
A398: A9313 | B398: Caminhão plataforma 6 x 2, PBT 23.000 kg e distância entre eixos 5,2 m - 188 kW - motorista de veículo especial | C398: 654917.16 | D398: 32.7459 | E398: 11.7858 | F398: 4.7754 | G398: 49.1188 | H398: 186.3012 | I398: 34.7309 | J398: 319.458 | K398: 84.038
A399: A9351 | B399: Carroceria de madeira com capacidade de 11,5 t | C399: 38114 | D399: 3.8114 | E399: 0.7349 | F399: 0 | G399: 3.8114 | H399: 0 | I399: 0 | J399: 8.3577 | K399: 4.5463
A400: A9373 | B400: Guindaste articulado montado sobre chassi com capacidade máxima de elevação de 11,9 t | C400: 285253.2 | D400: 28.5253 | E400: 5.5 | F400: 0 | G400: 28.5253 | H400: 0 | I400: 0 | J400: 62.5506 | K400: 34.0253
A401: E9082 | B401: Bate-estaca hidráulico para defensas montado em caminhão guindauto com capacidade de 6,2 t e carroceria de 5 t - 152 kW | J401: 388.7049 | K401: 155.5414
A402: A9305 | B402: Caminhão plataforma 4 x 2, PBT 15.000 kg e distância entre eixos 4,8 m - 152 kW - motorista de veículo especial | C402: 430888.42 | D402: 21.5444 | E402: 7.7542 | F402: 3.1419 | G402: 32.3166 | H402: 150.6265 | I402: 34.7309 | J402: 250.1145 | K402: 67.1714
A403: A9348 | B403: Carroceria de madeira com capacidade de 5 t | C403: 29588.5 | D403: 2.9589 | E403: 0.5705 | F403: 0 | G403: 2.9589 | H403: 0 | I403: 0 | J403: 6.4883 | K403: 3.5294
A404: A9372 | B404: Guindaste articulado montado sobre chassi com capacidade máxima de elevação de 6,2 t | C404: 267000 | D404: 26.7 | E404: 5.1481 | F404: 0 | G404: 26.7 | H404: 0 | I404: 0 | J404: 58.5481 | K404: 31.8481
A405: A9379 | B405: Bate-estaca hidráulico para defensas metálicas montada sobre chassi | C405: 205615 | D405: 21.8466 | E405: 3.9645 | F405: 0 | G405: 20.5615 | H405: 0 | I405: 27.1814 | J405: 73.554 | K405: 52.9925
A406: E9097 | B406: Caminhão de resgate de veículos leves com plataforma com capacidade de 5 t - 129 kW | J406: 257.0622 | K406: 81.4275
A407: A9326 | B407: Caminhão plataforma 4 x 2, PBT 10.800 kg e distância entre eixos 4,6 m - 129 kW - motorista de veículo especial | C407: 449871.42 | D407: 26.9923 | E407: 8.3271 | F407: 3.374 | G407: 40.4884 | H407: 127.8344 | I407: 34.7309 | J407: 241.7471 | K407: 73.4243
A408: A9374 | B408: Plataforma hidráulica para resgate de veículos montada sobre chassi com capacidade de 5 t | C408: 81243 | D408: 6.4994 | E408: 1.5038 | F408: 0 | G408: 7.3119 | H408: 0 | I408: 0 | J408: 15.3151 | K408: 8.0032
A409: E9098 | B409: Caminhão de resgate de veículos de porte médio com capacidade do guincho de 20 t - 236 kW | J409: 394.7601 | K409: 99.1497
A410: A9306 | B410: Caminhão plataforma 4 x 2, PBT 16.000 kg e distância entre eixos 3,6 m - 236 kW - motorista de veículo especial | C410: 655213.37 | D410: 32.7607 | E410: 11.7911 | F410: 4.7776 | G410: 49.141 | H410: 233.8675 | I410: 34.7309 | J410: 367.0688 | K410: 84.0603
A411: A9375 | B411: Guincho rebocador para resgate de veículos montada sobre chassi com capacidade de 20 t | C411: 224033.58 | D411: 11.2017 | E411: 3.8877 | F411: 0 | G411: 12.6019 | H411: 0 | I411: 0 | J411: 27.6913 | K411: 15.0894
A412: E9099 | B412: Caminhão de resgate de veículos pesados com dois guinchos com capacidade de 35 t - 265 kW | J412: 555.5979 | K412: 166.0114
A413: A9320 | B413: Caminhão plataforma 6 x 4, PBT 23.000 kg e distância entre eixos 4,8 m - 265 kW - motorista de veículo especial | C413: 792403.43 | D413: 39.6202 | E413: 14.26 | F413: 5.7779 | G413: 59.4303 | H413: 262.6055 | I413: 34.7309 | J413: 416.4248 | K413: 94.389
A414: A9376 | B414: Guincho rebocador para resgate de veículos montada sobre chassi com capacidade de 35 t | C414: 600450.35 | D414: 60.045 | E414: 11.5774 | F414: 0 | G414: 67.5507 | H414: 0 | I414: 0 | J414: 139.1731 | K414: 71.6224
A415: E9100 | B415: Cavalo mecânico sem reboque - 272 kW | J415: 325.9867 | K415: 81.1424
A416: A9310 | B416: Cavalo mecânico 4 x 2, PBT 16.000 kg - 272 kW - motorista de veículo especial | C416: 616456.82 | D416: 30.8228 | E416: 11.0937 | F416: 4.495 | G416: 46.2343 | H416: 198.61 | I416: 34.7309 | J416: 325.9867 | K416: 81.1424
A417: E9114 | B417: Painel com seta luminosa para montagem em caminhão | J417: 6.5315 | K417: 4.4303
A418: A9380 | B418: Painel com seta luminosa montado sobre chassi | C418: 33618.446 | D418: 3.7821 | E418: 0.6482 | F418: 0 | G418: 2.1012 | H418: 0 | I418: 0 | J418: 6.5315 | K418: 4.4303
A419: E9115 | B419: Amortecedor retrátil (AMC) para montagem em caminhão | J419: 103.9125 | K419: 56.0572
A420: A9381 | B420: Amortecedor retrátil montado em caminhão | C420: 425380.17 | D420: 47.8553 | E420: 8.2019 | F420: 0 | G420: 47.8553 | H420: 0 | I420: 0 | J420: 103.9125 | K420: 56.0572
A421: E9145 | B421: Caminhão basculante para concreto com capacidade de 10 m³ - 210 kW | J421: 314.5648 | K421: 97.7934
A422: A9316 | B422: Caminhão plataforma 8 x 4, PBT 29.000 kg e distância entre eixos 4,6 m - 210 kW - motorista de caminhão | C422: 730931.77 | D422: 36.5466 | E422: 13.1537 | F422: 5.3297 | G422: 54.8199 | H422: 153.3386 | I422: 33.6313 | J422: 296.8198 | K422: 88.6613
A423: A9340 | B423: Caçamba basculante para concreto com capacidade de 10 m³ | C423: 76559.157 | D423: 7.6559 | E423: 1.4762 | F423: 0 | G423: 8.6129 | H423: 0 | I423: 0 | J423: 17.745 | K423: 9.1321
A424: E9146 | B424: Caminhão silo com capacidade de 30 m³ - 368 kW | J424: 655.638 | K424: 163.33
A425: A9335 | B425: Cavalo mecânico estradeiro 8 x 2, PBT 29.000 kg - 368 kW - condição de trabalho severa - motorista de veículo especial | C425: 1107773.8 | D425: 66.4664 | E425: 20.5049 | F425: 8.3083 | G425: 99.6996 | H425: 364.6748 | I425: 34.7309 | J425: 594.3849 | K425: 130.0105
A426: A9357 | B426: Semirreboque silo para cimento com capacidade de 30 m³ | C426: 279335.5 | D426: 27.9336 | E426: 5.3859 | F426: 0 | G426: 27.9336 | H426: 0 | I426: 0 | J426: 61.2531 | K426: 33.3195
A427: E9169 | B427: Cavalo mecânico com dolly pneumático de 4 eixos e mesas de giro com capacidade de 56 t - 364 kW | J427: 632.3794 | K427: 205.0748
A428: A9324 | B428: Cavalo mecânico estradeiro 6 x 4, PBT 23.000 kg - 364 kW - motorista de veículo especial | C428: 947363.95 | D428: 47.3682 | E428: 17.0486 | F428: 6.9079 | G428: 71.0523 | H428: 265.787 | I428: 34.7309 | J428: 442.8949 | K428: 106.0556
A429: A9385 | B429: Conjunto de duas mesas de giro para quinta roda ou reboque com capacidade de 100 t cada | C429: 511422.89 | D429: 40.9138 | E429: 9.4664 | F429: 0 | G429: 46.0281 | H429: 0 | I429: 0 | J429: 96.4083 | K429: 50.3802
A430: A9389 | B430: Dolly pneumático com capacidade de 48 t e 4 eixos | C430: 493746.87 | D430: 39.4997 | E430: 9.1393 | F430: 0 | G430: 44.4372 | H430: 0 | I430: 0 | J430: 93.0762 | K430: 48.639
A431: E9170 | B431: Cavalo mecânico com dois dollys pneumáticos de 3 e 4 eixos e mesas de giro com capacidade de 77 t - 364 kW | J431: 715.4422 | K431: 248.2301
A432: A9385 | B432: Conjunto de duas mesas de giro para quinta roda ou reboque com capacidade de 100 t cada | C432: 511422.89 | D432: 40.9138 | E432: 9.4664 | F432: 0 | G432: 46.0281 | H432: 0 | I432: 0 | J432: 96.4083 | K432: 50.3802
A433: A9386 | B433: Cavalo mecânico estradeiro 6 x 4, CMT 150.000 kg - 364 kW - motorista de veículo especial | C433: 1024618.4 | D433: 51.2309 | E433: 18.4389 | F433: 7.4712 | G433: 76.8464 | H433: 265.787 | I433: 34.7309 | J433: 454.5053 | K433: 111.8719
A434: A9387 | B434: Dolly pneumático com capacidade de 28,5 t e 3 eixos | C434: 379037.79 | D434: 30.323 | E434: 7.016 | F434: 0 | G434: 34.1134 | H434: 0 | I434: 0 | J434: 71.4524 | K434: 37.339
A435: A9389 | B435: Dolly pneumático com capacidade de 48 t e 4 eixos | C435: 493746.87 | D435: 39.4997 | E435: 9.1393 | F435: 0 | G435: 44.4372 | H435: 0 | I435: 0 | J435: 93.0762 | K435: 48.639
A436: E9171 | B436: Cavalo mecânico com dois dollys pneumáticos de 4 e 5 eixos e mesas de giro com capacidade de 111 t - 440 kW | J436: 1434.0061 | K436: 581.3341
A437: A9325 | B437: Cavalo mecânico 8 x 8, PBT 26.000 kg - 440 kW - motorista de veículo especial | C437: 5148862.6 | D437: 257.4431 | E437: 92.6581 | F437: 37.5438 | G437: 386.1647 | H437: 321.281 | I437: 34.7309 | J437: 1129.8216 | K437: 422.3759
A438: A9385 | B438: Conjunto de duas mesas de giro para quinta roda ou reboque com capacidade de 100 t cada | C438: 511422.89 | D438: 40.9138 | E438: 9.4664 | F438: 0 | G438: 46.0281 | H438: 0 | I438: 0 | J438: 96.4083 | K438: 50.3802
A439: A9388 | B439: Dolly pneumático com capacidade de 60 t e 5 eixos | C439: 608455.95 | D439: 48.6765 | E439: 11.2625 | F439: 0 | G439: 54.761 | H439: 0 | I439: 0 | J439: 114.7 | K439: 59.939
